Workbook
Name ACC_Units_Currently: 'Proposed Development Info'!$F$108
Name ACC_Units_Future: 'Proposed Development Info'!$G$108
Name Accessibility_Pref: 'Construction Features'!$H$8
Name Acquisition_eligible: 'Pro Forma'!$H$106
Name Acquisition_ineligible: 'Pro Forma'!$K$106
Name Acquisition_total: 'Pro Forma'!$N$106
Name Actual_Comm_Retail_eligible: 'Pro Forma'!$H$46
Name Actual_Comm_Retail_ineligible: 'Pro Forma'!$K$46
Name Actual_Comm_Retail_total: 'Pro Forma'!$N$46
Name Actual_Constructioncost_eligible: 'Pro Forma'!$H$56
Name Actual_Constructioncost_ineligible: 'Pro Forma'!$K$56
Name Actual_Constructioncost_total: 'Pro Forma'!$N$56
Name Actual_Demolition_eligible: 'Pro Forma'!$H$44
Name Actual_Demolition_ineligible: 'Pro Forma'!$K$44
Name Actual_Demolition_total: 'Pro Forma'!$N$44
Name Actual_GCfee_eligible: 'Pro Forma'!$H$59
Name Actual_GCfee_ineligible: 'Pro Forma'!$K$59
Name Actual_GCfee_total: 'Pro Forma'!$N$59
Name Actual_NewConAct_eligible: 'Pro Forma'!$H$48
Name Actual_NewConAct_ineligible: 'Pro Forma'!$K$48
Name Actual_NewConAct_total: 'Pro Forma'!$N$48
Name Actual_Other_eligible: 'Pro Forma'!$H$54
Name Actual_Other_ineligible: 'Pro Forma'!$K$54
Name Actual_Other_total: 'Pro Forma'!$N$54
Name Actual_Rehab_NonAcq: Data3!$N$305
Name Actual_RehabAct_eligible: 'Pro Forma'!$H$52
Name Actual_RehabAct_ineligible: 'Pro Forma'!$K$52
Name Actual_RehabAct_total: 'Pro Forma'!$N$52
Name Actual_site_eligible: 'Pro Forma'!$H$50
Name Actual_site_ineligible: 'Pro Forma'!$K$50
Name Actual_site_total: 'Pro Forma'!$N$50
Name Actual_TotalConstructioncost_eligible: 'Pro Forma'!$H$62
Name Actual_TotalConstructioncost_ineligible: 'Pro Forma'!$K$62
Name Actual_TotalConstructioncost_total: 'Pro Forma'!$N$62
Name Addenda_Comments: 'B. Other Information'!$A$18
Name Addenda_Comments_2: 'B. Other Information'!$A$19
Name Address_of_Occupied: 'Proposed Development Info'!$E$18
Name Aff_Housing_Completion_Dev01: 'Developer Pref'!$C$128
Name Aff_Housing_Completion_Dev02: 'Developer Pref'!$C$129
Name Aff_Housing_Completion_Dev03: 'Developer Pref'!$C$130
Name Aff_Housing_Completion_Dev04: 'Developer Pref'!$C$131
Name Aff_Housing_Completion_Dev05: 'Developer Pref'!$C$132
Name Aff_Housing_Completion_Dev06: 'Developer Pref'!$C$133
Name Aff_Housing_Completion_Dev07: 'Developer Pref'!$C$134
Name Aff_Housing_Completion_Dev08: 'Developer Pref'!$C$135
Name Aff_Housing_Completion_Dev09: 'Developer Pref'!$C$136
Name Aff_Housing_Completion_Dev10: 'Developer Pref'!$C$137
Name Aff_Housing_Completion_Dev11: 'Developer Pref'!$C$138
Name Aff_Housing_Completion_Location01: 'Developer Pref'!$H$128
Name Aff_Housing_Completion_Location02: 'Developer Pref'!$H$129
Name Aff_Housing_Completion_Location03: 'Developer Pref'!$H$130
Name Aff_Housing_Completion_Location04: 'Developer Pref'!$H$131
Name Aff_Housing_Completion_Location05: 'Developer Pref'!$H$132
Name Aff_Housing_Completion_Location06: 'Developer Pref'!$H$133
Name Aff_Housing_Completion_Location07: 'Developer Pref'!$H$134
Name Aff_Housing_Completion_Location08: 'Developer Pref'!$H$135
Name Aff_Housing_Completion_Location09: 'Developer Pref'!$H$136
Name Aff_Housing_Completion_Location10: 'Developer Pref'!$H$137
Name Aff_Housing_Completion_Location11: 'Developer Pref'!$H$138
Name Aff_Housing_Control_Dev01: 'Developer Pref'!$C$143

Sheet Data2
T2: Includes 2- & 3-Factor CTs | AG2: This includes 2- & 3-Factor CTs | CU2: defined | CX2: defined | CZ2: defined | DA2: defined | DC2: defined | DD2: defined | DF2: defined | DG2: defined | DI2: defined | DK2: defined | DM2: defined | DP2: defined | DS2: defined | DV2: defined
A3: THIS 2026 DATA IS BEING REFERENCED FOR TEB TRANSACTIONS WHEN APPLICABLE. IT IS A PLACE HOLDER FOR 2030 DATA. | AM3: THIS 2023 DATA IS BEING REFERENCED FOR CURRENT YEAR NEEDS. IT IS ALSO A PLACE HOLDER FOR 2027 DATA. | BQ3: THIS 2024 DATA WILL BE REFERENCED IN FUTURE YEAR NEEDS. IT IS ALSO A PLACE HOLDER FOR 2028 DATA. | CU3: THIS 2025 DATA WILL BE REFERENCED IN FUTURE YEAR NEEDS. IT IS ALSO A PLACE HOLDER FOR 2029 DATA.
R4: ="The maximum # of DDAs in any one County is "&TEXT(MAX(Data1!$U$405:$U$471,Data1!$T$405:$T$471),"#,##0")&". There are "&TEXT(ROWS(DS_2026_County_QCTs),"#,##0")&" available slots for any one county below." -> The maximum # of DDAs in any one County is 162. There are 162 available slots for any one county below. | T4: ="The maximum GAOs in any one County is "&TEXT(MAX(Data1!$V$405:$V$471),"#,##0")&". There are "&TEXT(ROWS(DS_2026_County_2F_GAOs),"#,##0")&" available slots for any one county below." -> The maximum GAOs in any one County is 386. There are 386 available slots for any one county below. | V4: ="The maximum GAOs in any one County is "&TEXT(MAX(Data1!$W$405:$W$471),"#,##0")&". There are "&TEXT(ROWS(DS_2026_County_3F_GAOs),"#,##0")&" available slots for any one county below." -> The maximum GAOs in any one County is 0. There are 386 available slots for any one county below. | X4: ="The are ["&TEXT(ROWS(DS_2026_ZCTAs),"#,##0")&"] total 2026 ZCTAs in the non-Sorted column (a maximum in any one County of ["&TEXT(MAX(Data1!$S$405:$S$471),"#,##0")&"]) and ["&TEXT(ROWS(DS_2026_ZCTAs_Sorted),"#,##0")&"] in the 2026 sorted list below." -> The are [406] total 2026 ZCTAs in the non-Sorted column (a maximum in any one County of [49]) and [406] in the 2026 sorted list below. | AA4: ="There are ["&TEXT(COUNT(DS_2026_Metro_QCTs),"#,##0")&"] 2026 Metro QCTs in the non-Sorted column and ["&TEXT(COUNT(DS_2026_Metro_QCTs_Sorted),"#,##0")&"] in the 2026 sorted list below." -> There are [817] 2026 Metro QCTs in the non-Sorted column and [817] in the 2026 sorted list below. | AD4: ="There are ["&TEXT(COUNT(DS_2026_NonMetro_QCTs),"#,##0")&"] 2026 Non-Metro QCTs in the non-Sorted column and ["&TEXT(COUNT(DS_2026_NonMetro_QCTs_Sorted),"#,##0")&"] in the 2026 sorted list below." -> There are [32] 2026 Non-Metro QCTs in the non-Sorted column and [32] in the 2026 sorted list below. | AG4: ="There are ["&TEXT(COUNTA(DS_2026_2F_GAO_Counties),"#,##0")&"] 2026 GAOs in the non-Sorted column and ["&TEXT(COUNT(DS_2026_2F_GAO_CTs_Sorted),"#,##0")&"] in the Two Factor 2026 sorted list below." -> There are [2,801] 2026 GAOs in the non-Sorted column and [2,801] in the Two Factor 2026 sorted list below. | AJ4: ="There are ["&TEXT(COUNTA(DS_2026_3F_GAO_Counties),"#,##0")&"] 2026 GAOs in the non-Sorted column and ["&TEXT(COUNT(DS_2026_3F_GAO_CTs_Sorted),"#,##0")&"] in the 2026 Three Factor sorted list below." -> There are [0] 2026 GAOs in the non-Sorted column and [0] in the 2026 Three Factor sorted list below. | BA4: ="The maximum # of 2023 DDAs in any one county is ["&TEXT(MAX(Data1!$Z$405:$Z$471,Data1!$Y$405:$Y$471),"#,##0")&"]. There are ["&TEXT(ROWS(DS_2023_County_QCTs),"#,##0")&"] available slots for any one 2023 county below." -> The maximum # of 2023 DDAs in any one county is [214]. There are [223] available slots for any one 2023 county below. | BC4: ="The maximum 2023 GAOs in any one county is ["&TEXT(MAX(Data1!$AA$405:$AA$471),"#,##0")&"]. There are ["&TEXT(ROWS(DS_2023_County_GAOs),"#,##0")&"] available slots for any one 2023 county below." -> The maximum 2023 GAOs in any one county is [426]. There are [501] available slots for any one 2023 county below. | BE4: ="The are ["&TEXT(ROWS(DS_2023_ZCTAs),"#,##0")&"] total 2023 ZCTAs in the non-Sorted column (a maximum in any one County of ["&TEXT(MAX(Data1!$X$405:$X$471),"#,##0")&"]) and ["&TEXT(ROWS(DS_2023_ZCTAs_Sorted),"#,##0")&"] in the 2023 sorted list below." -> The are [353] total 2023 ZCTAs in the non-Sorted column (a maximum in any one County of [47]) and [353] in the 2023 sorted list below. | BH4: ="There are ["&TEXT(COUNT(DS_2023_Metro_QCTs),"#,##0")&"] 2023 Metro QCTs in the non-Sorted column and ["&TEXT(COUNT(DS_2023_Metro_QCTs_Sorted),"#,##0")&"] in the sorted 2023 list below." -> There are [802] 2023 Metro QCTs in the non-Sorted column and [802] in the sorted 2023 list below. | BK4: ="There are ["&TEXT(COUNT(DS_2023_NonMetro_QCTs),"#,##0")&"] 2023 Non-Metro QCTs in the non-Sorted column and ["&TEXT(COUNT(DS_2023_NonMetro_QCTs_Sorted),"#,##0")&"] in the 2023 sorted list below." -> There are [36] 2023 Non-Metro QCTs in the non-Sorted column and [36] in the 2023 sorted list below. | BN4: ="There are ["&TEXT(COUNTA(DS_2023_GAO_Counties),"#,##0")&"] 2023 GAOs in the non-Sorted column and ["&TEXT(COUNT(DS_2023_GAO_QCTs_Sorted),"#,##0")&"] in the 2023 sorted list below." -> There are [2,938] 2023 GAOs in the non-Sorted column and [2,938] in the 2023 sorted list below. | CE4: ="The maximum # of 2024 DDAs in any one county is ["&TEXT(MAX(Data1!$AE$405:$AE$471,Data1!$AD$405:$AD$471),"#,##0")&"]. There are ["&TEXT(ROWS(DS_2024_County_QCTs),"#,##0")&"] available slots for any one 2024 county below." -> The maximum # of 2024 DDAs in any one county is [707]. There are [710] available slots for any one 2024 county below. | CG4: ="The maximum 2024 GAOs in any one county is ["&TEXT(MAX(Data1!$AF$405:$AF$471),"#,##0")&"]. There are ["&TEXT(ROWS(DS_2024_County_GAOs),"#,##0")&"] available slots for any one 2024 county below." -> The maximum 2024 GAOs in any one county is [414]. There are [501] available slots for any one 2024 county below. | CI4: ="The are ["&TEXT(ROWS(DS_2024_ZCTAs),"#,##0")&"] total 2024 ZCTAs in the non-Sorted column (a maximum in any one County of ["&TEXT(MAX(Data1!$AC$405:$AC$471),"#,##0")&"]) and ["&TEXT(ROWS(DS_2024_ZCTAs_Sorted),"#,##0")&"] in the 2024 sorted list below." -> The are [398] total 2024 ZCTAs in the non-Sorted column (a maximum in any one County of [48]) and [398] in the 2024 sorted list below. | CL4: ="There are ["&TEXT(COUNT(DS_2024_Metro_QCTs),"#,##0")&"] 2024 Metro QCTs in the non-Sorted column and ["&TEXT(COUNT(DS_2024_Metro_QCTs_Sorted),"#,##0")&"] in the sorted 2024 list below." -> There are [4,960] 2024 Metro QCTs in the non-Sorted column and [4,960] in the sorted 2024 list below. | CO4: ="There are ["&TEXT(COUNT(DS_2024_NonMetro_QCTs),"#,##0")&"] 2024 Non-Metro QCTs in the non-Sorted column and ["&TEXT(COUNT(DS_2024_NonMetro_QCTs_Sorted),"#,##0")&"] in the 2024 sorted list below." -> There are [200] 2024 Non-Metro QCTs in the non-Sorted column and [200] in the 2024 sorted list below. | CR4: ="There are ["&TEXT(COUNTA(DS_2024_GAO_Counties),"#,##0")&"] 2024 GAOs in the non-Sorted column and ["&TEXT(COUNT(DS_2024_GAO_QCTs_Sorted),"#,##0")&"] in the 2024 sorted list below." -> There are [2,931] 2024 GAOs in the non-Sorted column and [2,931] in the 2024 sorted list below. | DI4: ="The maximum # of 2025 DDAs in any one county is ["&TEXT(MAX(Data1!$AJ$405:$AJ$471,Data1!$AI$405:$AI$471),"#,##0")&"]. There are ["&TEXT(ROWS(DS_2025_County_QCTs),"#,##0")&"] available slots for any one 2025 county below." -> The maximum # of 2025 DDAs in any one county is [163]. There are [163] available slots for any one 2025 county below. | DK4: ="The maximum 2025 GAOs in any one county is ["&TEXT(MAX(Data1!$AK$405:$AK$471),"#,##0")&"]. There are ["&TEXT(ROWS(DS_2025_County_GAOs),"#,##0")&"] available slots for any one 2025 county below." -> The maximum 2025 GAOs in any one county is [388]. There are [388] available slots for any one 2025 county below. | DM4: ="The are ["&TEXT(ROWS(DS_2025_ZCTAs),"#,##0")&"] total 2025 ZCTAs in the non-Sorted column (a maximum in any one County of ["&TEXT(MAX(Data1!$AH$405:$AH$471),"#,##0")&"]) and ["&TEXT(ROWS(DS_2025_ZCTAs_Sorted),"#,##0")&"] in the 2025 sorted list below." -> The are [438] total 2025 ZCTAs in the non-Sorted column (a maximum in any one County of [54]) and [438] in the 2025 sorted list below. | DP4: ="There are ["&TEXT(COUNT(DS_2025_Metro_QCTs),"#,##0")&"] 2025 Metro QCTs in the non-Sorted column and ["&TEXT(COUNT(DS_2025_Metro_QCTs_Sorted),"#,##0")&"] in the sorted 2025 list below." -> There are [917] 2025 Metro QCTs in the non-Sorted column and [917] in the sorted 2025 list below. | DS4: ="There are ["&TEXT(COUNT(DS_2025_NonMetro_QCTs),"#,##0")&"] 2025 Non-Metro QCTs in the non-Sorted column and ["&TEXT(COUNT(DS_2025_NonMetro_QCTs_Sorted),"#,##0")&"] in the 2025 sorted list below." -> There are [35] 2025 Non-Metro QCTs in the non-Sorted column and [35] in the 2025 sorted list below. | DV4: ="There are ["&TEXT(COUNTA(DS_2025_GAO_Counties),"#,##0")&"] 2025 GAOs in the non-Sorted column and ["&TEXT(COUNT(DS_2025_GAO_QCTs_Sorted),"#,##0")&"] in the 2025 sorted list below." -> There are [2,823] 2025 GAOs in the non-Sorted column and [2,823] in the 2025 sorted list below. | EK4: D O N O T T O U C H | EO4: PROPOSED DEV LOCATION DATA POINTS | EP4: Small | EQ4: Medium | ER4: Large*
L5: This includes 2- & 3-Factor CTs | EK5: 6378.137 | EL5: Equatorial radius: 3,963.2 miles (6,378.1 km) | EN5: LAT | EO5: =IF(EF9="",DLP_latitude,EF9) -> 0 | EP5: 5 | EQ5: 3 | ER5: NA | ES5: Proposed is an LDA Development
A6: County w/ Most Entries | F6: County w/ Most Entries | I6: County w/ Most Entries | L6: County w/ Most Entries | O6: County w/ Most Entries | AM6: County w/ Most Entries | AR6: County w/ Most Entries | AU6: County w/ Most Entries | AX6: County w/ Most Entries | BQ6: County w/ Most Entries | BV6: County w/ Most Entries | BY6: County w/ Most Entries | CB6: County w/ Most Entries | CU6: County w/ Most Entries | CZ6: County w/ Most Entries | DC6: County w/ Most Entries | DF6: County w/ Most Entries | EK6: 6356.7523 | EL6: Polar radius: 3,949.9 miles (6,356.8 km) | EN6: LONG | EO6: =IF(EG9="",DLP_longitude,EG9) -> 0 | EP6: 2 | EQ6: 1 | ER6: NA | ES6: Prox List Dev at least 31 units
A7: =COUNTIF(B13:B418,B7) -> 49 | B7: {=IFERROR(_xlfn.SINGLE(INDEX(B13:B418,MODE(MATCH(B13:B418,B13:B418,0)))),"NA")} -> Broward | F7: =COUNTIF(G13:G829,G7) -> 162 | G7: {=IFERROR(_xlfn.SINGLE(INDEX(G13:G829,MODE(MATCH(G13:G829,G13:G829,0)))),"NA")} -> Miami-Dade | I7: =COUNTIF(J13:J44,J7) -> 9 | J7: {=IFERROR(_xlfn.SINGLE(INDEX(J13:J44,MODE(MATCH(J13:J44,J13:J44,0)))),"NA")} -> Putnam | L7: =COUNTIF(M13:M2813,M7) -> 386 | M7: {=IFERROR(_xlfn.SINGLE(INDEX(M13:M2813,MODE(MATCH(M13:M2813,M13:M2813,0)))),"NA")} -> Miami-Dade | O7: =COUNTIF(P14:P2811,P7) -> 0 | P7: {=IFERROR(_xlfn.SINGLE(INDEX(P14:P2811,MODE(MATCH(P14:P2811,P14:P2811,0)))),"NA")} -> NA | AM7: =COUNTIF(AN13:AN365,AN7) -> 47 | AN7: {=IFERROR(_xlfn.SINGLE(INDEX(AN13:AN365,MODE(MATCH(AN13:AN365,AN13:AN365,0)))),"NA")} -> Miami-Dade | AR7: =COUNTIF(AS13:AS814,AS7) -> 214 | AS7: {=IFERROR(_xlfn.SINGLE(INDEX(AS13:AS814,MODE(MATCH(AS13:AS814,AS13:AS814,0)))),"NA")} -> Miami-Dade | AU7: =COUNTIF(AV13:AV48,AV7) -> 7 | AV7: {=IFERROR(_xlfn.SINGLE(INDEX(AV13:AV48,MODE(MATCH(AV13:AV48,AV13:AV48,0)))),"NA")} -> Putnam | AX7: =COUNTIF(AY13:AY2950,AY7) -> 426 | AY7: {=IFERROR(_xlfn.SINGLE(INDEX(AY13:AY2950,MODE(MATCH(AY13:AY2950,AY13:AY2950,0)))),"NA")} -> Miami-Dade | BQ7: =COUNTIF(BR13:BR410,BR7) -> 48 | BR7: {=IFERROR(_xlfn.SINGLE(INDEX(BR13:BR410,MODE(MATCH(BR13:BR410,BR13:BR410,0)))),"NA")} -> Miami-Dade | BV7: =COUNTIF(BW13:BW4972,BW7) -> 707 | BW7: {=IFERROR(_xlfn.SINGLE(INDEX(BW13:BW4972,MODE(MATCH(BW13:BW4972,BW13:BW4972,0)))),"NA")} -> Miami-Dade | BY7: =COUNTIF(BZ13:BZ212,BZ7) -> 29 | BZ7: {=IFERROR(_xlfn.SINGLE(INDEX(BZ13:BZ212,MODE(MATCH(BZ13:BZ212,BZ13:BZ212,0)))),"NA")} -> Monroe | CB7: =COUNTIF(DS_2024_GAO_Counties,CC7) -> 414 | CC7: {=IFERROR(_xlfn.SINGLE(INDEX(DS_2024_GAO_Counties,MODE(MATCH(DS_2024_GAO_Counties,DS_2024_GAO_Counties,0)))),"NA")} -> Miami-Dade | CU7: =COUNTIF(CV13:CV408,CV7) -> 54 | CV7: {=IFERROR(_xlfn.SINGLE(INDEX(CV13:CV408,MODE(MATCH(CV13:CV408,CV13:CV408,0)))),"NA")} -> Miami-dade | CZ7: =COUNTIF(DA13:DA929,DA7) -> 163 | DA7: {=IFERROR(_xlfn.SINGLE(INDEX(DA13:DA929,MODE(MATCH(DA13:DA929,DA13:DA929,0)))),"NA")} -> Miami-Dade | DC7: =COUNTIF(DD13:DD47,DD7) -> 7 | DD7: {=IFERROR(_xlfn.SINGLE(INDEX(DD13:DD47,MODE(MATCH(DD13:DD47,DD13:DD47,0)))),"NA")} -> Putnam | DF7: {=IFERROR(COUNTIF(DS_2025_GAO_Counties,DG7),0)} -> 388 | DG7: {=IFERROR(_xlfn.SINGLE(INDEX(DS_2025_GAO_Counties,MODE(MATCH(DS_2025_GAO_Counties,DS_2025_GAO_Counties,0)))),"NA")} -> Miami-Dade | EK7: =1.609347*0+0*6356.7523142/3949.9027642+1*6378.137/3963.191 -> 1.6093438 | EL7: Conversion of km to mi: | EN7: Demo | EO7: =IF(Demographic="Elderly (Elderly Transformative Preservation)","Elderly Non-ALF",IF(OR(Demographic="Farmworker/Commercial Fish Worker",Demographic="Farmworker",Demographic="Unaccompanied Farmworker",Demographic="Commercial Fishing Worker",Demographic="Unaccompanied Commercial Fishing Worker"),"Farm/Fishing Worker",Demographic)) -> <select one> | EP7: 1 | EQ7: 0.5 | ER7: NA | ES7: Prox List Dev less than 31 units
O8: --- NOT BEING USED --- | EF8: Override Lat | EG8: Override Long | EN8: Size | EO8: =County_Size | EP8: =0.00008*0 -> 0 | EQ8: =EP8 -> 0 | ER8: =EQ8 -> 0 | ES8: ="Variance permitted in distance calculation ("&TEXT(EP8*5280,"0.00")&" "&IF(EP8*5280>1,"feet","foot (= "&TEXT(EP8*5280*12,"0.0")&" inches)")&")" -> Variance permitted in distance calculation (0.00 foot (= 0.0 inches))
A9: DS_2026_ZCTAs | D9: DS_2026_NonMetro_DDAs | F9: DS_2026_Metro_QCTs | I9: DS_2026_NonMetro_QCTs | L9: DS_2026_2F_GAO_CTs | O9: DS_2026_3F_GAO_CTs | R9: DS_2026_County_QCTs | T9: DS_2026_County_2F_GAOs | V9: DS_2026_County_3F_GAOs | X9: DS_2026_ZCTAs_Sorted | AA9: DS_2026_Metro_QCTs_Sorted | AD9: DS_2026_NonMetro_QCTs_Sorted | AJ9: --- NOT BEING USED --- | AM9: DS_2023_ZCTAs | AP9: DS_2023_NonMetro_DDAs | AR9: DS_2023_Metro_QCTs | AU9: DS_2023_NonMetro_QCTs | AX9: DS_2023_GAO_QCTs | BA9: DS_2023_County_QCTs | BC9: DS_2023_County_GAOs | BE9: DS_2023_ZCTAs_Sorted | BH9: DS_2023_Metro_QCTs_Sorted | BK9: DS_2023_NonMetro_QCTs_Sorted | BQ9: DS_2024_ZCTAs | BT9: DS_2024_NonMetro_DDAs | BV9: DS_2024_Metro_QCTs | BY9: DS_2024_NonMetro_QCTs | CB9: DS_2024_GAO_QCTs | CE9: DS_2024_County_QCTs | CG9: DS_2024_County_GAOs | CI9: DS_2024_ZCTAs_Sorted | CL9: DS_2024_Metro_QCTs_Sorted | CO9: DS_2024_NonMetro_QCTs_Sorted | CU9: DS_2025_ZCTAs | CX9: DS_2025_NonMetro_DDAs | CZ9: DS_2025_Metro_QCTs | DC9: DS_2025_NonMetro_QCTs | DF9: DS_2025_GAO_QCTs | DI9: DS_2025_County_QCTs | DK9: DS_2025_County_GAOs | DM9: DS_2025_ZCTAs_Sorted | DP9: DS_2025_Metro_QCTs_Sorted | DS9: DS_2025_NonMetro_QCTs_Sorted | EB9: Proximity List (Section 4.A.5.f.) | EJ9: 2026-2027 DS_Proximity_DDMenu | EP9: *If there is at least one "NA" under Large, then none of the Large County proposed Developments will be checked.
G10: DS_2026_Metro_QCT_Counties | J10: DS_2026_NonMetro_QCT_Counties | M10: DS_2026_2F_GAO_Counties | P10: DS_2026_3F_GAO_Counties | T10: Geo_Area_of_Opp_boost | V10: # of Factors Selected | X10: When 1 ZCTA is listed for 2 Counties, use a formula to switch | AG10: DS_2026_2F_GAO_CTs_Sorted | AJ10: DS_2026_3F_GAO_CTs_Sorted | AS10: DS_2023_Metro_QCT_Counties | AV10: DS_2023_NonMetro_QCT_Counties | AY10: DS_2023_GAO_Counties | BC10: Geo_Area_of_Opp_boost | BE10: When 1 ZCTA is listed for 2 Counties, use a formula to switch | BN10: DS_2023_GAO_QCTs_Sorted | BW10: DS_2024_Metro_QCT_Counties | BZ10: DS_2024_NonMetro_QCT_Counties | CC10: DS_2024_GAO_Counties | CG10: Geo_Area_of_Opp_boost | CI10: When 1 ZCTA is listed for 2 Counties, use a formula to switch | CR10: DS_2024_GAO_QCTs_Sorted | DA10: DS_2025_Metro_QCT_Counties | DD10: DS_2025_NonMetro_QCT_Counties | DG10: DS_2025_GAO_Counties | DK10: Geo_Area_of_Opp_boost | DM10: When 1 ZCTA is listed for 2 Counties, use a formula to switch | DV10: DS_2025_GAO_QCTs_Sorted | EB10: 06/26/26 Final Version | EF10: Any entry in above cells will be prioritized over Applicant Lat Long calculations | ES10: How many decimals should be displayed when indicating distance (in miles)? | ET10: 3 | EV10: Turn off multiple sites for a single Development? (Default="Yes")
G11: ↓ | J11: ↓ | L11: Two Factor List | M11: ↓ | O11: Three Factor List | P11: ↓ | R11: =IF(NOT(ISNA(VLOOKUP(County,DS_2026_Metro_QCT_Counties,1,FALSE))),"Metro",IF(NOT(ISNA(VLOOKUP(County,DS_2026_NonMetro_QCT_Counties,1,FALSE))),"Non-Metro",IF(AND(ISNA(VLOOKUP(County,DS_2026_NonMetro_QCT_Counties,1,FALSE)),ISNA(VLOOKUP(County,DS_2026_Metro_QCT_Counties,1,FALSE))),"Neither",""))) -> Neither | T11: =Geo_Area_of_Opp_boost -> <select from menu> | V11: --- NOT BEING USED --- | AG11: ↓ | AJ11: ↓ | AS11: ↓ | AV11: ↓ | AY11: ↓ | BA11: =IF(NOT(ISNA(VLOOKUP(County,DS_2023_Metro_QCT_Counties,1,FALSE))),"Metro",IF(NOT(ISNA(VLOOKUP(County,DS_2023_NonMetro_QCT_Counties,1,FALSE))),"Non-Metro",IF(AND(ISNA(VLOOKUP(County,DS_2023_NonMetro_QCT_Counties,1,FALSE)),ISNA(VLOOKUP(County,DS_2023_Metro_QCT_Counties,1,FALSE))),"Neither",""))) -> Neither | BC11: =Geo_Area_of_Opp_boost -> <select from menu> | BN11: ↓ | BW11: ↓ | BZ11: ↓ | CC11: ↓ | CE11: =IF(NOT(ISNA(VLOOKUP(County,DS_2024_Metro_QCT_Counties,1,FALSE))),"Metro",IF(NOT(ISNA(VLOOKUP(County,DS_2024_NonMetro_QCT_Counties,1,FALSE))),"Non-Metro",IF(AND(ISNA(VLOOKUP(County,DS_2024_NonMetro_QCT_Counties,1,FALSE)),ISNA(VLOOKUP(County,DS_2024_Metro_QCT_Counties,1,FALSE))),"Neither",""))) -> Neither | CG11: =Geo_Area_of_Opp_boost -> <select from menu> | CR11: ↓ | DA11: ↓ | DD11: ↓ | DG11: ↓ | DI11: =IF(NOT(ISNA(VLOOKUP(County,DS_2025_Metro_QCT_Counties,1,FALSE))),"Metro",IF(NOT(ISNA(VLOOKUP(County,DS_2025_NonMetro_QCT_Counties,1,FALSE))),"Non-Metro",IF(AND(ISNA(VLOOKUP(County,DS_2025_NonMetro_QCT_Counties,1,FALSE)),ISNA(VLOOKUP(County,DS_2025_Metro_QCT_Counties,1,FALSE))),"Neither",""))) -> Neither | DK11: =Geo_Area_of_Opp_boost -> <select from menu> | DV11: ↓ | ES11: ="(implying a possible variance of "&TEXT(5280*CHOOSE(ET10+1,1,0.1,0.01,0.001,0.0001),CHOOSE($ET$10+1,"0","0","0.0","0.00","0.000"))&" feet)" -> (implying a possible variance of 5.28 feet) | EV11: Yes
A12: ="2026 ZCTAs"&CHAR(10)&"(last row is "&TEXT(12+COUNTA(DS_2026_ZCTAs)/2,"#,##0")&")" -> 2026 ZCTAs (last row is 418) | D12: ="2026 Non-Metro DDA's"&CHAR(10)&"(last row is "&TEXT(12+COUNTA(DS_2026_NonMetro_DDAs),"#,##0")&")" -> 2026 Non-Metro DDA's (last row is 26) | F12: ="2026 Metro QCT's"&CHAR(10)&"(last row is "&TEXT(12+COUNTA(DS_2026_Metro_QCTs)/2,"#,##0")&")" -> 2026 Metro QCT's (last row is 829) | I12: ="2026 Non-Metro QCT's"&CHAR(10)&"(last row is "&TEXT(12+COUNTA(DS_2026_NonMetro_QCTs)/2,"#,##0")&")" -> 2026 Non-Metro QCT's (last row is 44) | L12: ="2F GAO's effective 02/16/26"&CHAR(10)&"(last row is "&TEXT(12+COUNTA(DS_2026_2F_GAO_CTs)/2,"#,##0")&")" -> 2F GAO's effective 02/16/26 (last row is 2,813) | O12: ="3F GAO's effective 02/16/26"&CHAR(10)&"(last row is "&TEXT(12+COUNTA(DS_2026_3F_GAO_CTs)/2,"#,##0")&")" -> 3F GAO's effective 02/16/26 (last row is 12) | R12: ="2026 QCTs in "&County&CHAR(10)&"(last row is "&TEXT(12+COUNTA(DS_2026_County_QCTs),"#,##0")&")" -> 2026 QCTs in <select one> (last row is 174) | T12: ="2026 2F GAOs in "&County&CHAR(10)&"(last row is "&TEXT(12+COUNTA(DS_2026_County_2F_GAOs),"#,##0")&")" -> 2026 2F GAOs in <select one> (last row is 398) | V12: ="2026 3F GAOs in "&County&CHAR(10)&"(last row is "&TEXT(12+COUNTA(DS_2026_County_3F_GAOs),"#,##0")&")" -> 2026 3F GAOs in <select one> (last row is 398) | X12: 2026 ZCTAs sorted by ZCTA | AA12: 2026 Metro QCT's sorted by QCT | AD12: 2026 Non-Metro QCT's sorted by QCT | AG12: All 2026 2F GAOs sorted by CT | AJ12: All 2026 3F GAOs sorted by CT | AM12: ="2023 ZCTAs"&CHAR(10)&"(last row is "&TEXT(12+COUNTA(DS_2023_ZCTAs)/2,"#,##0")&")" -> 2023 ZCTAs (last row is 365) | AP12: ="2023 Non-Metro DDA's"&CHAR(10)&"(last row is "&TEXT(12+COUNTA(DS_2023_NonMetro_DDAs),"#,##0")&")" -> 2023 Non-Metro DDA's (last row is 35) | AR12: ="2023 Metro QCT's"&CHAR(10)&"(last row is "&TEXT(12+COUNTA(DS_2023_Metro_QCTs)/2,"#,##0")&")" -> 2023 Metro QCT's (last row is 814) | AU12: ="2023 Non-Metro QCT's"&CHAR(10)&"(last row is "&TEXT(12+COUNTA(DS_2023_NonMetro_QCTs)/2,"#,##0")&")" -> 2023 Non-Metro QCT's (last row is 48) | AX12: ="GAO's effective 2/1/23"&CHAR(10)&"(last row is "&TEXT(12+COUNTA(DS_2023_GAO_QCTs)/2,"#,##0")&")" -> GAO's effective 2/1/23 (last row is 2,950) | BA12: ="2023 QCTs in "&County&CHAR(10)&"(last row is "&TEXT(12+COUNTA(DS_2023_County_QCTs),"#,##0")&")" -> 2023 QCTs in <select one> (last row is 235) | BC12: ="2023 GAOs in "&County&CHAR(10)&"(last row is "&TEXT(12+COUNTA(DS_2023_County_GAOs),"#,##0")&")" -> 2023 GAOs in <select one> (last row is 513) | BE12: 2023 ZCTAs sorted by ZCTA | BH12: 2023 Metro QCT's sorted by QCT | BK12: 2023 Non-Metro QCT's sorted by QCT | BN12: All 2023 GAOs sorted by QCT | BQ12: ="2024 ZCTAs"&CHAR(10)&"(last row is "&TEXT(12+COUNTA(DS_2024_ZCTAs)/2,"#,##0")&")" -> 2024 ZCTAs (last row is 410) | BT12: ="2024 Non-Metro DDA's"&CHAR(10)&"(last row is "&TEXT(12+COUNTA(DS_2024_NonMetro_DDAs),"#,##0")&")" -> 2024 Non-Metro DDA's (last row is 35) | BV12: ="2024 Metro QCT's"&CHAR(10)&"(last row is "&TEXT(12+COUNTA(DS_2024_Metro_QCTs)/2,"#,##0")&")" -> 2024 Metro QCT's (last row is 4,972) | BY12: ="2024 Non-Metro QCT's"&CHAR(10)&"(last row is "&TEXT(12+COUNTA(DS_2024_NonMetro_QCTs)/2,"#,##0")&")" -> 2024 Non-Metro QCT's (last row is 212) | CB12: ="GAO's effective 2/1/24"&CHAR(10)&"(last row is "&TEXT(12+COUNTA(DS_2024_GAO_QCTs)/2,"#,##0")&")" -> GAO's effective 2/1/24 (last row is 2,944) | CE12: ="2024 QCTs in "&County&CHAR(10)&"(last row is "&TEXT(12+COUNTA(DS_2024_County_QCTs),"#,##0")&")" -> 2024 QCTs in <select one> (last row is 722) | CG12: ="2024 GAOs in "&County&CHAR(10)&"(last row is "&TEXT(12+COUNTA(DS_2024_County_GAOs),"#,##0")&")" -> 2024 GAOs in <select one> (last row is 513) | CI12: 2024 ZCTAs sorted by ZCTA | CL12: 2024 Metro QCT's sorted by QCT | CO12: 2024 Non-Metro QCT's sorted by QCT | CR12: All 2024 GAOs sorted by QCT | CU12: ="2025 ZCTAs"&CHAR(10)&"(last row is "&TEXT(12+COUNTA(DS_2025_ZCTAs)/2,"#,##0")&")" -> 2025 ZCTAs (last row is 409) | CX12: ="2025 Non-Metro DDA's"&CHAR(10)&"(last row is "&TEXT(12+COUNTA(DS_2025_NonMetro_DDAs),"#,##0")&")" -> 2025 Non-Metro DDA's (last row is 32) | CZ12: ="2025 Metro QCT's"&CHAR(10)&"(last row is "&TEXT(12+COUNTA(DS_2025_Metro_QCTs)/2,"#,##0")&")" -> 2025 Metro QCT's (last row is 930) | DC12: ="2025 Non-Metro QCT's"&CHAR(10)&"(last row is "&TEXT(12+COUNTA(DS_2025_NonMetro_QCTs)/2,"#,##0")&")" -> 2025 Non-Metro QCT's (last row is 48) | DF12: ="GAO's effective 2/1/25"&CHAR(10)&"(last row is "&TEXT(12+COUNTA(DS_2025_GAO_QCTs)/2,"#,##0")&")" -> GAO's effective 2/1/25 (last row is 2,838) | DI12: ="2025 QCTs in "&County&CHAR(10)&"(last row is "&TEXT(12+COUNTA(DS_2025_County_QCTs),"#,##0")&")" -> 2025 QCTs in <select one> (last row is 175) | DK12: ="2025 GAOs in "&County&CHAR(10)&"(last row is "&TEXT(12+COUNTA(DS_2025_County_GAOs),"#,##0")&")" -> 2025 GAOs in <select one> (last row is 400) | DM12: 2025 ZCTAs sorted by ZCTA | DP12: 2025 Metro QCT's sorted by QCT | DS12: 2025 Non-Metro QCT's sorted by QCT | DV12: All 2025 GAOs sorted by QCT | EB12: County | EC12: County Size | ED12: File # | EE12: Development | EF12: Latitude Coordinates (Decimal Degrees) | EG12: Longitude Coordinates (Decimal Degrees) | EH12: Demo | EI12: 30 units or less? | EJ12: <select one> | EK12: Demographic | EL12: Latitude, Longitude Coordinates | EM12: Less than 31 units? | EN12: Multi-Site Selection | EO12: Multi-Site Name | EP12: Calculated Distance | EQ12: Demo Match | ER12: County Size | ES12: Publish This Information (up to top 4) | ET12: Publish Sequence | EU12: =SUM(EU13:EU76) -> 0 | EV12: Property Description to Publish
A13: 32606 | B13: Alachua | D13: Columbia | F13: 2.02 | G13: Alachua | I13: 1103 | J13: Columbia | L13: 5 | M13: Alachua | R13: {=IFERROR(IF($R$11="Metro",INDEX($F$13:$F$829,SMALL(IF((County=$G$13:$G$829),MATCH(ROW($G$13:$G$829),ROW($G$13:$G$829)),""),ROWS($A$13:A13))),INDEX($I$13:$I$44,SMALL(IF((County=$J$13:$J$44),MATCH(ROW($J$13:$J$44),ROW($J$13:$J$44)),""),ROWS($A$13:A13)))),"")} | T13: {=IFERROR(IF($T$11="Yes",INDEX($L$13:$L$2813,SMALL(IF((County=$M$13:$M$2813),MATCH(ROW($M$13:$M$2813),ROW($M$13:$M$2813)),""),ROWS($A$13:A13))),""),"")} | V13: {=IFERROR(IF($T$11="Yes",INDEX($O$14:$O$2811,SMALL(IF((County=$P$14:$P$2811),MATCH(ROW($P$14:$P$2811),ROW($P$14:$P$2811)),""),ROWS($A$13:A13))),""),"")} | X13: 32003 | Y13: Clay | AA13: 1.01 | AB13: Duval | AD13: 1 | AE13: Glades | AG13: 1 | AH13: Bradford | AM13: 32403 | AN13: Bay | AP13: Bradford | AR13: 2.01 | AS13: Alachua | AU13: 400 | AV13: Columbia | AX13: 2.01 | AY13: Alachua | BA13: {=IFERROR(IF($BA$11="Metro",INDEX($AR$13:$AR$814,SMALL(IF((County=$AS$13:$AS$814),MATCH(ROW($AS$13:$AS$814),ROW($AS$13:$AS$814)),""),ROWS($A$13:$A13))),INDEX($AU$13:$AU$48,SMALL(IF((County=$AV$13:$AV$48),MATCH(ROW($AV$13:$AV$48),ROW($AV$13:$AV$48)),""),ROWS($A$13:$A13)))),"")} | BC13: {=IFERROR(IF($BC$11="Yes",INDEX($AX$13:$AX$2950,SMALL(IF((County=$AY$13:$AY$2950),MATCH(ROW($AY$13:$AY$2950),ROW($AY$13:$AY$2950)),""),ROWS($A$13:$A13))),""),"")} | BE13: 32003 | BF13: Clay | BH13: 1.01 | BI13: Duval | BK13: 0 | BL13: Liberty | BN13: 1 | BO13: Escambia | BQ13: 32403 | BR13: Bay | BT13: Bradford | BV13: 2.01 | BW13: Alachua | BY13: 1 | BZ13: Bradford | CB13: 2.01 | CC13: Alachua | CE13: {=IFERROR(IF($CE$11="Metro",INDEX($BV$13:$BV$4972,SMALL(IF((County=$BW$13:$BW$4972),MATCH(ROW($BW$13:$BW$4972),ROW($BW$13:$BW$4972)),""),ROWS($A$13:$A13))),INDEX($BY$13:$BY$212,SMALL(IF((County=$BZ$13:$BZ$212),MATCH(ROW($BZ$13:$BZ$212),ROW($BZ$13:$BZ$212)),""),ROWS($A$13:$A13)))),"")} | CG13: {=IFERROR(IF($CG$11="Yes",INDEX($CB$13:$CB$2950,SMALL(IF((County=$CC$13:$CC$2950),MATCH(ROW($CC$13:$CC$2950),ROW($CC$13:$CC$2950)),""),ROWS($A$13:$A13))),""),"")} | CI13: 32003 | CJ13: Clay | CL13: 1 | CM13: Escambia | CO13: 1 | CP13: Bradford | CR13: 1 | CS13: Escambia | CU13: 32669 | CV13: Alachua | CX13: Columbia | CZ13: 2.02 | DA13: Alachua | DC13: 1103 | DD13: Columbia | DF13: 2.01 | DG13: Alachua | DI13: {=IFERROR(IF($DI$11="Metro",INDEX($CZ$13:$CZ$929,SMALL(IF((County=$DA$13:$DA$929),MATCH(ROW($DA$13:$DA$929),ROW($DA$13:$DA$929)),""),ROWS($A$13:$A13))),INDEX($DC$13:$DC$212,SMALL(IF((County=$DD$13:$DD$212),MATCH(ROW($DD$13:$DD$212),ROW($DD$13:$DD$212)),""),ROWS($A$13:$A13)))),"")} | DK13: {=IFERROR(IF($DK$11="Yes",INDEX($DF$13:$DF$2838,SMALL(IF((County=$DG$13:$DG$2838),MATCH(ROW($DG$13:$DG$2838),ROW($DG$13:$DG$2838)),""),ROWS($A$13:$A13))),""),"")} | DM13: 32003 | DN13: Clay | DP13: 1.01 | DQ13: Duval | DS13: 2 | DT13: Hendry | DV13: 1 | DW13: Escambia | EB13: Alachua | EC13: =VLOOKUP(EB13,Data1!$A$405:$H$471,8) -> Medium | ED13: 2026-024BS | EE13: GHA Build First Site | EF13: 29.65338 | EG13: -82.30957 | EH13: F | EI13: N | EJ13: =EB13&" - "&EE13 -> Alachua - GHA Build First Site | EK13: =IF(EH13="F","Family",IF(EH13="E","Elderly Non-ALF",IF(EH13="ALF","Elderly ALF",IF(EH13="W","Workforce",IF(EH13="F,F","Farm/Fishing Worker",""))))) -> Family | EL13: ="("&EF13&", "&EG13&")" -> (29.65338, -82.30957) | EM13: =IF(EI13="N",">30",IF(EI13="Y","<31","")) -> >30 | EN13: =IF(AND($EV$11="Yes",_xlfn.MINIFS($EP$13:$EP$76,$EO$13:$EO$76,$EO13)=EP13,IFERROR(FIND("- Site",EJ13),0)>0),1,"") | EO13: =IF(IFERROR(FIND("- site",EJ13),0)=0,EJ13,LEFT(EJ13,IFERROR(FIND("- site",EJ13),0)-2)) -> Alachua - GHA Build First Site | EP13: =IF($EF13=0,0,2*ATAN2(SQRT(1-SIN(ABS($EF13-$EO$5)*PI()/180/2)^2+COS($EO$5*PI()/180)*COS($EF13*PI()/180)*SIN(ABS($EG13-$EO$6)*PI()/180/2)^2),SQRT(SIN(ABS($EF13-$EO$5)*PI()/180/2)^2+COS($EO$5*PI()/180)*COS($EF13*PI()/180)*SIN(ABS($EG13-$EO$6)*PI()/180/2)^2))*SQRT((($EK$5^2*COS($EO$5))^2+($EK$6^2*SIN($EO$5))^2)/(($EK$5*COS($EO$5))^2+($EK$6*SIN($EO$5))^2))/$EK$7) -> 4169.3697 | EQ13: =IF($EO$7=EK13,"Yes","No") -> No | ER13: =VLOOKUP(EB13,Data1!$G$405:$H$471,2) -> Medium | ES13: =IF(COUNTA($EJ$13:$EJ13)<=$EU$12,LOOKUP(COUNTA($EJ$13:$EJ13),DS_Proximity_List_Sequence,DS_Proximity_List_PublishNames)&", about "&TEXT(ROUND(LOOKUP(COUNTA($EJ$13:$EJ13),DS_Proximity_List_Sequence,DS_Mandadory_Distance_Calc),$ET$10),CHOOSE($ET$10+1,"0","0.0","0.00","0.000","0.0000"))&" miles, with "&LOOKUP(COUNTA($EJ$13:$EJ13),DS_Proximity_List_Sequence,DS_Prox_List_Demo)&" Demo","") | ET13: =IF(EU13>0,SUM(EU$13:EU13),"") | EU13: =IF(AND(ER13="Large",OR($ER$5="NA",$ER$6="NA",$ER$7="NA")),0,IF(AND(EP13<IF(LDA_Notice="LDA",IF(ER13="Small",N($EP$5)+N($EP$8),IF(ER13="Medium",N($EQ$5)+N($EQ$8),N($ER$5)+N($ER$8))),IF(EM13=">30",IF(ER13="Small",N($EP$6)+N($EP$8),IF(ER13="Medium",N($EQ$6)+N($EQ$8),N($ER$6)+N($ER$8))),IF(ER13="Small",N($EP$7)+N($EP$8),IF(ER13="Medium",N($EQ$7)+N($EQ$8),N($ER$7)+N($ER$8))))),EQ13="Yes",OR(IFERROR(FIND("- site",EJ13),0)=0,$EV$11="No",AND(IFERROR(FIND("- site",EJ13),0)>0,EN13=1)),OR(Proximity_list_related<>"Yes",AND(Proximity_list_related="Yes",EJ13<>Prox_List_Related_Disregard_1,EJ13<>Prox_List_Related_Disregard_2,EJ13<>Prox_List_Related_Disregard_3,EJ13<>Prox_List_Related_Disregard_4,EJ13<>Prox_List_Related_Disregard_5))),1,0)) -> 0 | EV13: =IF(AND($EV$11="Yes",IFERROR(FIND("- Site",EJ13),0)>0,EN13=1)=FALSE,EJ13,LEFT(EJ13,LEN(EJ13)-(LEN(EJ13)-FIND("- Site",EJ13)+1))) -> Alachua - GHA Build First Site
A14: 32403 | B14: Bay | D14: DeSoto | F14: 6 | G14: Alachua | I14: 1104 | J14: Columbia | L14: 8.08 | M14: Alachua | R14: {=IFERROR(IF($R$11="Metro",INDEX($F$13:$F$829,SMALL(IF((County=$G$13:$G$829),MATCH(ROW($G$13:$G$829),ROW($G$13:$G$829)),""),ROWS($A$13:A14))),INDEX($I$13:$I$44,SMALL(IF((County=$J$13:$J$44),MATCH(ROW($J$13:$J$44),ROW($J$13:$J$44)),""),ROWS($A$13:A14)))),"")} | T14: {=IFERROR(IF($T$11="Yes",INDEX($L$13:$L$2813,SMALL(IF((County=$M$13:$M$2813),MATCH(ROW($M$13:$M$2813),ROW($M$13:$M$2813)),""),ROWS($A$13:A14))),""),"")} | V14: {=IFERROR(IF($T$11="Yes",INDEX($O$14:$O$2811,SMALL(IF((County=$P$14:$P$2811),MATCH(ROW($P$14:$P$2811),ROW($P$14:$P$2811)),""),ROWS($A$13:A14))),""),"")} | X14: 32033 | Y14: St. Johns | AA14: 1.01 | AB14: Hillsborough | AD14: 2 | AE14: Hendry | AG14: 1 | AH14: Escambia | AM14: 32407 | AN14: Bay | AP14: Calhoun | AR14: 2.02 | AS14: Alachua | AU14: 200 | AV14: DeSoto | AX14: 5 | AY14: Alachua | BA14: {=IFERROR(IF($BA$11="Metro",INDEX($AR$13:$AR$814,SMALL(IF((County=$AS$13:$AS$814),MATCH(ROW($AS$13:$AS$814),ROW($AS$13:$AS$814)),""),ROWS($A$13:$A14))),INDEX($AU$13:$AU$48,SMALL(IF((County=$AV$13:$AV$48),MATCH(ROW($AV$13:$AV$48),ROW($AV$13:$AV$48)),""),ROWS($A$13:$A14)))),"")} | BC14: {=IFERROR(IF($BC$11="Yes",INDEX($AX$13:$AX$2950,SMALL(IF((County=$AY$13:$AY$2950),MATCH(ROW($AY$13:$AY$2950),ROW($AY$13:$AY$2950)),""),ROWS($A$13:$A14))),""),"")} | BE14: 32079 | BF14: Clay | BH14: 1.01 | BI14: Hillsborough | BK14: 103 | BL14: Washington | BN14: 1 | BO14: Martin | BQ14: 32407 | BR14: Bay | BT14: Calhoun | BV14: 2.02 | BW14: Alachua | BY14: 2.01 | BZ14: Bradford | CB14: 5 | CC14: Alachua | CE14: {=IFERROR(IF($CE$11="Metro",INDEX($BV$13:$BV$4972,SMALL(IF((County=$BW$13:$BW$4972),MATCH(ROW($BW$13:$BW$4972),ROW($BW$13:$BW$4972)),""),ROWS($A$13:$A14))),INDEX($BY$13:$BY$212,SMALL(IF((County=$BZ$13:$BZ$212),MATCH(ROW($BZ$13:$BZ$212),ROW($BZ$13:$BZ$212)),""),ROWS($A$13:$A14)))),"")} | CG14: {=IFERROR(IF($CG$11="Yes",INDEX($CB$13:$CB$2950,SMALL(IF((County=$CC$13:$CC$2950),MATCH(ROW($CC$13:$CC$2950),ROW($CC$13:$CC$2950)),""),ROWS($A$13:$A14))),""),"")} | CI14: 32079 | CJ14: Clay | CL14: 1 | CM14: Martin | CO14: 1 | CP14: Glades | CR14: 1 | CS14: Martin | CU14: 32403 | CV14: Bay | CX14: DeSoto | CZ14: 6 | DA14: Alachua | DC14: 1104 | DD14: Columbia | DF14: 2.02 | DG14: Alachua | DI14: {=IFERROR(IF($DI$11="Metro",INDEX($CZ$13:$CZ$929,SMALL(IF((County=$DA$13:$DA$929),MATCH(ROW($DA$13:$DA$929),ROW($DA$13:$DA$929)),""),ROWS($A$13:$A14))),INDEX($DC$13:$DC$212,SMALL(IF((County=$DD$13:$DD$212),MATCH(ROW($DD$13:$DD$212),ROW($DD$13:$DD$212)),""),ROWS($A$13:$A14)))),"")} | DK14: {=IFERROR(IF($DK$11="Yes",INDEX($DF$13:$DF$2838,SMALL(IF((County=$DG$13:$DG$2838),MATCH(ROW($DG$13:$DG$2838),ROW($DG$13:$DG$2838)),""),ROWS($A$13:$A14))),""),"")} | DM14: 32033 | DN14: St. Johns | DP14: 1.01 | DQ14: Hillsborough | DS14: 2.02 | DT14: Glades | DV14: 1 | DW14: Martin | EB14: Alachua | EC14: =VLOOKUP(EB14,Data1!$A$405:$H$471,8) -> Medium | ED14: 2024-001BSN | EE14: Hawthorne Heights | EF14: 29.645696 | EG14: -82.293299 | EH14: E | EI14: N | EJ14: =EB14&" - "&EE14 -> Alachua - Hawthorne Heights | EK14: =IF(EH14="F","Family",IF(EH14="E","Elderly Non-ALF",IF(EH14="ALF","Elderly ALF",IF(EH14="W","Workforce",IF(EH14="F,F","Farm/Fishing Worker",""))))) -> Elderly Non-ALF | EL14: ="("&EF14&", "&EG14&")" -> (29.645696, -82.293299) | EM14: =IF(EI14="N",">30",IF(EI14="Y","<31","")) -> >30 | EN14: =IF(AND($EV$11="Yes",_xlfn.MINIFS($EP$13:$EP$76,$EO$13:$EO$76,$EO14)=EP14,IFERROR(FIND("- Site",EJ14),0)>0),1,"") | EO14: =IF(IFERROR(FIND("- site",EJ14),0)=0,EJ14,LEFT(EJ14,IFERROR(FIND("- site",EJ14),0)-2)) -> Alachua - Hawthorne Heights | EP14: =IF($EF14=0,0,2*ATAN2(SQRT(1-SIN(ABS($EF14-$EO$5)*PI()/180/2)^2+COS($EO$5*PI()/180)*COS($EF14*PI()/180)*SIN(ABS($EG14-$EO$6)*PI()/180/2)^2),SQRT(SIN(ABS($EF14-$EO$5)*PI()/180/2)^2+COS($EO$5*PI()/180)*COS($EF14*PI()/180)*SIN(ABS($EG14-$EO$6)*PI()/180/2)^2))*SQRT((($EK$5^2*COS($EO$5))^2+($EK$6^2*SIN($EO$5))^2)/(($EK$5*COS($EO$5))^2+($EK$6*SIN($EO$5))^2))/$EK$7) -> 4168.9554 | EQ14: =IF($EO$7=EK14,"Yes","No") -> No | ER14: =VLOOKUP(EB14,Data1!$G$405:$H$471,2) -> Medium | ES14: =IF(COUNTA($EJ$13:$EJ14)<=$EU$12,LOOKUP(COUNTA($EJ$13:$EJ14),DS_Proximity_List_Sequence,DS_Proximity_List_PublishNames)&", about "&TEXT(ROUND(LOOKUP(COUNTA($EJ$13:$EJ14),DS_Proximity_List_Sequence,DS_Mandadory_Distance_Calc),$ET$10),CHOOSE($ET$10+1,"0","0.0","0.00","0.000","0.0000"))&" miles, with "&LOOKUP(COUNTA($EJ$13:$EJ14),DS_Proximity_List_Sequence,DS_Prox_List_Demo)&" Demo","") | ET14: =IF(EU14>0,SUM(EU$13:EU14),"") | EU14: =IF(AND(ER14="Large",OR($ER$5="NA",$ER$6="NA",$ER$7="NA")),0,IF(AND(EP14<IF(LDA_Notice="LDA",IF(ER14="Small",N($EP$5)+N($EP$8),IF(ER14="Medium",N($EQ$5)+N($EQ$8),N($ER$5)+N($ER$8))),IF(EM14=">30",IF(ER14="Small",N($EP$6)+N($EP$8),IF(ER14="Medium",N($EQ$6)+N($EQ$8),N($ER$6)+N($ER$8))),IF(ER14="Small",N($EP$7)+N($EP$8),IF(ER14="Medium",N($EQ$7)+N($EQ$8),N($ER$7)+N($ER$8))))),EQ14="Yes",OR(IFERROR(FIND("- site",EJ14),0)=0,$EV$11="No",AND(IFERROR(FIND("- site",EJ14),0)>0,EN14=1)),OR(Proximity_list_related<>"Yes",AND(Proximity_list_related="Yes",EJ14<>Prox_List_Related_Disregard_1,EJ14<>Prox_List_Related_Disregard_2,EJ14<>Prox_List_Related_Disregard_3,EJ14<>Prox_List_Related_Disregard_4,EJ14<>Prox_List_Related_Disregard_5))),1,0)) -> 0 | EV14: =IF(AND($EV$11="Yes",IFERROR(FIND("- Site",EJ14),0)>0,EN14=1)=FALSE,EJ14,LEFT(EJ14,LEN(EJ14)-(LEN(EJ14)-FIND("- Site",EJ14)+1))) -> Alachua - Hawthorne Heights
A15: 32407 | B15: Bay | D15: Dixie | F15: 8.06 | G15: Alachua | I15: 1109.01 | J15: Columbia | L15: 11 | M15: Alachua | R15: {=IFERROR(IF($R$11="Metro",INDEX($F$13:$F$829,SMALL(IF((County=$G$13:$G$829),MATCH(ROW($G$13:$G$829),ROW($G$13:$G$829)),""),ROWS($A$13:A15))),INDEX($I$13:$I$44,SMALL(IF((County=$J$13:$J$44),MATCH(ROW($J$13:$J$44),ROW($J$13:$J$44)),""),ROWS($A$13:A15)))),"")} | T15: {=IFERROR(IF($T$11="Yes",INDEX($L$13:$L$2813,SMALL(IF((County=$M$13:$M$2813),MATCH(ROW($M$13:$M$2813),ROW($M$13:$M$2813)),""),ROWS($A$13:A15))),""),"")} | V15: {=IFERROR(IF($T$11="Yes",INDEX($O$14:$O$2811,SMALL(IF((County=$P$14:$P$2811),MATCH(ROW($P$14:$P$2811),ROW($P$14:$P$2811)),""),ROWS($A$13:A15))),""),"")} | X15: 32065 | Y15: Clay | AA15: 1.02 | AB15: Duval | AD15: 2.02 | AE15: Glades | AG15: 1 | AH15: Glades | AM15: 32410 | AN15: Bay | AP15: Columbia | AR15: 3.01 | AS15: Alachua | AU15: 301 | AV15: DeSoto | AX15: 8.08 | AY15: Alachua | BA15: {=IFERROR(IF($BA$11="Metro",INDEX($AR$13:$AR$814,SMALL(IF((County=$AS$13:$AS$814),MATCH(ROW($AS$13:$AS$814),ROW($AS$13:$AS$814)),""),ROWS($A$13:$A15))),INDEX($AU$13:$AU$48,SMALL(IF((County=$AV$13:$AV$48),MATCH(ROW($AV$13:$AV$48),ROW($AV$13:$AV$48)),""),ROWS($A$13:$A15)))),"")} | BC15: {=IFERROR(IF($BC$11="Yes",INDEX($AX$13:$AX$2950,SMALL(IF((County=$AY$13:$AY$2950),MATCH(ROW($AY$13:$AY$2950),ROW($AY$13:$AY$2950)),""),ROWS($A$13:$A15))),""),"")} | BE15: 32081 | BF15: St. Johns | BH15: 1.02 | BI15: Duval | BK15: 104 | BL15: Washington | BN15: 1.01 | BO15: Collier | BQ15: 32410 | BR15: Bay | BT15: Columbia | BV15: 3.01 | BW15: Alachua | BY15: 2.02 | BZ15: Bradford | CB15: 8.08 | CC15: Alachua | CE15: {=IFERROR(IF($CE$11="Metro",INDEX($BV$13:$BV$4972,SMALL(IF((County=$BW$13:$BW$4972),MATCH(ROW($BW$13:$BW$4972),ROW($BW$13:$BW$4972)),""),ROWS($A$13:$A15))),INDEX($BY$13:$BY$212,SMALL(IF((County=$BZ$13:$BZ$212),MATCH(ROW($BZ$13:$BZ$212),ROW($BZ$13:$BZ$212)),""),ROWS($A$13:$A15)))),"")} | CG15: {=IFERROR(IF($CG$11="Yes",INDEX($CB$13:$CB$2950,SMALL(IF((County=$CC$13:$CC$2950),MATCH(ROW($CC$13:$CC$2950),ROW($CC$13:$CC$2950)),""),ROWS($A$13:$A15))),""),"")} | CI15: 32081 | CJ15: St. Johns | CL15: 1.01 | CM15: Collier | CO15: 1.01 | CP15: Hendry | CR15: 1.01 | CS15: Collier | CU15: 32407 | CV15: Bay | CX15: Dixie | CZ15: 7 | DA15: Alachua | DC15: 102 | DD15: DeSoto | DF15: 5 | DG15: Alachua | DI15: {=IFERROR(IF($DI$11="Metro",INDEX($CZ$13:$CZ$929,SMALL(IF((County=$DA$13:$DA$929),MATCH(ROW($DA$13:$DA$929),ROW($DA$13:$DA$929)),""),ROWS($A$13:$A15))),INDEX($DC$13:$DC$212,SMALL(IF((County=$DD$13:$DD$212),MATCH(ROW($DD$13:$DD$212),ROW($DD$13:$DD$212)),""),ROWS($A$13:$A15)))),"")} | DK15: {=IFERROR(IF($DK$11="Yes",INDEX($DF$13:$DF$2838,SMALL(IF((County=$DG$13:$DG$2838),MATCH(ROW($DG$13:$DG$2838),ROW($DG$13:$DG$2838)),""),ROWS($A$13:$A15))),""),"")} | DM15: 32079 | DN15: Clay | DP15: 1.02 | DQ15: Duval | DS15: 3 | DT15: Hendry | DV15: 1.01 | DW15: Collier | EB15: Alachua | EC15: =VLOOKUP(EB15,Data1!$A$405:$H$471,8) -> Medium | ED15: 2024-133CN | EE15: Williston Pointe | EF15: 29.610125 | EG15: -82.36052 | EH15: F | EI15: N | EJ15: =EB15&" - "&EE15 -> Alachua - Williston Pointe | EK15: =IF(EH15="F","Family",IF(EH15="E","Elderly Non-ALF",IF(EH15="ALF","Elderly ALF",IF(EH15="W","Workforce",IF(EH15="F,F","Farm/Fishing Worker",""))))) -> Family | EL15: ="("&EF15&", "&EG15&")" -> (29.610125, -82.36052) | EM15: =IF(EI15="N",">30",IF(EI15="Y","<31","")) -> >30 | EN15: =IF(AND($EV$11="Yes",_xlfn.MINIFS($EP$13:$EP$76,$EO$13:$EO$76,$EO15)=EP15,IFERROR(FIND("- Site",EJ15),0)>0),1,"") | EO15: =IF(IFERROR(FIND("- site",EJ15),0)=0,EJ15,LEFT(EJ15,IFERROR(FIND("- site",EJ15),0)-2)) -> Alachua - Williston Pointe | EP15: =IF($EF15=0,0,2*ATAN2(SQRT(1-SIN(ABS($EF15-$EO$5)*PI()/180/2)^2+COS($EO$5*PI()/180)*COS($EF15*PI()/180)*SIN(ABS($EG15-$EO$6)*PI()/180/2)^2),SQRT(SIN(ABS($EF15-$EO$5)*PI()/180/2)^2+COS($EO$5*PI()/180)*COS($EF15*PI()/180)*SIN(ABS($EG15-$EO$6)*PI()/180/2)^2))*SQRT((($EK$5^2*COS($EO$5))^2+($EK$6^2*SIN($EO$5))^2)/(($EK$5*COS($EO$5))^2+($EK$6*SIN($EO$5))^2))/$EK$7) -> 4169.8041 | EQ15: =IF($EO$7=EK15,"Yes","No") -> No | ER15: =VLOOKUP(EB15,Data1!$G$405:$H$471,2) -> Medium | ES15: =IF(COUNTA($EJ$13:$EJ15)<=$EU$12,LOOKUP(COUNTA($EJ$13:$EJ15),DS_Proximity_List_Sequence,DS_Proximity_List_PublishNames)&", about "&TEXT(ROUND(LOOKUP(COUNTA($EJ$13:$EJ15),DS_Proximity_List_Sequence,DS_Mandadory_Distance_Calc),$ET$10),CHOOSE($ET$10+1,"0","0.0","0.00","0.000","0.0000"))&" miles, with "&LOOKUP(COUNTA($EJ$13:$EJ15),DS_Proximity_List_Sequence,DS_Prox_List_Demo)&" Demo","") | ET15: =IF(EU15>0,SUM(EU$13:EU15),"") | EU15: =IF(AND(ER15="Large",OR($ER$5="NA",$ER$6="NA",$ER$7="NA")),0,IF(AND(EP15<IF(LDA_Notice="LDA",IF(ER15="Small",N($EP$5)+N($EP$8),IF(ER15="Medium",N($EQ$5)+N($EQ$8),N($ER$5)+N($ER$8))),IF(EM15=">30",IF(ER15="Small",N($EP$6)+N($EP$8),IF(ER15="Medium",N($EQ$6)+N($EQ$8),N($ER$6)+N($ER$8))),IF(ER15="Small",N($EP$7)+N($EP$8),IF(ER15="Medium",N($EQ$7)+N($EQ$8),N($ER$7)+N($ER$8))))),EQ15="Yes",OR(IFERROR(FIND("- site",EJ15),0)=0,$EV$11="No",AND(IFERROR(FIND("- site",EJ15),0)>0,EN15=1)),OR(Proximity_list_related<>"Yes",AND(Proximity_list_related="Yes",EJ15<>Prox_List_Related_Disregard_1,EJ15<>Prox_List_Related_Disregard_2,EJ15<>Prox_List_Related_Disregard_3,EJ15<>Prox_List_Related_Disregard_4,EJ15<>Prox_List_Related_Disregard_5))),1,0)) -> 0 | EV15: =IF(AND($EV$11="Yes",IFERROR(FIND("- Site",EJ15),0)>0,EN15=1)=FALSE,EJ15,LEFT(EJ15,LEN(EJ15)-(LEN(EJ15)-FIND("- Site",EJ15)+1))) -> Alachua - Williston Pointe
A16: 32410 | B16: Bay | D16: Franklin | F16: 8.09 | G16: Alachua | I16: 102 | J16: DeSoto | L16: 12.01 | M16: Alachua | R16: {=IFERROR(IF($R$11="Metro",INDEX($F$13:$F$829,SMALL(IF((County=$G$13:$G$829),MATCH(ROW($G$13:$G$829),ROW($G$13:$G$829)),""),ROWS($A$13:A16))),INDEX($I$13:$I$44,SMALL(IF((County=$J$13:$J$44),MATCH(ROW($J$13:$J$44),ROW($J$13:$J$44)),""),ROWS($A$13:A16)))),"")} | T16: {=IFERROR(IF($T$11="Yes",INDEX($L$13:$L$2813,SMALL(IF((County=$M$13:$M$2813),MATCH(ROW($M$13:$M$2813),ROW($M$13:$M$2813)),""),ROWS($A$13:A16))),""),"")} | V16: {=IFERROR(IF($T$11="Yes",INDEX($O$14:$O$2811,SMALL(IF((County=$P$14:$P$2811),MATCH(ROW($P$14:$P$2811),ROW($P$14:$P$2811)),""),ROWS($A$13:A16))),""),"")} | X16: 32079 | Y16: Clay | AA16: 1.02 | AB16: Hillsborough | AD16: 3 | AE16: Hendry | AG16: 1 | AH16: Martin | AM16: 32903 | AN16: Brevard | AP16: DeSoto | AR16: 6 | AS16: Alachua | AU16: 302 | AV16: DeSoto | AX16: 8.09 | AY16: Alachua | BA16: {=IFERROR(IF($BA$11="Metro",INDEX($AR$13:$AR$814,SMALL(IF((County=$AS$13:$AS$814),MATCH(ROW($AS$13:$AS$814),ROW($AS$13:$AS$814)),""),ROWS($A$13:$A16))),INDEX($AU$13:$AU$48,SMALL(IF((County=$AV$13:$AV$48),MATCH(ROW($AV$13:$AV$48),ROW($AV$13:$AV$48)),""),ROWS($A$13:$A16)))),"")} | BC16: {=IFERROR(IF($BC$11="Yes",INDEX($AX$13:$AX$2950,SMALL(IF((County=$AY$13:$AY$2950),MATCH(ROW($AY$13:$AY$2950),ROW($AY$13:$AY$2950)),""),ROWS($A$13:$A16))),""),"")} | BE16: 32082 | BF16: St. Johns | BH16: 1.02 | BI16: Hillsborough | BK16: 200 | BL16: DeSoto | BN16: 1.01 | BO16: Hendry | BQ16: 32444 | BR16: Bay | BT16: DeSoto | BV16: 3.02 | BW16: Alachua | BY16: 3.01 | BZ16: Bradford | CB16: 8.09 | CC16: Alachua | CE16: {=IFERROR(IF($CE$11="Metro",INDEX($BV$13:$BV$4972,SMALL(IF((County=$BW$13:$BW$4972),MATCH(ROW($BW$13:$BW$4972),ROW($BW$13:$BW$4972)),""),ROWS($A$13:$A16))),INDEX($BY$13:$BY$212,SMALL(IF((County=$BZ$13:$BZ$212),MATCH(ROW($BZ$13:$BZ$212),ROW($BZ$13:$BZ$212)),""),ROWS($A$13:$A16)))),"")} | CG16: {=IFERROR(IF($CG$11="Yes",INDEX($CB$13:$CB$2950,SMALL(IF((County=$CC$13:$CC$2950),MATCH(ROW($CC$13:$CC$2950),ROW($CC$13:$CC$2950)),""),ROWS($A$13:$A16))),""),"")} | CI16: 32082 | CJ16: St. Johns | CL16: 1.01 | CM16: Duval | CO16: 1.02 | CP16: Hendry | CR16: 1.01 | CS16: Manatee | CU16: 32410 | CV16: Bay | CX16: Glades | CZ16: 8.06 | DA16: Alachua | DC16: 103.01 | DD16: DeSoto | DF16: 8.08 | DG16: Alachua | DI16: {=IFERROR(IF($DI$11="Metro",INDEX($CZ$13:$CZ$929,SMALL(IF((County=$DA$13:$DA$929),MATCH(ROW($DA$13:$DA$929),ROW($DA$13:$DA$929)),""),ROWS($A$13:$A16))),INDEX($DC$13:$DC$212,SMALL(IF((County=$DD$13:$DD$212),MATCH(ROW($DD$13:$DD$212),ROW($DD$13:$DD$212)),""),ROWS($A$13:$A16)))),"")} | DK16: {=IFERROR(IF($DK$11="Yes",INDEX($DF$13:$DF$2838,SMALL(IF((County=$DG$13:$DG$2838),MATCH(ROW($DG$13:$DG$2838),ROW($DG$13:$DG$2838)),""),ROWS($A$13:$A16))),""),"")} | DM16: 32080 | DN16: St. Johns | DP16: 1.02 | DQ16: Hillsborough | DS16: 4.04 | DT16: Hendry | DV16: 1.01 | DW16: Hendry | EB16: Alachua | EC16: =VLOOKUP(EB16,Data1!$A$405:$H$471,8) -> Medium | ED16: 2025-228SA | EE16: Woodland Park II - Site 1 | EF16: 29.632549 | EG16: -82.317752 | EH16: F | EI16: N | EJ16: =EB16&" - "&EE16 -> Alachua - Woodland Park II - Site 1 | EK16: =IF(EH16="F","Family",IF(EH16="E","Elderly Non-ALF",IF(EH16="ALF","Elderly ALF",IF(EH16="W","Workforce",IF(EH16="F,F","Farm/Fishing Worker",""))))) -> Family | EL16: ="("&EF16&", "&EG16&")" -> (29.632549, -82.317752) | EM16: =IF(EI16="N",">30",IF(EI16="Y","<31","")) -> >30 | EN16: =IF(AND($EV$11="Yes",_xlfn.MINIFS($EP$13:$EP$76,$EO$13:$EO$76,$EO16)=EP16,IFERROR(FIND("- Site",EJ16),0)>0),1,"") -> 1 | EO16: =IF(IFERROR(FIND("- site",EJ16),0)=0,EJ16,LEFT(EJ16,IFERROR(FIND("- site",EJ16),0)-2)) -> Alachua - Woodland Park II - Site 1 | EP16: =IF($EF16=0,0,2*ATAN2(SQRT(1-SIN(ABS($EF16-$EO$5)*PI()/180/2)^2+COS($EO$5*PI()/180)*COS($EF16*PI()/180)*SIN(ABS($EG16-$EO$6)*PI()/180/2)^2),SQRT(SIN(ABS($EF16-$EO$5)*PI()/180/2)^2+COS($EO$5*PI()/180)*COS($EF16*PI()/180)*SIN(ABS($EG16-$EO$6)*PI()/180/2)^2))*SQRT((($EK$5^2*COS($EO$5))^2+($EK$6^2*SIN($EO$5))^2)/(($EK$5*COS($EO$5))^2+($EK$6*SIN($EO$5))^2))/$EK$7) -> 4169.2614 | EQ16: =IF($EO$7=EK16,"Yes","No") -> No | ER16: =VLOOKUP(EB16,Data1!$G$405:$H$471,2) -> Medium | ES16: =IF(COUNTA($EJ$13:$EJ16)<=$EU$12,LOOKUP(COUNTA($EJ$13:$EJ16),DS_Proximity_List_Sequence,DS_Proximity_List_PublishNames)&", about "&TEXT(ROUND(LOOKUP(COUNTA($EJ$13:$EJ16),DS_Proximity_List_Sequence,DS_Mandadory_Distance_Calc),$ET$10),CHOOSE($ET$10+1,"0","0.0","0.00","0.000","0.0000"))&" miles, with "&LOOKUP(COUNTA($EJ$13:$EJ16),DS_Proximity_List_Sequence,DS_Prox_List_Demo)&" Demo","") | ET16: =IF(EU16>0,SUM(EU$13:EU16),"") | EU16: =IF(AND(ER16="Large",OR($ER$5="NA",$ER$6="NA",$ER$7="NA")),0,IF(AND(EP16<IF(LDA_Notice="LDA",IF(ER16="Small",N($EP$5)+N($EP$8),IF(ER16="Medium",N($EQ$5)+N($EQ$8),N($ER$5)+N($ER$8))),IF(EM16=">30",IF(ER16="Small",N($EP$6)+N($EP$8),IF(ER16="Medium",N($EQ$6)+N($EQ$8),N($ER$6)+N($ER$8))),IF(ER16="Small",N($EP$7)+N($EP$8),IF(ER16="Medium",N($EQ$7)+N($EQ$8),N($ER$7)+N($ER$8))))),EQ16="Yes",OR(IFERROR(FIND("- site",EJ16),0)=0,$EV$11="No",AND(IFERROR(FIND("- site",EJ16),0)>0,EN16=1)),OR(Proximity_list_related<>"Yes",AND(Proximity_list_related="Yes",EJ16<>Prox_List_Related_Disregard_1,EJ16<>Prox_List_Related_Disregard_2,EJ16<>Prox_List_Related_Disregard_3,EJ16<>Prox_List_Related_Disregard_4,EJ16<>Prox_List_Related_Disregard_5))),1,0)) -> 0 | EV16: =IF(AND($EV$11="Yes",IFERROR(FIND("- Site",EJ16),0)>0,EN16=1)=FALSE,EJ16,LEFT(EJ16,LEN(EJ16)-(LEN(EJ16)-FIND("- Site",EJ16)+1))) -> Alachua - Woodland Park II
A17: 32444 | B17: Bay | D17: Glades | F17: 10 | G17: Alachua | I17: 103.01 | J17: DeSoto | L17: 12.02 | M17: Alachua | R17: {=IFERROR(IF($R$11="Metro",INDEX($F$13:$F$829,SMALL(IF((County=$G$13:$G$829),MATCH(ROW($G$13:$G$829),ROW($G$13:$G$829)),""),ROWS($A$13:A17))),INDEX($I$13:$I$44,SMALL(IF((County=$J$13:$J$44),MATCH(ROW($J$13:$J$44),ROW($J$13:$J$44)),""),ROWS($A$13:A17)))),"")} | T17: {=IFERROR(IF($T$11="Yes",INDEX($L$13:$L$2813,SMALL(IF((County=$M$13:$M$2813),MATCH(ROW($M$13:$M$2813),ROW($M$13:$M$2813)),""),ROWS($A$13:A17))),""),"")} | V17: {=IFERROR(IF($T$11="Yes",INDEX($O$14:$O$2811,SMALL(IF((County=$P$14:$P$2811),MATCH(ROW($P$14:$P$2811),ROW($P$14:$P$2811)),""),ROWS($A$13:A17))),""),"")} | X17: 32080 | Y17: St. Johns | AA17: 1.03 | AB17: Manatee | AD17: 102 | AE17: DeSoto | AG17: 1.01 | AH17: Collier | AM17: 32904 | AN17: Brevard | AP17: Dixie | AR17: 8.06 | AS17: Alachua | AU17: 202 | AV17: Dixie | AX17: 11 | AY17: Alachua | BA17: {=IFERROR(IF($BA$11="Metro",INDEX($AR$13:$AR$814,SMALL(IF((County=$AS$13:$AS$814),MATCH(ROW($AS$13:$AS$814),ROW($AS$13:$AS$814)),""),ROWS($A$13:$A17))),INDEX($AU$13:$AU$48,SMALL(IF((County=$AV$13:$AV$48),MATCH(ROW($AV$13:$AV$48),ROW($AV$13:$AV$48)),""),ROWS($A$13:$A17)))),"")} | BC17: {=IFERROR(IF($BC$11="Yes",INDEX($AX$13:$AX$2950,SMALL(IF((County=$AY$13:$AY$2950),MATCH(ROW($AY$13:$AY$2950),ROW($AY$13:$AY$2950)),""),ROWS($A$13:$A17))),""),"")} | BE17: 32092 | BF17: St. Johns | BH17: 1.03 | BI17: Manatee | BK17: 200 | BL17: Hendry | BN17: 1.01 | BO17: Manatee | BQ17: 32903 | BR17: Brevard | BT17: Dixie | BV17: 4 | BW17: Alachua | BY17: 3.02 | BZ17: Bradford | CB17: 11 | CC17: Alachua | CE17: {=IFERROR(IF($CE$11="Metro",INDEX($BV$13:$BV$4972,SMALL(IF((County=$BW$13:$BW$4972),MATCH(ROW($BW$13:$BW$4972),ROW($BW$13:$BW$4972)),""),ROWS($A$13:$A17))),INDEX($BY$13:$BY$212,SMALL(IF((County=$BZ$13:$BZ$212),MATCH(ROW($BZ$13:$BZ$212),ROW($BZ$13:$BZ$212)),""),ROWS($A$13:$A17)))),"")} | CG17: {=IFERROR(IF($CG$11="Yes",INDEX($CB$13:$CB$2950,SMALL(IF((County=$CC$13:$CC$2950),MATCH(ROW($CC$13:$CC$2950),ROW($CC$13:$CC$2950)),""),ROWS($A$13:$A17))),""),"")} | CI17: 32092 | CJ17: St. Johns | CL17: 1.01 | CM17: Hillsborough | CO17: 2 | CP17: Hendry | CR17: 1.02 | CS17: Collier | CU17: 32444 | CV17: Bay | CX17: Gulf | CZ17: 8.09 | DA17: Alachua | DC17: 103.02 | DD17: DeSoto | DF17: 11 | DG17: Alachua | DI17: {=IFERROR(IF($DI$11="Metro",INDEX($CZ$13:$CZ$929,SMALL(IF((County=$DA$13:$DA$929),MATCH(ROW($DA$13:$DA$929),ROW($DA$13:$DA$929)),""),ROWS($A$13:$A17))),INDEX($DC$13:$DC$212,SMALL(IF((County=$DD$13:$DD$212),MATCH(ROW($DD$13:$DD$212),ROW($DD$13:$DD$212)),""),ROWS($A$13:$A17)))),"")} | DK17: {=IFERROR(IF($DK$11="Yes",INDEX($DF$13:$DF$2838,SMALL(IF((County=$DG$13:$DG$2838),MATCH(ROW($DG$13:$DG$2838),ROW($DG$13:$DG$2838)),""),ROWS($A$13:$A17))),""),"")} | DM17: 32081 | DN17: St. Johns | DP17: 1.03 | DQ17: Manatee | DS17: 102 | DT17: DeSoto | DV17: 1.01 | DW17: Manatee | EB17: Alachua | EC17: =VLOOKUP(EB17,Data1!$A$405:$H$471,8) -> Medium | ED17: 2025-228SA | EE17: Woodland Park II - Site 2 | EF17: 29.633096 | EG17: -82.318438 | EH17: F | EI17: N | EJ17: =EB17&" - "&EE17 -> Alachua - Woodland Park II - Site 2 | EK17: =IF(EH17="F","Family",IF(EH17="E","Elderly Non-ALF",IF(EH17="ALF","Elderly ALF",IF(EH17="W","Workforce",IF(EH17="F,F","Farm/Fishing Worker",""))))) -> Family | EL17: ="("&EF17&", "&EG17&")" -> (29.633096, -82.318438) | EM17: =IF(EI17="N",">30",IF(EI17="Y","<31","")) -> >30 | EN17: =IF(AND($EV$11="Yes",_xlfn.MINIFS($EP$13:$EP$76,$EO$13:$EO$76,$EO17)=EP17,IFERROR(FIND("- Site",EJ17),0)>0),1,"") -> 1 | EO17: =IF(IFERROR(FIND("- site",EJ17),0)=0,EJ17,LEFT(EJ17,IFERROR(FIND("- site",EJ17),0)-2)) -> Alachua - Woodland Park II - Site 2 | EP17: =IF($EF17=0,0,2*ATAN2(SQRT(1-SIN(ABS($EF17-$EO$5)*PI()/180/2)^2+COS($EO$5*PI()/180)*COS($EF17*PI()/180)*SIN(ABS($EG17-$EO$6)*PI()/180/2)^2),SQRT(SIN(ABS($EF17-$EO$5)*PI()/180/2)^2+COS($EO$5*PI()/180)*COS($EF17*PI()/180)*SIN(ABS($EG17-$EO$6)*PI()/180/2)^2))*SQRT((($EK$5^2*COS($EO$5))^2+($EK$6^2*SIN($EO$5))^2)/(($EK$5*COS($EO$5))^2+($EK$6*SIN($EO$5))^2))/$EK$7) -> 4169.2818 | EQ17: =IF($EO$7=EK17,"Yes","No") -> No | ER17: =VLOOKUP(EB17,Data1!$G$405:$H$471,2) -> Medium | ES17: =IF(COUNTA($EJ$13:$EJ17)<=$EU$12,LOOKUP(COUNTA($EJ$13:$EJ17),DS_Proximity_List_Sequence,DS_Proximity_List_PublishNames)&", about "&TEXT(ROUND(LOOKUP(COUNTA($EJ$13:$EJ17),DS_Proximity_List_Sequence,DS_Mandadory_Distance_Calc),$ET$10),CHOOSE($ET$10+1,"0","0.0","0.00","0.000","0.0000"))&" miles, with "&LOOKUP(COUNTA($EJ$13:$EJ17),DS_Proximity_List_Sequence,DS_Prox_List_Demo)&" Demo","") | ET17: =IF(EU17>0,SUM(EU$13:EU17),"") | EU17: =IF(AND(ER17="Large",OR($ER$5="NA",$ER$6="NA",$ER$7="NA")),0,IF(AND(EP17<IF(LDA_Notice="LDA",IF(ER17="Small",N($EP$5)+N($EP$8),IF(ER17="Medium",N($EQ$5)+N($EQ$8),N($ER$5)+N($ER$8))),IF(EM17=">30",IF(ER17="Small",N($EP$6)+N($EP$8),IF(ER17="Medium",N($EQ$6)+N($EQ$8),N($ER$6)+N($ER$8))),IF(ER17="Small",N($EP$7)+N($EP$8),IF(ER17="Medium",N($EQ$7)+N($EQ$8),N($ER$7)+N($ER$8))))),EQ17="Yes",OR(IFERROR(FIND("- site",EJ17),0)=0,$EV$11="No",AND(IFERROR(FIND("- site",EJ17),0)>0,EN17=1)),OR(Proximity_list_related<>"Yes",AND(Proximity_list_related="Yes",EJ17<>Prox_List_Related_Disregard_1,EJ17<>Prox_List_Related_Disregard_2,EJ17<>Prox_List_Related_Disregard_3,EJ17<>Prox_List_Related_Disregard_4,EJ17<>Prox_List_Related_Disregard_5))),1,0)) -> 0 | EV17: =IF(AND($EV$11="Yes",IFERROR(FIND("- Site",EJ17),0)>0,EN17=1)=FALSE,EJ17,LEFT(EJ17,LEN(EJ17)-(LEN(EJ17)-FIND("- Site",EJ17)+1))) -> Alachua - Woodland Park II
A18: 32903 | B18: Brevard | D18: Gulf | F18: 14 | G18: Alachua | I18: 103.02 | J18: DeSoto | L18: 12.03 | M18: Alachua | R18: {=IFERROR(IF($R$11="Metro",INDEX($F$13:$F$829,SMALL(IF((County=$G$13:$G$829),MATCH(ROW($G$13:$G$829),ROW($G$13:$G$829)),""),ROWS($A$13:A18))),INDEX($I$13:$I$44,SMALL(IF((County=$J$13:$J$44),MATCH(ROW($J$13:$J$44),ROW($J$13:$J$44)),""),ROWS($A$13:A18)))),"")} | T18: {=IFERROR(IF($T$11="Yes",INDEX($L$13:$L$2813,SMALL(IF((County=$M$13:$M$2813),MATCH(ROW($M$13:$M$2813),ROW($M$13:$M$2813)),""),ROWS($A$13:A18))),""),"")} | V18: {=IFERROR(IF($T$11="Yes",INDEX($O$14:$O$2811,SMALL(IF((County=$P$14:$P$2811),MATCH(ROW($P$14:$P$2811),ROW($P$14:$P$2811)),""),ROWS($A$13:A18))),""),"")} | X18: 32081 | Y18: St. Johns | AA18: 1.05 | AB18: Manatee | AD18: 103.01 | AE18: DeSoto | AG18: 1.01 | AH18: Hendry | AM18: 32908 | AN18: Brevard | AP18: Franklin | AR18: 8.08 | AS18: Alachua | AU18: 201 | AV18: Hamilton | AX18: 12.01 | AY18: Alachua | BA18: {=IFERROR(IF($BA$11="Metro",INDEX($AR$13:$AR$814,SMALL(IF((County=$AS$13:$AS$814),MATCH(ROW($AS$13:$AS$814),ROW($AS$13:$AS$814)),""),ROWS($A$13:$A18))),INDEX($AU$13:$AU$48,SMALL(IF((County=$AV$13:$AV$48),MATCH(ROW($AV$13:$AV$48),ROW($AV$13:$AV$48)),""),ROWS($A$13:$A18)))),"")} | BC18: {=IFERROR(IF($BC$11="Yes",INDEX($AX$13:$AX$2950,SMALL(IF((County=$AY$13:$AY$2950),MATCH(ROW($AY$13:$AY$2950),ROW($AY$13:$AY$2950)),""),ROWS($A$13:$A18))),""),"")} | BE18: 32102 | BF18: Lake | BH18: 1.05 | BI18: Manatee | BK18: 200 | BL18: Madison | BN18: 1.01 | BO18: Marion | BQ18: 32904 | BR18: Brevard | BT18: Franklin | BV18: 5 | BW18: Alachua | BY18: 4 | BZ18: Bradford | CB18: 12.01 | CC18: Alachua | CE18: {=IFERROR(IF($CE$11="Metro",INDEX($BV$13:$BV$4972,SMALL(IF((County=$BW$13:$BW$4972),MATCH(ROW($BW$13:$BW$4972),ROW($BW$13:$BW$4972)),""),ROWS($A$13:$A18))),INDEX($BY$13:$BY$212,SMALL(IF((County=$BZ$13:$BZ$212),MATCH(ROW($BZ$13:$BZ$212),ROW($BZ$13:$BZ$212)),""),ROWS($A$13:$A18)))),"")} | CG18: {=IFERROR(IF($CG$11="Yes",INDEX($CB$13:$CB$2950,SMALL(IF((County=$CC$13:$CC$2950),MATCH(ROW($CC$13:$CC$2950),ROW($CC$13:$CC$2950)),""),ROWS($A$13:$A18))),""),"")} | CI18: 32102 | CJ18: Lake | CL18: 1.01 | CM18: Manatee | CO18: 2.01 | CP18: Bradford | CR18: 1.02 | CS18: Hendry | CU18: 32903 | CV18: Brevard | CX18: Hamilton | CZ18: 14 | DA18: Alachua | DC18: 104.04 | DD18: DeSoto | DF18: 12.01 | DG18: Alachua | DI18: {=IFERROR(IF($DI$11="Metro",INDEX($CZ$13:$CZ$929,SMALL(IF((County=$DA$13:$DA$929),MATCH(ROW($DA$13:$DA$929),ROW($DA$13:$DA$929)),""),ROWS($A$13:$A18))),INDEX($DC$13:$DC$212,SMALL(IF((County=$DD$13:$DD$212),MATCH(ROW($DD$13:$DD$212),ROW($DD$13:$DD$212)),""),ROWS($A$13:$A18)))),"")} | DK18: {=IFERROR(IF($DK$11="Yes",INDEX($DF$13:$DF$2838,SMALL(IF((County=$DG$13:$DG$2838),MATCH(ROW($DG$13:$DG$2838),ROW($DG$13:$DG$2838)),""),ROWS($A$13:$A18))),""),"")} | DM18: 32082 | DN18: St. Johns | DP18: 1.05 | DQ18: Manatee | DS18: 103.01 | DT18: DeSoto | DV18: 1.02 | DW18: Hendry | EB18: Alachua | EC18: =VLOOKUP(EB18,Data1!$A$405:$H$471,8) -> Medium | ED18: 2025-228SA | EE18: Woodland Park II - Site 3 | EF18: 29.631935 | EG18: -82.317333 | EH18: F | EI18: N | EJ18: =EB18&" - "&EE18 -> Alachua - Woodland Park II - Site 3 | EK18: =IF(EH18="F","Family",IF(EH18="E","Elderly Non-ALF",IF(EH18="ALF","Elderly ALF",IF(EH18="W","Workforce",IF(EH18="F,F","Farm/Fishing Worker",""))))) -> Family | EL18: ="("&EF18&", "&EG18&")" -> (29.631935, -82.317333) | EM18: =IF(EI18="N",">30",IF(EI18="Y","<31","")) -> >30 | EN18: =IF(AND($EV$11="Yes",_xlfn.MINIFS($EP$13:$EP$76,$EO$13:$EO$76,$EO18)=EP18,IFERROR(FIND("- Site",EJ18),0)>0),1,"") -> 1 | EO18: =IF(IFERROR(FIND("- site",EJ18),0)=0,EJ18,LEFT(EJ18,IFERROR(FIND("- site",EJ18),0)-2)) -> Alachua - Woodland Park II - Site 3 | EP18: =IF($EF18=0,0,2*ATAN2(SQRT(1-SIN(ABS($EF18-$EO$5)*PI()/180/2)^2+COS($EO$5*PI()/180)*COS($EF18*PI()/180)*SIN(ABS($EG18-$EO$6)*PI()/180/2)^2),SQRT(SIN(ABS($EF18-$EO$5)*PI()/180/2)^2+COS($EO$5*PI()/180)*COS($EF18*PI()/180)*SIN(ABS($EG18-$EO$6)*PI()/180/2)^2))*SQRT((($EK$5^2*COS($EO$5))^2+($EK$6^2*SIN($EO$5))^2)/(($EK$5*COS($EO$5))^2+($EK$6*SIN($EO$5))^2))/$EK$7) -> 4169.2454 | EQ18: =IF($EO$7=EK18,"Yes","No") -> No | ER18: =VLOOKUP(EB18,Data1!$G$405:$H$471,2) -> Medium | ES18: =IF(COUNTA($EJ$13:$EJ18)<=$EU$12,LOOKUP(COUNTA($EJ$13:$EJ18),DS_Proximity_List_Sequence,DS_Proximity_List_PublishNames)&", about "&TEXT(ROUND(LOOKUP(COUNTA($EJ$13:$EJ18),DS_Proximity_List_Sequence,DS_Mandadory_Distance_Calc),$ET$10),CHOOSE($ET$10+1,"0","0.0","0.00","0.000","0.0000"))&" miles, with "&LOOKUP(COUNTA($EJ$13:$EJ18),DS_Proximity_List_Sequence,DS_Prox_List_Demo)&" Demo","") | ET18: =IF(EU18>0,SUM(EU$13:EU18),"") | EU18: =IF(AND(ER18="Large",OR($ER$5="NA",$ER$6="NA",$ER$7="NA")),0,IF(AND(EP18<IF(LDA_Notice="LDA",IF(ER18="Small",N($EP$5)+N($EP$8),IF(ER18="Medium",N($EQ$5)+N($EQ$8),N($ER$5)+N($ER$8))),IF(EM18=">30",IF(ER18="Small",N($EP$6)+N($EP$8),IF(ER18="Medium",N($EQ$6)+N($EQ$8),N($ER$6)+N($ER$8))),IF(ER18="Small",N($EP$7)+N($EP$8),IF(ER18="Medium",N($EQ$7)+N($EQ$8),N($ER$7)+N($ER$8))))),EQ18="Yes",OR(IFERROR(FIND("- site",EJ18),0)=0,$EV$11="No",AND(IFERROR(FIND("- site",EJ18),0)>0,EN18=1)),OR(Proximity_list_related<>"Yes",AND(Proximity_list_related="Yes",EJ18<>Prox_List_Related_Disregard_1,EJ18<>Prox_List_Related_Disregard_2,EJ18<>Prox_List_Related_Disregard_3,EJ18<>Prox_List_Related_Disregard_4,EJ18<>Prox_List_Related_Disregard_5))),1,0)) -> 0 | EV18: =IF(AND($EV$11="Yes",IFERROR(FIND("- Site",EJ18),0)>0,EN18=1)=FALSE,EJ18,LEFT(EJ18,LEN(EJ18)-(LEN(EJ18)-FIND("- Site",EJ18)+1))) -> Alachua - Woodland Park II
A19: 32904 | B19: Brevard | D19: Hardee | F19: 15.14 | G19: Alachua | I19: 104.04 | J19: DeSoto | L19: 15.17 | M19: Alachua | R19: {=IFERROR(IF($R$11="Metro",INDEX($F$13:$F$829,SMALL(IF((County=$G$13:$G$829),MATCH(ROW($G$13:$G$829),ROW($G$13:$G$829)),""),ROWS($A$13:A19))),INDEX($I$13:$I$44,SMALL(IF((County=$J$13:$J$44),MATCH(ROW($J$13:$J$44),ROW($J$13:$J$44)),""),ROWS($A$13:A19)))),"")} | T19: {=IFERROR(IF($T$11="Yes",INDEX($L$13:$L$2813,SMALL(IF((County=$M$13:$M$2813),MATCH(ROW($M$13:$M$2813),ROW($M$13:$M$2813)),""),ROWS($A$13:A19))),""),"")} | V19: {=IFERROR(IF($T$11="Yes",INDEX($O$14:$O$2811,SMALL(IF((County=$P$14:$P$2811),MATCH(ROW($P$14:$P$2811),ROW($P$14:$P$2811)),""),ROWS($A$13:A19))),""),"")} | X19: 32082 | Y19: St. Johns | AA19: 1.09 | AB19: Miami-Dade | AD19: 103.02 | AE19: DeSoto | AG19: 1.01 | AH19: Hillsborough | AM19: 32925 | AN19: Brevard | AP19: Glades | AR19: 9.01 | AS19: Alachua | AU19: 202 | AV19: Hamilton | AX19: 12.02 | AY19: Alachua | BA19: {=IFERROR(IF($BA$11="Metro",INDEX($AR$13:$AR$814,SMALL(IF((County=$AS$13:$AS$814),MATCH(ROW($AS$13:$AS$814),ROW($AS$13:$AS$814)),""),ROWS($A$13:$A19))),INDEX($AU$13:$AU$48,SMALL(IF((County=$AV$13:$AV$48),MATCH(ROW($AV$13:$AV$48),ROW($AV$13:$AV$48)),""),ROWS($A$13:$A19)))),"")} | BC19: {=IFERROR(IF($BC$11="Yes",INDEX($AX$13:$AX$2950,SMALL(IF((County=$AY$13:$AY$2950),MATCH(ROW($AY$13:$AY$2950),ROW($AY$13:$AY$2950)),""),ROWS($A$13:$A19))),""),"")} | BE19: 32124 | BF19: Volusia | BH19: 1.06 | BI19: Manatee | BK19: 200 | BL19: Washington | BN19: 1.02 | BO19: Collier | BQ19: 32908 | BR19: Brevard | BT19: Glades | BV19: 6 | BW19: Alachua | BY19: 101 | BZ19: Calhoun | CB19: 12.02 | CC19: Alachua | CE19: {=IFERROR(IF($CE$11="Metro",INDEX($BV$13:$BV$4972,SMALL(IF((County=$BW$13:$BW$4972),MATCH(ROW($BW$13:$BW$4972),ROW($BW$13:$BW$4972)),""),ROWS($A$13:$A19))),INDEX($BY$13:$BY$212,SMALL(IF((County=$BZ$13:$BZ$212),MATCH(ROW($BZ$13:$BZ$212),ROW($BZ$13:$BZ$212)),""),ROWS($A$13:$A19)))),"")} | CG19: {=IFERROR(IF($CG$11="Yes",INDEX($CB$13:$CB$2950,SMALL(IF((County=$CC$13:$CC$2950),MATCH(ROW($CC$13:$CC$2950),ROW($CC$13:$CC$2950)),""),ROWS($A$13:$A19))),""),"")} | CI19: 32124 | CJ19: Volusia | CL19: 1.01 | CM19: Marion | CO19: 2.01 | CP19: Glades | CR19: 1.02 | CS19: Marion | CU19: 32925 | CV19: Brevard | CX19: Hardee | CZ19: 15.14 | DA19: Alachua | DC19: 9702.01 | DD19: Dixie | DF19: 12.02 | DG19: Alachua | DI19: {=IFERROR(IF($DI$11="Metro",INDEX($CZ$13:$CZ$929,SMALL(IF((County=$DA$13:$DA$929),MATCH(ROW($DA$13:$DA$929),ROW($DA$13:$DA$929)),""),ROWS($A$13:$A19))),INDEX($DC$13:$DC$212,SMALL(IF((County=$DD$13:$DD$212),MATCH(ROW($DD$13:$DD$212),ROW($DD$13:$DD$212)),""),ROWS($A$13:$A19)))),"")} | DK19: {=IFERROR(IF($DK$11="Yes",INDEX($DF$13:$DF$2838,SMALL(IF((County=$DG$13:$DG$2838),MATCH(ROW($DG$13:$DG$2838),ROW($DG$13:$DG$2838)),""),ROWS($A$13:$A19))),""),"")} | DM19: 32092 | DN19: St. Johns | DP19: 1.06 | DQ19: Manatee | DS19: 103.02 | DT19: DeSoto | DV19: 1.02 | DW19: Marion | EB19: Bay | EC19: =VLOOKUP(EB19,Data1!$A$405:$H$471,8) -> Medium | ED19: 2026-136BSA | EE19: Latitude 30 Villas | EF19: 30.161283 | EG19: -85.630009 | EH19: E | EI19: N | EJ19: =EB19&" - "&EE19 -> Bay - Latitude 30 Villas | EK19: =IF(EH19="F","Family",IF(EH19="E","Elderly Non-ALF",IF(EH19="ALF","Elderly ALF",IF(EH19="W","Workforce",IF(EH19="F,F","Farm/Fishing Worker",""))))) -> Elderly Non-ALF | EL19: ="("&EF19&", "&EG19&")" -> (30.161283, -85.630009) | EM19: =IF(EI19="N",">30",IF(EI19="Y","<31","")) -> >30 | EN19: =IF(AND($EV$11="Yes",_xlfn.MINIFS($EP$13:$EP$76,$EO$13:$EO$76,$EO19)=EP19,IFERROR(FIND("- Site",EJ19),0)>0),1,"") | EO19: =IF(IFERROR(FIND("- site",EJ19),0)=0,EJ19,LEFT(EJ19,IFERROR(FIND("- site",EJ19),0)-2)) -> Bay - Latitude 30 Villas | EP19: =IF($EF19=0,0,2*ATAN2(SQRT(1-SIN(ABS($EF19-$EO$5)*PI()/180/2)^2+COS($EO$5*PI()/180)*COS($EF19*PI()/180)*SIN(ABS($EG19-$EO$6)*PI()/180/2)^2),SQRT(SIN(ABS($EF19-$EO$5)*PI()/180/2)^2+COS($EO$5*PI()/180)*COS($EF19*PI()/180)*SIN(ABS($EG19-$EO$6)*PI()/180/2)^2))*SQRT((($EK$5^2*COS($EO$5))^2+($EK$6^2*SIN($EO$5))^2)/(($EK$5*COS($EO$5))^2+($EK$6*SIN($EO$5))^2))/$EK$7) -> 4238.1049 | EQ19: =IF($EO$7=EK19,"Yes","No") -> No | ER19: =VLOOKUP(EB19,Data1!$G$405:$H$471,2) -> Medium | ES19: =IF(COUNTA($EJ$13:$EJ19)<=$EU$12,LOOKUP(COUNTA($EJ$13:$EJ19),DS_Proximity_List_Sequence,DS_Proximity_List_PublishNames)&", about "&TEXT(ROUND(LOOKUP(COUNTA($EJ$13:$EJ19),DS_Proximity_List_Sequence,DS_Mandadory_Distance_Calc),$ET$10),CHOOSE($ET$10+1,"0","0.0","0.00","0.000","0.0000"))&" miles, with "&LOOKUP(COUNTA($EJ$13:$EJ19),DS_Proximity_List_Sequence,DS_Prox_List_Demo)&" Demo","") | ET19: =IF(EU19>0,SUM(EU$13:EU19),"") | EU19: =IF(AND(ER19="Large",OR($ER$5="NA",$ER$6="NA",$ER$7="NA")),0,IF(AND(EP19<IF(LDA_Notice="LDA",IF(ER19="Small",N($EP$5)+N($EP$8),IF(ER19="Medium",N($EQ$5)+N($EQ$8),N($ER$5)+N($ER$8))),IF(EM19=">30",IF(ER19="Small",N($EP$6)+N($EP$8),IF(ER19="Medium",N($EQ$6)+N($EQ$8),N($ER$6)+N($ER$8))),IF(ER19="Small",N($EP$7)+N($EP$8),IF(ER19="Medium",N($EQ$7)+N($EQ$8),N($ER$7)+N($ER$8))))),EQ19="Yes",OR(IFERROR(FIND("- site",EJ19),0)=0,$EV$11="No",AND(IFERROR(FIND("- site",EJ19),0)>0,EN19=1)),OR(Proximity_list_related<>"Yes",AND(Proximity_list_related="Yes",EJ19<>Prox_List_Related_Disregard_1,EJ19<>Prox_List_Related_Disregard_2,EJ19<>Prox_List_Related_Disregard_3,EJ19<>Prox_List_Related_Disregard_4,EJ19<>Prox_List_Related_Disregard_5))),1,0)) -> 0 | EV19: =IF(AND($EV$11="Yes",IFERROR(FIND("- Site",EJ19),0)>0,EN19=1)=FALSE,EJ19,LEFT(EJ19,LEN(EJ19)-(LEN(EJ19)-FIND("- Site",EJ19)+1))) -> Bay - Latitude 30 Villas
A20: 32925 | B20: Brevard | D20: Hendry | F20: 15.15 | G20: Alachua | I20: 9702 | J20: Franklin | L20: 17.01 | M20: Alachua | R20: {=IFERROR(IF($R$11="Metro",INDEX($F$13:$F$829,SMALL(IF((County=$G$13:$G$829),MATCH(ROW($G$13:$G$829),ROW($G$13:$G$829)),""),ROWS($A$13:A20))),INDEX($I$13:$I$44,SMALL(IF((County=$J$13:$J$44),MATCH(ROW($J$13:$J$44),ROW($J$13:$J$44)),""),ROWS($A$13:A20)))),"")} | T20: {=IFERROR(IF($T$11="Yes",INDEX($L$13:$L$2813,SMALL(IF((County=$M$13:$M$2813),MATCH(ROW($M$13:$M$2813),ROW($M$13:$M$2813)),""),ROWS($A$13:A20))),""),"")} | V20: {=IFERROR(IF($T$11="Yes",INDEX($O$14:$O$2811,SMALL(IF((County=$P$14:$P$2811),MATCH(ROW($P$14:$P$2811),ROW($P$14:$P$2811)),""),ROWS($A$13:A20))),""),"")} | X20: 32092 | Y20: St. Johns | AA20: 1.26 | AB20: Miami-Dade | AD20: 104.04 | AE20: DeSoto | AG20: 1.01 | AH20: Manatee | AM20: 32934 | AN20: Brevard | AP20: Gulf | AR20: 15.14 | AS20: Alachua | AU20: 201 | AV20: Hardee | AX20: 12.03 | AY20: Alachua | BA20: {=IFERROR(IF($BA$11="Metro",INDEX($AR$13:$AR$814,SMALL(IF((County=$AS$13:$AS$814),MATCH(ROW($AS$13:$AS$814),ROW($AS$13:$AS$814)),""),ROWS($A$13:$A20))),INDEX($AU$13:$AU$48,SMALL(IF((County=$AV$13:$AV$48),MATCH(ROW($AV$13:$AV$48),ROW($AV$13:$AV$48)),""),ROWS($A$13:$A20)))),"")} | BC20: {=IFERROR(IF($BC$11="Yes",INDEX($AX$13:$AX$2950,SMALL(IF((County=$AY$13:$AY$2950),MATCH(ROW($AY$13:$AY$2950),ROW($AY$13:$AY$2950)),""),ROWS($A$13:$A20))),""),"")} | BE20: 32128 | BF20: Volusia | BH20: 1.09 | BI20: Miami-Dade | BK20: 201 | BL20: Hamilton | BN20: 1.02 | BO20: Hendry | BQ20: 32925 | BR20: Brevard | BT20: Gulf | BV20: 7 | BW20: Alachua | BY20: 102 | BZ20: Calhoun | CB20: 12.03 | CC20: Alachua | CE20: {=IFERROR(IF($CE$11="Metro",INDEX($BV$13:$BV$4972,SMALL(IF((County=$BW$13:$BW$4972),MATCH(ROW($BW$13:$BW$4972),ROW($BW$13:$BW$4972)),""),ROWS($A$13:$A20))),INDEX($BY$13:$BY$212,SMALL(IF((County=$BZ$13:$BZ$212),MATCH(ROW($BZ$13:$BZ$212),ROW($BZ$13:$BZ$212)),""),ROWS($A$13:$A20)))),"")} | CG20: {=IFERROR(IF($CG$11="Yes",INDEX($CB$13:$CB$2950,SMALL(IF((County=$CC$13:$CC$2950),MATCH(ROW($CC$13:$CC$2950),ROW($CC$13:$CC$2950)),""),ROWS($A$13:$A20))),""),"")} | CI20: 32127 | CJ20: Volusia | CL20: 1.02 | CM20: Collier | CO20: 2.02 | CP20: Bradford | CR20: 1.02 | CS20: Palm Beach | CU20: 32934 | CV20: Brevard | CX20: Hendry | CZ20: 15.15 | DA20: Alachua | DC20: 2.02 | DD20: Glades | DF20: 12.03 | DG20: Alachua | DI20: {=IFERROR(IF($DI$11="Metro",INDEX($CZ$13:$CZ$929,SMALL(IF((County=$DA$13:$DA$929),MATCH(ROW($DA$13:$DA$929),ROW($DA$13:$DA$929)),""),ROWS($A$13:$A20))),INDEX($DC$13:$DC$212,SMALL(IF((County=$DD$13:$DD$212),MATCH(ROW($DD$13:$DD$212),ROW($DD$13:$DD$212)),""),ROWS($A$13:$A20)))),"")} | DK20: {=IFERROR(IF($DK$11="Yes",INDEX($DF$13:$DF$2838,SMALL(IF((County=$DG$13:$DG$2838),MATCH(ROW($DG$13:$DG$2838),ROW($DG$13:$DG$2838)),""),ROWS($A$13:$A20))),""),"")} | DM20: 32097 | DN20: Nassau | DP20: 1.09 | DQ20: Miami-Dade | DS20: 104.04 | DT20: DeSoto | DV20: 1.02 | DW20: Palm Beach | EB20: Bay | EC20: =VLOOKUP(EB20,Data1!$A$405:$H$471,8) -> Medium | ED20: 2024-124C | EE20: Tranquility at Saint Andrews | EF20: 30.201072 | EG20: -85.680198 | EH20: F | EI20: N | EJ20: =EB20&" - "&EE20 -> Bay - Tranquility at Saint Andrews | EK20: =IF(EH20="F","Family",IF(EH20="E","Elderly Non-ALF",IF(EH20="ALF","Elderly ALF",IF(EH20="W","Workforce",IF(EH20="F,F","Farm/Fishing Worker",""))))) -> Family | EL20: ="("&EF20&", "&EG20&")" -> (30.201072, -85.680198) | EM20: =IF(EI20="N",">30",IF(EI20="Y","<31","")) -> >30 | EN20: =IF(AND($EV$11="Yes",_xlfn.MINIFS($EP$13:$EP$76,$EO$13:$EO$76,$EO20)=EP20,IFERROR(FIND("- Site",EJ20),0)>0),1,"") | EO20: =IF(IFERROR(FIND("- site",EJ20),0)=0,EJ20,LEFT(EJ20,IFERROR(FIND("- site",EJ20),0)-2)) -> Bay - Tranquility at Saint Andrews | EP20: =IF($EF20=0,0,2*ATAN2(SQRT(1-SIN(ABS($EF20-$EO$5)*PI()/180/2)^2+COS($EO$5*PI()/180)*COS($EF20*PI()/180)*SIN(ABS($EG20-$EO$6)*PI()/180/2)^2),SQRT(SIN(ABS($EF20-$EO$5)*PI()/180/2)^2+COS($EO$5*PI()/180)*COS($EF20*PI()/180)*SIN(ABS($EG20-$EO$6)*PI()/180/2)^2))*SQRT((($EK$5^2*COS($EO$5))^2+($EK$6^2*SIN($EO$5))^2)/(($EK$5*COS($EO$5))^2+($EK$6*SIN($EO$5))^2))/$EK$7) -> 4239.5039 | EQ20: =IF($EO$7=EK20,"Yes","No") -> No | ER20: =VLOOKUP(EB20,Data1!$G$405:$H$471,2) -> Medium | ES20: =IF(COUNTA($EJ$13:$EJ20)<=$EU$12,LOOKUP(COUNTA($EJ$13:$EJ20),DS_Proximity_List_Sequence,DS_Proximity_List_PublishNames)&", about "&TEXT(ROUND(LOOKUP(COUNTA($EJ$13:$EJ20),DS_Proximity_List_Sequence,DS_Mandadory_Distance_Calc),$ET$10),CHOOSE($ET$10+1,"0","0.0","0.00","0.000","0.0000"))&" miles, with "&LOOKUP(COUNTA($EJ$13:$EJ20),DS_Proximity_List_Sequence,DS_Prox_List_Demo)&" Demo","") | ET20: =IF(EU20>0,SUM(EU$13:EU20),"") | EU20: =IF(AND(ER20="Large",OR($ER$5="NA",$ER$6="NA",$ER$7="NA")),0,IF(AND(EP20<IF(LDA_Notice="LDA",IF(ER20="Small",N($EP$5)+N($EP$8),IF(ER20="Medium",N($EQ$5)+N($EQ$8),N($ER$5)+N($ER$8))),IF(EM20=">30",IF(ER20="Small",N($EP$6)+N($EP$8),IF(ER20="Medium",N($EQ$6)+N($EQ$8),N($ER$6)+N($ER$8))),IF(ER20="Small",N($EP$7)+N($EP$8),IF(ER20="Medium",N($EQ$7)+N($EQ$8),N($ER$7)+N($ER$8))))),EQ20="Yes",OR(IFERROR(FIND("- site",EJ20),0)=0,$EV$11="No",AND(IFERROR(FIND("- site",EJ20),0)>0,EN20=1)),OR(Proximity_list_related<>"Yes",AND(Proximity_list_related="Yes",EJ20<>Prox_List_Related_Disregard_1,EJ20<>Prox_List_Related_Disregard_2,EJ20<>Prox_List_Related_Disregard_3,EJ20<>Prox_List_Related_Disregard_4,EJ20<>Prox_List_Related_Disregard_5))),1,0)) -> 0 | EV20: =IF(AND($EV$11="Yes",IFERROR(FIND("- Site",EJ20),0)>0,EN20=1)=FALSE,EJ20,LEFT(EJ20,LEN(EJ20)-(LEN(EJ20)-FIND("- Site",EJ20)+1))) -> Bay - Tranquility at Saint Andrews
A21: 32934 | B21: Brevard | D21: Lafayette | F21: 15.16 | G21: Alachua | I21: 1 | J21: Glades | L21: 17.02 | M21: Alachua | R21: {=IFERROR(IF($R$11="Metro",INDEX($F$13:$F$829,SMALL(IF((County=$G$13:$G$829),MATCH(ROW($G$13:$G$829),ROW($G$13:$G$829)),""),ROWS($A$13:A21))),INDEX($I$13:$I$44,SMALL(IF((County=$J$13:$J$44),MATCH(ROW($J$13:$J$44),ROW($J$13:$J$44)),""),ROWS($A$13:A21)))),"")} | T21: {=IFERROR(IF($T$11="Yes",INDEX($L$13:$L$2813,SMALL(IF((County=$M$13:$M$2813),MATCH(ROW($M$13:$M$2813),ROW($M$13:$M$2813)),""),ROWS($A$13:A21))),""),"")} | V21: {=IFERROR(IF($T$11="Yes",INDEX($O$14:$O$2811,SMALL(IF((County=$P$14:$P$2811),MATCH(ROW($P$14:$P$2811),ROW($P$14:$P$2811)),""),ROWS($A$13:A21))),""),"")} | X21: 32097 | Y21: Nassau | AA21: 1.32 | AB21: Miami-Dade | AD21: 1103 | AE21: Columbia | AG21: 1.02 | AH21: Hendry | AM21: 32937 | AN21: Brevard | AP21: Hamilton | AR21: 15.15 | AS21: Alachua | AU21: 301 | AV21: Hardee | AX21: 14 | AY21: Alachua | BA21: {=IFERROR(IF($BA$11="Metro",INDEX($AR$13:$AR$814,SMALL(IF((County=$AS$13:$AS$814),MATCH(ROW($AS$13:$AS$814),ROW($AS$13:$AS$814)),""),ROWS($A$13:$A21))),INDEX($AU$13:$AU$48,SMALL(IF((County=$AV$13:$AV$48),MATCH(ROW($AV$13:$AV$48),ROW($AV$13:$AV$48)),""),ROWS($A$13:$A21)))),"")} | BC21: {=IFERROR(IF($BC$11="Yes",INDEX($AX$13:$AX$2950,SMALL(IF((County=$AY$13:$AY$2950),MATCH(ROW($AY$13:$AY$2950),ROW($AY$13:$AY$2950)),""),ROWS($A$13:$A21))),""),"")} | BE21: 32129 | BF21: Volusia | BH21: 1.24 | BI21: Miami-Dade | BK21: 201 | BL21: Hardee | BN21: 1.02 | BO21: Palm Beach | BQ21: 32934 | BR21: Brevard | BT21: Hamilton | BV21: 8.06 | BW21: Alachua | BY21: 103.01 | BZ21: Calhoun | CB21: 15.14 | CC21: Alachua | CE21: {=IFERROR(IF($CE$11="Metro",INDEX($BV$13:$BV$4972,SMALL(IF((County=$BW$13:$BW$4972),MATCH(ROW($BW$13:$BW$4972),ROW($BW$13:$BW$4972)),""),ROWS($A$13:$A21))),INDEX($BY$13:$BY$212,SMALL(IF((County=$BZ$13:$BZ$212),MATCH(ROW($BZ$13:$BZ$212),ROW($BZ$13:$BZ$212)),""),ROWS($A$13:$A21)))),"")} | CG21: {=IFERROR(IF($CG$11="Yes",INDEX($CB$13:$CB$2950,SMALL(IF((County=$CC$13:$CC$2950),MATCH(ROW($CC$13:$CC$2950),ROW($CC$13:$CC$2950)),""),ROWS($A$13:$A21))),""),"")} | CI21: 32128 | CJ21: Volusia | CL21: 1.02 | CM21: Duval | CO21: 2.02 | CP21: Glades | CR21: 1.03 | CS21: Palm Beach | CU21: 32940 | CV21: Brevard | CX21: Holmes | CZ21: 15.16 | DA21: Alachua | DC21: 9602.01 | DD21: Hamilton | DF21: 15.14 | DG21: Alachua | DI21: {=IFERROR(IF($DI$11="Metro",INDEX($CZ$13:$CZ$929,SMALL(IF((County=$DA$13:$DA$929),MATCH(ROW($DA$13:$DA$929),ROW($DA$13:$DA$929)),""),ROWS($A$13:$A21))),INDEX($DC$13:$DC$212,SMALL(IF((County=$DD$13:$DD$212),MATCH(ROW($DD$13:$DD$212),ROW($DD$13:$DD$212)),""),ROWS($A$13:$A21)))),"")} | DK21: {=IFERROR(IF($DK$11="Yes",INDEX($DF$13:$DF$2838,SMALL(IF((County=$DG$13:$DG$2838),MATCH(ROW($DG$13:$DG$2838),ROW($DG$13:$DG$2838)),""),ROWS($A$13:$A21))),""),"")} | DM21: 32102 | DN21: Lake | DP21: 1.26 | DQ21: Miami-Dade | DS21: 1102 | DT21: Madison | DV21: 1.03 | DW21: Palm Beach | EB21: Bradford | EC21: =VLOOKUP(EB21,Data1!$A$405:$H$471,8) -> Small | ED21: 2025-167BS | EE21: New River Place | EF21: 29.947231 | EG21: -82.102041 | EH21: F | EI21: N | EJ21: =EB21&" - "&EE21 -> Bradford - New River Place | EK21: =IF(EH21="F","Family",IF(EH21="E","Elderly Non-ALF",IF(EH21="ALF","Elderly ALF",IF(EH21="W","Workforce",IF(EH21="F,F","Farm/Fishing Worker",""))))) -> Family | EL21: ="("&EF21&", "&EG21&")" -> (29.947231, -82.102041) | EM21: =IF(EI21="N",">30",IF(EI21="Y","<31","")) -> >30 | EN21: =IF(AND($EV$11="Yes",_xlfn.MINIFS($EP$13:$EP$76,$EO$13:$EO$76,$EO21)=EP21,IFERROR(FIND("- Site",EJ21),0)>0),1,"") | EO21: =IF(IFERROR(FIND("- site",EJ21),0)=0,EJ21,LEFT(EJ21,IFERROR(FIND("- site",EJ21),0)-2)) -> Bradford - New River Place | EP21: =IF($EF21=0,0,2*ATAN2(SQRT(1-SIN(ABS($EF21-$EO$5)*PI()/180/2)^2+COS($EO$5*PI()/180)*COS($EF21*PI()/180)*SIN(ABS($EG21-$EO$6)*PI()/180/2)^2),SQRT(SIN(ABS($EF21-$EO$5)*PI()/180/2)^2+COS($EO$5*PI()/180)*COS($EF21*PI()/180)*SIN(ABS($EG21-$EO$6)*PI()/180/2)^2))*SQRT((($EK$5^2*COS($EO$5))^2+($EK$6^2*SIN($EO$5))^2)/(($EK$5*COS($EO$5))^2+($EK$6*SIN($EO$5))^2))/$EK$7) -> 4169.1412 | EQ21: =IF($EO$7=EK21,"Yes","No") -> No | ER21: =VLOOKUP(EB21,Data1!$G$405:$H$471,2) -> Small | ES21: =IF(COUNTA($EJ$13:$EJ21)<=$EU$12,LOOKUP(COUNTA($EJ$13:$EJ21),DS_Proximity_List_Sequence,DS_Proximity_List_PublishNames)&", about "&TEXT(ROUND(LOOKUP(COUNTA($EJ$13:$EJ21),DS_Proximity_List_Sequence,DS_Mandadory_Distance_Calc),$ET$10),CHOOSE($ET$10+1,"0","0.0","0.00","0.000","0.0000"))&" miles, with "&LOOKUP(COUNTA($EJ$13:$EJ21),DS_Proximity_List_Sequence,DS_Prox_List_Demo)&" Demo","") | ET21: =IF(EU21>0,SUM(EU$13:EU21),"") | EU21: =IF(AND(ER21="Large",OR($ER$5="NA",$ER$6="NA",$ER$7="NA")),0,IF(AND(EP21<IF(LDA_Notice="LDA",IF(ER21="Small",N($EP$5)+N($EP$8),IF(ER21="Medium",N($EQ$5)+N($EQ$8),N($ER$5)+N($ER$8))),IF(EM21=">30",IF(ER21="Small",N($EP$6)+N($EP$8),IF(ER21="Medium",N($EQ$6)+N($EQ$8),N($ER$6)+N($ER$8))),IF(ER21="Small",N($EP$7)+N($EP$8),IF(ER21="Medium",N($EQ$7)+N($EQ$8),N($ER$7)+N($ER$8))))),EQ21="Yes",OR(IFERROR(FIND("- site",EJ21),0)=0,$EV$11="No",AND(IFERROR(FIND("- site",EJ21),0)>0,EN21=1)),OR(Proximity_list_related<>"Yes",AND(Proximity_list_related="Yes",EJ21<>Prox_List_Related_Disregard_1,EJ21<>Prox_List_Related_Disregard_2,EJ21<>Prox_List_Related_Disregard_3,EJ21<>Prox_List_Related_Disregard_4,EJ21<>Prox_List_Related_Disregard_5))),1,0)) -> 0 | EV21: =IF(AND($EV$11="Yes",IFERROR(FIND("- Site",EJ21),0)>0,EN21=1)=FALSE,EJ21,LEFT(EJ21,LEN(EJ21)-(LEN(EJ21)-FIND("- Site",EJ21)+1))) -> Bradford - New River Place
A22: 32937 | B22: Brevard | D22: Madison | F22: 15.19 | G22: Alachua | I22: 2.02 | J22: Glades | L22: 18.02 | M22: Alachua | R22: {=IFERROR(IF($R$11="Metro",INDEX($F$13:$F$829,SMALL(IF((County=$G$13:$G$829),MATCH(ROW($G$13:$G$829),ROW($G$13:$G$829)),""),ROWS($A$13:A22))),INDEX($I$13:$I$44,SMALL(IF((County=$J$13:$J$44),MATCH(ROW($J$13:$J$44),ROW($J$13:$J$44)),""),ROWS($A$13:A22)))),"")} | T22: {=IFERROR(IF($T$11="Yes",INDEX($L$13:$L$2813,SMALL(IF((County=$M$13:$M$2813),MATCH(ROW($M$13:$M$2813),ROW($M$13:$M$2813)),""),ROWS($A$13:A22))),""),"")} | V22: {=IFERROR(IF($T$11="Yes",INDEX($O$14:$O$2811,SMALL(IF((County=$P$14:$P$2811),MATCH(ROW($P$14:$P$2811),ROW($P$14:$P$2811)),""),ROWS($A$13:A22))),""),"")} | X22: 32119 | Y22: Volusia | AA22: 2 | AB22: Duval | AD22: 1103.02 | AE22: Madison | AG22: 1.02 | AH22: Marion | AM22: 32940 | AN22: Brevard | AP22: Hardee | AR22: 15.16 | AS22: Alachua | AU22: 302 | AV22: Hardee | AX22: 15.17 | AY22: Alachua | BA22: {=IFERROR(IF($BA$11="Metro",INDEX($AR$13:$AR$814,SMALL(IF((County=$AS$13:$AS$814),MATCH(ROW($AS$13:$AS$814),ROW($AS$13:$AS$814)),""),ROWS($A$13:$A22))),INDEX($AU$13:$AU$48,SMALL(IF((County=$AV$13:$AV$48),MATCH(ROW($AV$13:$AV$48),ROW($AV$13:$AV$48)),""),ROWS($A$13:$A22)))),"")} | BC22: {=IFERROR(IF($BC$11="Yes",INDEX($AX$13:$AX$2950,SMALL(IF((County=$AY$13:$AY$2950),MATCH(ROW($AY$13:$AY$2950),ROW($AY$13:$AY$2950)),""),ROWS($A$13:$A22))),""),"")} | BE22: 32133 | BF22: Marion | BH22: 1.26 | BI22: Miami-Dade | BK22: 201 | BL22: Putnam | BN22: 1.03 | BO22: Palm Beach | BQ22: 32937 | BR22: Brevard | BT22: Hardee | BV22: 8.08 | BW22: Alachua | BY22: 103.02 | BZ22: Calhoun | CB22: 15.22 | CC22: Alachua | CE22: {=IFERROR(IF($CE$11="Metro",INDEX($BV$13:$BV$4972,SMALL(IF((County=$BW$13:$BW$4972),MATCH(ROW($BW$13:$BW$4972),ROW($BW$13:$BW$4972)),""),ROWS($A$13:$A22))),INDEX($BY$13:$BY$212,SMALL(IF((County=$BZ$13:$BZ$212),MATCH(ROW($BZ$13:$BZ$212),ROW($BZ$13:$BZ$212)),""),ROWS($A$13:$A22)))),"")} | CG22: {=IFERROR(IF($CG$11="Yes",INDEX($CB$13:$CB$2950,SMALL(IF((County=$CC$13:$CC$2950),MATCH(ROW($CC$13:$CC$2950),ROW($CC$13:$CC$2950)),""),ROWS($A$13:$A22))),""),"")} | CI22: 32129 | CJ22: Volusia | CL22: 1.02 | CM22: Hillsborough | CO22: 3 | CP22: Glades | CR22: 1.03 | CS22: Sarasota | CU22: 32951 | CV22: Brevard | CX22: Jackson | CZ22: 15.17 | DA22: Alachua | DC22: 9602.02 | DD22: Hamilton | DF22: 15.17 | DG22: Alachua | DI22: {=IFERROR(IF($DI$11="Metro",INDEX($CZ$13:$CZ$929,SMALL(IF((County=$DA$13:$DA$929),MATCH(ROW($DA$13:$DA$929),ROW($DA$13:$DA$929)),""),ROWS($A$13:$A22))),INDEX($DC$13:$DC$212,SMALL(IF((County=$DD$13:$DD$212),MATCH(ROW($DD$13:$DD$212),ROW($DD$13:$DD$212)),""),ROWS($A$13:$A22)))),"")} | DK22: {=IFERROR(IF($DK$11="Yes",INDEX($DF$13:$DF$2838,SMALL(IF((County=$DG$13:$DG$2838),MATCH(ROW($DG$13:$DG$2838),ROW($DG$13:$DG$2838)),""),ROWS($A$13:$A22))),""),"")} | DM22: 32124 | DN22: Volusia | DP22: 1.32 | DQ22: Miami-Dade | DS22: 1103 | DT22: Columbia | DV22: 1.03 | DW22: Sarasota | EB22: Brevard | EC22: =VLOOKUP(EB22,Data1!$A$405:$H$471,8) -> Medium | ED22: 2026-355S | EE22: Dominium Cocoa West | EF22: 28.355447 | EG22: -80.780845 | EH22: F,F | EI22: N | EJ22: =EB22&" - "&EE22 -> Brevard - Dominium Cocoa West | EK22: =IF(EH22="F","Family",IF(EH22="E","Elderly Non-ALF",IF(EH22="ALF","Elderly ALF",IF(EH22="W","Workforce",IF(EH22="F,F","Farm/Fishing Worker",""))))) -> Farm/Fishing Worker | EL22: ="("&EF22&", "&EG22&")" -> (28.355447, -80.780845) | EM22: =IF(EI22="N",">30",IF(EI22="Y","<31","")) -> >30 | EN22: =IF(AND($EV$11="Yes",_xlfn.MINIFS($EP$13:$EP$76,$EO$13:$EO$76,$EO22)=EP22,IFERROR(FIND("- Site",EJ22),0)>0),1,"") | EO22: =IF(IFERROR(FIND("- site",EJ22),0)=0,EJ22,LEFT(EJ22,IFERROR(FIND("- site",EJ22),0)-2)) -> Brevard - Dominium Cocoa West | EP22: =IF($EF22=0,0,2*ATAN2(SQRT(1-SIN(ABS($EF22-$EO$5)*PI()/180/2)^2+COS($EO$5*PI()/180)*COS($EF22*PI()/180)*SIN(ABS($EG22-$EO$6)*PI()/180/2)^2),SQRT(SIN(ABS($EF22-$EO$5)*PI()/180/2)^2+COS($EO$5*PI()/180)*COS($EF22*PI()/180)*SIN(ABS($EG22-$EO$6)*PI()/180/2)^2))*SQRT((($EK$5^2*COS($EO$5))^2+($EK$6^2*SIN($EO$5))^2)/(($EK$5*COS($EO$5))^2+($EK$6*SIN($EO$5))^2))/$EK$7) -> 4122.5477 | EQ22: =IF($EO$7=EK22,"Yes","No") -> No | ER22: =VLOOKUP(EB22,Data1!$G$405:$H$471,2) -> Medium | ES22: =IF(COUNTA($EJ$13:$EJ22)<=$EU$12,LOOKUP(COUNTA($EJ$13:$EJ22),DS_Proximity_List_Sequence,DS_Proximity_List_PublishNames)&", about "&TEXT(ROUND(LOOKUP(COUNTA($EJ$13:$EJ22),DS_Proximity_List_Sequence,DS_Mandadory_Distance_Calc),$ET$10),CHOOSE($ET$10+1,"0","0.0","0.00","0.000","0.0000"))&" miles, with "&LOOKUP(COUNTA($EJ$13:$EJ22),DS_Proximity_List_Sequence,DS_Prox_List_Demo)&" Demo","") | ET22: =IF(EU22>0,SUM(EU$13:EU22),"") | EU22: =IF(AND(ER22="Large",OR($ER$5="NA",$ER$6="NA",$ER$7="NA")),0,IF(AND(EP22<IF(LDA_Notice="LDA",IF(ER22="Small",N($EP$5)+N($EP$8),IF(ER22="Medium",N($EQ$5)+N($EQ$8),N($ER$5)+N($ER$8))),IF(EM22=">30",IF(ER22="Small",N($EP$6)+N($EP$8),IF(ER22="Medium",N($EQ$6)+N($EQ$8),N($ER$6)+N($ER$8))),IF(ER22="Small",N($EP$7)+N($EP$8),IF(ER22="Medium",N($EQ$7)+N($EQ$8),N($ER$7)+N($ER$8))))),EQ22="Yes",OR(IFERROR(FIND("- site",EJ22),0)=0,$EV$11="No",AND(IFERROR(FIND("- site",EJ22),0)>0,EN22=1)),OR(Proximity_list_related<>"Yes",AND(Proximity_list_related="Yes",EJ22<>Prox_List_Related_Disregard_1,EJ22<>Prox_List_Related_Disregard_2,EJ22<>Prox_List_Related_Disregard_3,EJ22<>Prox_List_Related_Disregard_4,EJ22<>Prox_List_Related_Disregard_5))),1,0)) -> 0 | EV22: =IF(AND($EV$11="Yes",IFERROR(FIND("- Site",EJ22),0)>0,EN22=1)=FALSE,EJ22,LEFT(EJ22,LEN(EJ22)-(LEN(EJ22)-FIND("- Site",EJ22)+1))) -> Brevard - Dominium Cocoa West
A23: 32940 | B23: Brevard | D23: Monroe | F23: 15.22 | G23: Alachua | I23: 9602.01 | J23: Hamilton | L23: 18.03 | M23: Alachua | R23: {=IFERROR(IF($R$11="Metro",INDEX($F$13:$F$829,SMALL(IF((County=$G$13:$G$829),MATCH(ROW($G$13:$G$829),ROW($G$13:$G$829)),""),ROWS($A$13:A23))),INDEX($I$13:$I$44,SMALL(IF((County=$J$13:$J$44),MATCH(ROW($J$13:$J$44),ROW($J$13:$J$44)),""),ROWS($A$13:A23)))),"")} | T23: {=IFERROR(IF($T$11="Yes",INDEX($L$13:$L$2813,SMALL(IF((County=$M$13:$M$2813),MATCH(ROW($M$13:$M$2813),ROW($M$13:$M$2813)),""),ROWS($A$13:A23))),""),"")} | V23: {=IFERROR(IF($T$11="Yes",INDEX($O$14:$O$2811,SMALL(IF((County=$P$14:$P$2811),MATCH(ROW($P$14:$P$2811),ROW($P$14:$P$2811)),""),ROWS($A$13:A23))),""),"")} | X23: 32124 | Y23: Volusia | AA23: 2 | AB23: Sarasota | AD23: 1104 | AE23: Columbia | AG23: 1.02 | AH23: Palm Beach | AM23: 32951 | AN23: Brevard | AP23: Hendry | AR23: 15.17 | AS23: Alachua | AU23: 401 | AV23: Hardee | AX23: 16.05 | AY23: Alachua | BA23: {=IFERROR(IF($BA$11="Metro",INDEX($AR$13:$AR$814,SMALL(IF((County=$AS$13:$AS$814),MATCH(ROW($AS$13:$AS$814),ROW($AS$13:$AS$814)),""),ROWS($A$13:$A23))),INDEX($AU$13:$AU$48,SMALL(IF((County=$AV$13:$AV$48),MATCH(ROW($AV$13:$AV$48),ROW($AV$13:$AV$48)),""),ROWS($A$13:$A23)))),"")} | BC23: {=IFERROR(IF($BC$11="Yes",INDEX($AX$13:$AX$2950,SMALL(IF((County=$AY$13:$AY$2950),MATCH(ROW($AY$13:$AY$2950),ROW($AY$13:$AY$2950)),""),ROWS($A$13:$A23))),""),"")} | BE23: 32162 | BF23: Sumter | BH23: 2 | BI23: Duval | BK23: 202 | BL23: Dixie | BN23: 1.03 | BO23: Sarasota | BQ23: 32940 | BR23: Brevard | BT23: Hendry | BV23: 8.09 | BW23: Alachua | BY23: 1102.01 | BZ23: Columbia | CB23: 16.05 | CC23: Alachua | CE23: {=IFERROR(IF($CE$11="Metro",INDEX($BV$13:$BV$4972,SMALL(IF((County=$BW$13:$BW$4972),MATCH(ROW($BW$13:$BW$4972),ROW($BW$13:$BW$4972)),""),ROWS($A$13:$A23))),INDEX($BY$13:$BY$212,SMALL(IF((County=$BZ$13:$BZ$212),MATCH(ROW($BZ$13:$BZ$212),ROW($BZ$13:$BZ$212)),""),ROWS($A$13:$A23)))),"")} | CG23: {=IFERROR(IF($CG$11="Yes",INDEX($CB$13:$CB$2950,SMALL(IF((County=$CC$13:$CC$2950),MATCH(ROW($CC$13:$CC$2950),ROW($CC$13:$CC$2950)),""),ROWS($A$13:$A23))),""),"")} | CI23: 32133 | CJ23: Marion | CL23: 1.02 | CM23: Marion | CO23: 3 | CP23: Hendry | CR23: 1.04 | CS23: Palm Beach | CU23: 33009 | CV23: Broward | CX23: Lafayette | CZ23: 15.19 | DA23: Alachua | DC23: 9701.02 | DD23: Hardee | DF23: 17.01 | DG23: Alachua | DI23: {=IFERROR(IF($DI$11="Metro",INDEX($CZ$13:$CZ$929,SMALL(IF((County=$DA$13:$DA$929),MATCH(ROW($DA$13:$DA$929),ROW($DA$13:$DA$929)),""),ROWS($A$13:$A23))),INDEX($DC$13:$DC$212,SMALL(IF((County=$DD$13:$DD$212),MATCH(ROW($DD$13:$DD$212),ROW($DD$13:$DD$212)),""),ROWS($A$13:$A23)))),"")} | DK23: {=IFERROR(IF($DK$11="Yes",INDEX($DF$13:$DF$2838,SMALL(IF((County=$DG$13:$DG$2838),MATCH(ROW($DG$13:$DG$2838),ROW($DG$13:$DG$2838)),""),ROWS($A$13:$A23))),""),"")} | DM23: 32128 | DN23: Volusia | DP23: 2 | DQ23: Duval | DS23: 1103.02 | DT23: Madison | DV23: 1.04 | DW23: Palm Beach | EB23: Brevard | EC23: =VLOOKUP(EB23,Data1!$A$405:$H$471,8) -> Medium | ED23: 2026-066BS | EE23: Rockledge Apartments | EF23: 28.317038 | EG23: -80.722782 | EH23: F | EI23: N | EJ23: =EB23&" - "&EE23 -> Brevard - Rockledge Apartments | EK23: =IF(EH23="F","Family",IF(EH23="E","Elderly Non-ALF",IF(EH23="ALF","Elderly ALF",IF(EH23="W","Workforce",IF(EH23="F,F","Farm/Fishing Worker",""))))) -> Family | EL23: ="("&EF23&", "&EG23&")" -> (28.317038, -80.722782) | EM23: =IF(EI23="N",">30",IF(EI23="Y","<31","")) -> >30 | EN23: =IF(AND($EV$11="Yes",_xlfn.MINIFS($EP$13:$EP$76,$EO$13:$EO$76,$EO23)=EP23,IFERROR(FIND("- Site",EJ23),0)>0),1,"") | EO23: =IF(IFERROR(FIND("- site",EJ23),0)=0,EJ23,LEFT(EJ23,IFERROR(FIND("- site",EJ23),0)-2)) -> Brevard - Rockledge Apartments | EP23: =IF($EF23=0,0,2*ATAN2(SQRT(1-SIN(ABS($EF23-$EO$5)*PI()/180/2)^2+COS($EO$5*PI()/180)*COS($EF23*PI()/180)*SIN(ABS($EG23-$EO$6)*PI()/180/2)^2),SQRT(SIN(ABS($EF23-$EO$5)*PI()/180/2)^2+COS($EO$5*PI()/180)*COS($EF23*PI()/180)*SIN(ABS($EG23-$EO$6)*PI()/180/2)^2))*SQRT((($EK$5^2*COS($EO$5))^2+($EK$6^2*SIN($EO$5))^2)/(($EK$5*COS($EO$5))^2+($EK$6*SIN($EO$5))^2))/$EK$7) -> 4120.8861 | EQ23: =IF($EO$7=EK23,"Yes","No") -> No | ER23: =VLOOKUP(EB23,Data1!$G$405:$H$471,2) -> Medium | ES23: =IF(COUNTA($EJ$13:$EJ23)<=$EU$12,LOOKUP(COUNTA($EJ$13:$EJ23),DS_Proximity_List_Sequence,DS_Proximity_List_PublishNames)&", about "&TEXT(ROUND(LOOKUP(COUNTA($EJ$13:$EJ23),DS_Proximity_List_Sequence,DS_Mandadory_Distance_Calc),$ET$10),CHOOSE($ET$10+1,"0","0.0","0.00","0.000","0.0000"))&" miles, with "&LOOKUP(COUNTA($EJ$13:$EJ23),DS_Proximity_List_Sequence,DS_Prox_List_Demo)&" Demo","") | ET23: =IF(EU23>0,SUM(EU$13:EU23),"") | EU23: =IF(AND(ER23="Large",OR($ER$5="NA",$ER$6="NA",$ER$7="NA")),0,IF(AND(EP23<IF(LDA_Notice="LDA",IF(ER23="Small",N($EP$5)+N($EP$8),IF(ER23="Medium",N($EQ$5)+N($EQ$8),N($ER$5)+N($ER$8))),IF(EM23=">30",IF(ER23="Small",N($EP$6)+N($EP$8),IF(ER23="Medium",N($EQ$6)+N($EQ$8),N($ER$6)+N($ER$8))),IF(ER23="Small",N($EP$7)+N($EP$8),IF(ER23="Medium",N($EQ$7)+N($EQ$8),N($ER$7)+N($ER$8))))),EQ23="Yes",OR(IFERROR(FIND("- site",EJ23),0)=0,$EV$11="No",AND(IFERROR(FIND("- site",EJ23),0)>0,EN23=1)),OR(Proximity_list_related<>"Yes",AND(Proximity_list_related="Yes",EJ23<>Prox_List_Related_Disregard_1,EJ23<>Prox_List_Related_Disregard_2,EJ23<>Prox_List_Related_Disregard_3,EJ23<>Prox_List_Related_Disregard_4,EJ23<>Prox_List_Related_Disregard_5))),1,0)) -> 0 | EV23: =IF(AND($EV$11="Yes",IFERROR(FIND("- Site",EJ23),0)>0,EN23=1)=FALSE,EJ23,LEFT(EJ23,LEN(EJ23)-(LEN(EJ23)-FIND("- Site",EJ23)+1))) -> Brevard - Rockledge Apartments
A24: 32950 | B24: Brevard | D24: Okeechobee | F24: 16.05 | G24: Alachua | I24: 9602.02 | J24: Hamilton | L24: 18.11 | M24: Alachua | R24: {=IFERROR(IF($R$11="Metro",INDEX($F$13:$F$829,SMALL(IF((County=$G$13:$G$829),MATCH(ROW($G$13:$G$829),ROW($G$13:$G$829)),""),ROWS($A$13:A24))),INDEX($I$13:$I$44,SMALL(IF((County=$J$13:$J$44),MATCH(ROW($J$13:$J$44),ROW($J$13:$J$44)),""),ROWS($A$13:A24)))),"")} | T24: {=IFERROR(IF($T$11="Yes",INDEX($L$13:$L$2813,SMALL(IF((County=$M$13:$M$2813),MATCH(ROW($M$13:$M$2813),ROW($M$13:$M$2813)),""),ROWS($A$13:A24))),""),"")} | V24: {=IFERROR(IF($T$11="Yes",INDEX($O$14:$O$2811,SMALL(IF((County=$P$14:$P$2811),MATCH(ROW($P$14:$P$2811),ROW($P$14:$P$2811)),""),ROWS($A$13:A24))),""),"")} | X24: 32127 | Y24: Volusia | AA24: 2.01 | AB24: Hillsborough | AD24: 1109.01 | AE24: Columbia | AG24: 1.03 | AH24: Palm Beach | AM24: 32955 | AN24: Brevard | AP24: Holmes | AR24: 15.19 | AS24: Alachua | AU24: 200 | AV24: Hendry | AX24: 17.01 | AY24: Alachua | BA24: {=IFERROR(IF($BA$11="Metro",INDEX($AR$13:$AR$814,SMALL(IF((County=$AS$13:$AS$814),MATCH(ROW($AS$13:$AS$814),ROW($AS$13:$AS$814)),""),ROWS($A$13:$A24))),INDEX($AU$13:$AU$48,SMALL(IF((County=$AV$13:$AV$48),MATCH(ROW($AV$13:$AV$48),ROW($AV$13:$AV$48)),""),ROWS($A$13:$A24)))),"")} | BC24: {=IFERROR(IF($BC$11="Yes",INDEX($AX$13:$AX$2950,SMALL(IF((County=$AY$13:$AY$2950),MATCH(ROW($AY$13:$AY$2950),ROW($AY$13:$AY$2950)),""),ROWS($A$13:$A24))),""),"")} | BE24: 32169 | BF24: Volusia | BH24: 2 | BI24: Sarasota | BK24: 202 | BL24: Hamilton | BN24: 1.04 | BO24: Palm Beach | BQ24: 32950 | BR24: Brevard | BT24: Holmes | BV24: 9.01 | BW24: Alachua | BY24: 1102.02 | BZ24: Columbia | CB24: 17.01 | CC24: Alachua | CE24: {=IFERROR(IF($CE$11="Metro",INDEX($BV$13:$BV$4972,SMALL(IF((County=$BW$13:$BW$4972),MATCH(ROW($BW$13:$BW$4972),ROW($BW$13:$BW$4972)),""),ROWS($A$13:$A24))),INDEX($BY$13:$BY$212,SMALL(IF((County=$BZ$13:$BZ$212),MATCH(ROW($BZ$13:$BZ$212),ROW($BZ$13:$BZ$212)),""),ROWS($A$13:$A24)))),"")} | CG24: {=IFERROR(IF($CG$11="Yes",INDEX($CB$13:$CB$2950,SMALL(IF((County=$CC$13:$CC$2950),MATCH(ROW($CC$13:$CC$2950),ROW($CC$13:$CC$2950)),""),ROWS($A$13:$A24))),""),"")} | CI24: 32137 | CJ24: Flagler | CL24: 1.02 | CM24: Palm Beach | CO24: 3.01 | CP24: Bradford | CR24: 1.04 | CS24: Sarasota | CU24: 33019 | CV24: Broward | CX24: Liberty | CZ24: 15.22 | DA24: Alachua | DC24: 9702.01 | DD24: Hardee | DF24: 17.02 | DG24: Alachua | DI24: {=IFERROR(IF($DI$11="Metro",INDEX($CZ$13:$CZ$929,SMALL(IF((County=$DA$13:$DA$929),MATCH(ROW($DA$13:$DA$929),ROW($DA$13:$DA$929)),""),ROWS($A$13:$A24))),INDEX($DC$13:$DC$212,SMALL(IF((County=$DD$13:$DD$212),MATCH(ROW($DD$13:$DD$212),ROW($DD$13:$DD$212)),""),ROWS($A$13:$A24)))),"")} | DK24: {=IFERROR(IF($DK$11="Yes",INDEX($DF$13:$DF$2838,SMALL(IF((County=$DG$13:$DG$2838),MATCH(ROW($DG$13:$DG$2838),ROW($DG$13:$DG$2838)),""),ROWS($A$13:$A24))),""),"")} | DM24: 32162 | DN24: Sumter | DP24: 2 | DQ24: Hendry | DS24: 1104 | DT24: Columbia | DV24: 1.04 | DW24: Sarasota | EB24: Brevard | EC24: =VLOOKUP(EB24,Data1!$A$405:$H$471,8) -> Medium | ED24: 2026-237C | EE24: FBC Affordable P1C | EF24: 28.087367 | EG24: -80.624703 | EH24: E | EI24: N | EJ24: =EB24&" - "&EE24 -> Brevard - FBC Affordable P1C | EK24: =IF(EH24="F","Family",IF(EH24="E","Elderly Non-ALF",IF(EH24="ALF","Elderly ALF",IF(EH24="W","Workforce",IF(EH24="F,F","Farm/Fishing Worker",""))))) -> Elderly Non-ALF | EL24: ="("&EF24&", "&EG24&")" -> (28.087367, -80.624703) | EM24: =IF(EI24="N",">30",IF(EI24="Y","<31","")) -> >30 | EN24: =IF(AND($EV$11="Yes",_xlfn.MINIFS($EP$13:$EP$76,$EO$13:$EO$76,$EO24)=EP24,IFERROR(FIND("- Site",EJ24),0)>0),1,"") | EO24: =IF(IFERROR(FIND("- site",EJ24),0)=0,EJ24,LEFT(EJ24,IFERROR(FIND("- site",EJ24),0)-2)) -> Brevard - FBC Affordable P1C | EP24: =IF($EF24=0,0,2*ATAN2(SQRT(1-SIN(ABS($EF24-$EO$5)*PI()/180/2)^2+COS($EO$5*PI()/180)*COS($EF24*PI()/180)*SIN(ABS($EG24-$EO$6)*PI()/180/2)^2),SQRT(SIN(ABS($EF24-$EO$5)*PI()/180/2)^2+COS($EO$5*PI()/180)*COS($EF24*PI()/180)*SIN(ABS($EG24-$EO$6)*PI()/180/2)^2))*SQRT((($EK$5^2*COS($EO$5))^2+($EK$6^2*SIN($EO$5))^2)/(($EK$5*COS($EO$5))^2+($EK$6*SIN($EO$5))^2))/$EK$7) -> 4116.0085 | EQ24: =IF($EO$7=EK24,"Yes","No") -> No | ER24: =VLOOKUP(EB24,Data1!$G$405:$H$471,2) -> Medium | ET24: =IF(EU24>0,SUM(EU$13:EU24),"") | EU24: =IF(AND(ER24="Large",OR($ER$5="NA",$ER$6="NA",$ER$7="NA")),0,IF(AND(EP24<IF(LDA_Notice="LDA",IF(ER24="Small",N($EP$5)+N($EP$8),IF(ER24="Medium",N($EQ$5)+N($EQ$8),N($ER$5)+N($ER$8))),IF(EM24=">30",IF(ER24="Small",N($EP$6)+N($EP$8),IF(ER24="Medium",N($EQ$6)+N($EQ$8),N($ER$6)+N($ER$8))),IF(ER24="Small",N($EP$7)+N($EP$8),IF(ER24="Medium",N($EQ$7)+N($EQ$8),N($ER$7)+N($ER$8))))),EQ24="Yes",OR(IFERROR(FIND("- site",EJ24),0)=0,$EV$11="No",AND(IFERROR(FIND("- site",EJ24),0)>0,EN24=1)),OR(Proximity_list_related<>"Yes",AND(Proximity_list_related="Yes",EJ24<>Prox_List_Related_Disregard_1,EJ24<>Prox_List_Related_Disregard_2,EJ24<>Prox_List_Related_Disregard_3,EJ24<>Prox_List_Related_Disregard_4,EJ24<>Prox_List_Related_Disregard_5))),1,0)) -> 0 | EV24: =IF(AND($EV$11="Yes",IFERROR(FIND("- Site",EJ24),0)>0,EN24=1)=FALSE,EJ24,LEFT(EJ24,LEN(EJ24)-(LEN(EJ24)-FIND("- Site",EJ24)+1))) -> Brevard - FBC Affordable P1C
A25: 32951 | B25: Brevard | D25: Putnam | F25: 19.02 | G25: Alachua | I25: 2 | J25: Hendry | L25: 18.13 | M25: Alachua | R25: {=IFERROR(IF($R$11="Metro",INDEX($F$13:$F$829,SMALL(IF((County=$G$13:$G$829),MATCH(ROW($G$13:$G$829),ROW($G$13:$G$829)),""),ROWS($A$13:A25))),INDEX($I$13:$I$44,SMALL(IF((County=$J$13:$J$44),MATCH(ROW($J$13:$J$44),ROW($J$13:$J$44)),""),ROWS($A$13:A25)))),"")} | T25: {=IFERROR(IF($T$11="Yes",INDEX($L$13:$L$2813,SMALL(IF((County=$M$13:$M$2813),MATCH(ROW($M$13:$M$2813),ROW($M$13:$M$2813)),""),ROWS($A$13:A25))),""),"")} | V25: {=IFERROR(IF($T$11="Yes",INDEX($O$14:$O$2811,SMALL(IF((County=$P$14:$P$2811),MATCH(ROW($P$14:$P$2811),ROW($P$14:$P$2811)),""),ROWS($A$13:A25))),""),"")} | X25: 32128 | Y25: Volusia | AA25: 2.01 | AB25: Manatee | AD25: 2106 | AE25: Jackson | AG25: 1.03 | AH25: Sarasota | AM25: 33019 | AN25: Broward | AP25: Jackson | AR25: 16.05 | AS25: Alachua | AU25: 300 | AV25: Hendry | AX25: 17.02 | AY25: Alachua | BA25: {=IFERROR(IF($BA$11="Metro",INDEX($AR$13:$AR$814,SMALL(IF((County=$AS$13:$AS$814),MATCH(ROW($AS$13:$AS$814),ROW($AS$13:$AS$814)),""),ROWS($A$13:$A25))),INDEX($AU$13:$AU$48,SMALL(IF((County=$AV$13:$AV$48),MATCH(ROW($AV$13:$AV$48),ROW($AV$13:$AV$48)),""),ROWS($A$13:$A25)))),"")} | BC25: {=IFERROR(IF($BC$11="Yes",INDEX($AX$13:$AX$2950,SMALL(IF((County=$AY$13:$AY$2950),MATCH(ROW($AY$13:$AY$2950),ROW($AY$13:$AY$2950)),""),ROWS($A$13:$A25))),""),"")} | BE25: 32176 | BF25: Volusia | BH25: 2.01 | BI25: Alachua | BK25: 202 | BL25: Putnam | BN25: 1.04 | BO25: Sarasota | BQ25: 32951 | BR25: Brevard | BT25: Jackson | BV25: 9.02 | BW25: Alachua | BY25: 1103 | BZ25: Columbia | CB25: 17.02 | CC25: Alachua | CE25: {=IFERROR(IF($CE$11="Metro",INDEX($BV$13:$BV$4972,SMALL(IF((County=$BW$13:$BW$4972),MATCH(ROW($BW$13:$BW$4972),ROW($BW$13:$BW$4972)),""),ROWS($A$13:$A25))),INDEX($BY$13:$BY$212,SMALL(IF((County=$BZ$13:$BZ$212),MATCH(ROW($BZ$13:$BZ$212),ROW($BZ$13:$BZ$212)),""),ROWS($A$13:$A25)))),"")} | CG25: {=IFERROR(IF($CG$11="Yes",INDEX($CB$13:$CB$2950,SMALL(IF((County=$CC$13:$CC$2950),MATCH(ROW($CC$13:$CC$2950),ROW($CC$13:$CC$2950)),""),ROWS($A$13:$A25))),""),"")} | CI25: 32162 | CJ25: Sumter | CL25: 1.02 | CM25: Sarasota | CO25: 3.02 | CP25: Bradford | CR25: 1.07 | CS25: Miami-Dade | CU25: 33021 | CV25: Broward | CX25: Madison | CZ25: 16.05 | DA25: Alachua | DC25: 9704.01 | DD25: Hardee | DF25: 18.03 | DG25: Alachua | DI25: {=IFERROR(IF($DI$11="Metro",INDEX($CZ$13:$CZ$929,SMALL(IF((County=$DA$13:$DA$929),MATCH(ROW($DA$13:$DA$929),ROW($DA$13:$DA$929)),""),ROWS($A$13:$A25))),INDEX($DC$13:$DC$212,SMALL(IF((County=$DD$13:$DD$212),MATCH(ROW($DD$13:$DD$212),ROW($DD$13:$DD$212)),""),ROWS($A$13:$A25)))),"")} | DK25: {=IFERROR(IF($DK$11="Yes",INDEX($DF$13:$DF$2838,SMALL(IF((County=$DG$13:$DG$2838),MATCH(ROW($DG$13:$DG$2838),ROW($DG$13:$DG$2838)),""),ROWS($A$13:$A25))),""),"")} | DM25: 32169 | DN25: Volusia | DP25: 2.01 | DQ25: Hillsborough | DS25: 2106 | DT25: Jackson | DV25: 1.07 | DW25: Miami-Dade | EB25: Brevard | EC25: =VLOOKUP(EB25,Data1!$A$405:$H$471,8) -> Medium | ED25: 2025-038C | EE25: Forest Glen | EF25: 28.607022 | EG25: -80.825769 | EH25: E | EI25: N | EJ25: =EB25&" - "&EE25 -> Brevard - Forest Glen | EK25: =IF(EH25="F","Family",IF(EH25="E","Elderly Non-ALF",IF(EH25="ALF","Elderly ALF",IF(EH25="W","Workforce",IF(EH25="F,F","Farm/Fishing Worker",""))))) -> Elderly Non-ALF | EL25: ="("&EF25&", "&EG25&")" -> (28.607022, -80.825769) | EM25: =IF(EI25="N",">30",IF(EI25="Y","<31","")) -> >30 | EN25: =IF(AND($EV$11="Yes",_xlfn.MINIFS($EP$13:$EP$76,$EO$13:$EO$76,$EO25)=EP25,IFERROR(FIND("- Site",EJ25),0)>0),1,"") | EO25: =IF(IFERROR(FIND("- site",EJ25),0)=0,EJ25,LEFT(EJ25,IFERROR(FIND("- site",EJ25),0)-2)) -> Brevard - Forest Glen | EP25: =IF($EF25=0,0,2*ATAN2(SQRT(1-SIN(ABS($EF25-$EO$5)*PI()/180/2)^2+COS($EO$5*PI()/180)*COS($EF25*PI()/180)*SIN(ABS($EG25-$EO$6)*PI()/180/2)^2),SQRT(SIN(ABS($EF25-$EO$5)*PI()/180/2)^2+COS($EO$5*PI()/180)*COS($EF25*PI()/180)*SIN(ABS($EG25-$EO$6)*PI()/180/2)^2))*SQRT((($EK$5^2*COS($EO$5))^2+($EK$6^2*SIN($EO$5))^2)/(($EK$5*COS($EO$5))^2+($EK$6*SIN($EO$5))^2))/$EK$7) -> 4126.6389 | EQ25: =IF($EO$7=EK25,"Yes","No") -> No | ER25: =VLOOKUP(EB25,Data1!$G$405:$H$471,2) -> Medium | ET25: =IF(EU25>0,SUM(EU$13:EU25),"") | EU25: =IF(AND(ER25="Large",OR($ER$5="NA",$ER$6="NA",$ER$7="NA")),0,IF(AND(EP25<IF(LDA_Notice="LDA",IF(ER25="Small",N($EP$5)+N($EP$8),IF(ER25="Medium",N($EQ$5)+N($EQ$8),N($ER$5)+N($ER$8))),IF(EM25=">30",IF(ER25="Small",N($EP$6)+N($EP$8),IF(ER25="Medium",N($EQ$6)+N($EQ$8),N($ER$6)+N($ER$8))),IF(ER25="Small",N($EP$7)+N($EP$8),IF(ER25="Medium",N($EQ$7)+N($EQ$8),N($ER$7)+N($ER$8))))),EQ25="Yes",OR(IFERROR(FIND("- site",EJ25),0)=0,$EV$11="No",AND(IFERROR(FIND("- site",EJ25),0)>0,EN25=1)),OR(Proximity_list_related<>"Yes",AND(Proximity_list_related="Yes",EJ25<>Prox_List_Related_Disregard_1,EJ25<>Prox_List_Related_Disregard_2,EJ25<>Prox_List_Related_Disregard_3,EJ25<>Prox_List_Related_Disregard_4,EJ25<>Prox_List_Related_Disregard_5))),1,0)) -> 0 | EV25: =IF(AND($EV$11="Yes",IFERROR(FIND("- Site",EJ25),0)>0,EN25=1)=FALSE,EJ25,LEFT(EJ25,LEN(EJ25)-(LEN(EJ25)-FIND("- Site",EJ25)+1))) -> Brevard - Forest Glen
A26: 32955 | B26: Brevard | D26: Suwannee | F26: 20.02 | G26: Alachua | I26: 3 | J26: Hendry | L26: 18.15 | M26: Alachua | R26: {=IFERROR(IF($R$11="Metro",INDEX($F$13:$F$829,SMALL(IF((County=$G$13:$G$829),MATCH(ROW($G$13:$G$829),ROW($G$13:$G$829)),""),ROWS($A$13:A26))),INDEX($I$13:$I$44,SMALL(IF((County=$J$13:$J$44),MATCH(ROW($J$13:$J$44),ROW($J$13:$J$44)),""),ROWS($A$13:A26)))),"")} | T26: {=IFERROR(IF($T$11="Yes",INDEX($L$13:$L$2813,SMALL(IF((County=$M$13:$M$2813),MATCH(ROW($M$13:$M$2813),ROW($M$13:$M$2813)),""),ROWS($A$13:A26))),""),"")} | V26: {=IFERROR(IF($T$11="Yes",INDEX($O$14:$O$2811,SMALL(IF((County=$P$14:$P$2811),MATCH(ROW($P$14:$P$2811),ROW($P$14:$P$2811)),""),ROWS($A$13:A26))),""),"")} | X26: 32129 | Y26: Volusia | AA26: 2.02 | AB26: Alachua | AD26: 2108 | AE26: Jackson | AG26: 1.04 | AH26: Palm Beach | AM26: 33021 | AN26: Broward | AP26: Lafayette | AR26: 18.02 | AS26: Alachua | AU26: 601 | AV26: Hendry | AX26: 18.03 | AY26: Alachua | BA26: {=IFERROR(IF($BA$11="Metro",INDEX($AR$13:$AR$814,SMALL(IF((County=$AS$13:$AS$814),MATCH(ROW($AS$13:$AS$814),ROW($AS$13:$AS$814)),""),ROWS($A$13:$A26))),INDEX($AU$13:$AU$48,SMALL(IF((County=$AV$13:$AV$48),MATCH(ROW($AV$13:$AV$48),ROW($AV$13:$AV$48)),""),ROWS($A$13:$A26)))),"")} | BC26: {=IFERROR(IF($BC$11="Yes",INDEX($AX$13:$AX$2950,SMALL(IF((County=$AY$13:$AY$2950),MATCH(ROW($AY$13:$AY$2950),ROW($AY$13:$AY$2950)),""),ROWS($A$13:$A26))),""),"")} | BE26: 32195 | BF26: Marion | BH26: 2.01 | BI26: Hillsborough | BK26: 300 | BL26: Hendry | BN26: 1.07 | BO26: Miami-Dade | BQ26: 32955 | BR26: Brevard | BT26: Lafayette | BV26: 10 | BW26: Alachua | BY26: 1104 | BZ26: Columbia | CB26: 18.03 | CC26: Alachua | CE26: {=IFERROR(IF($CE$11="Metro",INDEX($BV$13:$BV$4972,SMALL(IF((County=$BW$13:$BW$4972),MATCH(ROW($BW$13:$BW$4972),ROW($BW$13:$BW$4972)),""),ROWS($A$13:$A26))),INDEX($BY$13:$BY$212,SMALL(IF((County=$BZ$13:$BZ$212),MATCH(ROW($BZ$13:$BZ$212),ROW($BZ$13:$BZ$212)),""),ROWS($A$13:$A26)))),"")} | CG26: {=IFERROR(IF($CG$11="Yes",INDEX($CB$13:$CB$2950,SMALL(IF((County=$CC$13:$CC$2950),MATCH(ROW($CC$13:$CC$2950),ROW($CC$13:$CC$2950)),""),ROWS($A$13:$A26))),""),"")} | CI26: 32169 | CJ26: Volusia | CL26: 1.03 | CM26: Manatee | CO26: 4 | CP26: Bradford | CR26: 1.09 | CS26: Miami-Dade | CU26: 33025 | CV26: Broward | CX26: Monroe | CZ26: 19.02 | DA26: Alachua | DC26: 2 | DD26: Hendry | DF26: 18.11 | DG26: Alachua | DI26: {=IFERROR(IF($DI$11="Metro",INDEX($CZ$13:$CZ$929,SMALL(IF((County=$DA$13:$DA$929),MATCH(ROW($DA$13:$DA$929),ROW($DA$13:$DA$929)),""),ROWS($A$13:$A26))),INDEX($DC$13:$DC$212,SMALL(IF((County=$DD$13:$DD$212),MATCH(ROW($DD$13:$DD$212),ROW($DD$13:$DD$212)),""),ROWS($A$13:$A26)))),"")} | DK26: {=IFERROR(IF($DK$11="Yes",INDEX($DF$13:$DF$2838,SMALL(IF((County=$DG$13:$DG$2838),MATCH(ROW($DG$13:$DG$2838),ROW($DG$13:$DG$2838)),""),ROWS($A$13:$A26))),""),"")} | DM26: 32176 | DN26: Volusia | DP26: 2.01 | DQ26: Manatee | DS26: 2108 | DT26: Jackson | DV26: 1.09 | DW26: Miami-Dade | EB26: Brevard | EC26: =VLOOKUP(EB26,Data1!$A$405:$H$471,8) -> Medium | ED26: 2026-055BS | EE26: Freedom Point Apartments | EF26: 28.200608 | EG26: -80.671456 | EH26: F | EI26: N | EJ26: =EB26&" - "&EE26 -> Brevard - Freedom Point Apartments | EK26: =IF(EH26="F","Family",IF(EH26="E","Elderly Non-ALF",IF(EH26="ALF","Elderly ALF",IF(EH26="W","Workforce",IF(EH26="F,F","Farm/Fishing Worker",""))))) -> Family | EL26: ="("&EF26&", "&EG26&")" -> (28.200608, -80.671456) | EM26: =IF(EI26="N",">30",IF(EI26="Y","<31","")) -> >30 | EN26: =IF(AND($EV$11="Yes",_xlfn.MINIFS($EP$13:$EP$76,$EO$13:$EO$76,$EO26)=EP26,IFERROR(FIND("- Site",EJ26),0)>0),1,"") | EO26: =IF(IFERROR(FIND("- site",EJ26),0)=0,EJ26,LEFT(EJ26,IFERROR(FIND("- site",EJ26),0)-2)) -> Brevard - Freedom Point Apartments | EP26: =IF($EF26=0,0,2*ATAN2(SQRT(1-SIN(ABS($EF26-$EO$5)*PI()/180/2)^2+COS($EO$5*PI()/180)*COS($EF26*PI()/180)*SIN(ABS($EG26-$EO$6)*PI()/180/2)^2),SQRT(SIN(ABS($EF26-$EO$5)*PI()/180/2)^2+COS($EO$5*PI()/180)*COS($EF26*PI()/180)*SIN(ABS($EG26-$EO$6)*PI()/180/2)^2))*SQRT((($EK$5^2*COS($EO$5))^2+($EK$6^2*SIN($EO$5))^2)/(($EK$5*COS($EO$5))^2+($EK$6*SIN($EO$5))^2))/$EK$7) -> 4118.3794 | EQ26: =IF($EO$7=EK26,"Yes","No") -> No | ER26: =VLOOKUP(EB26,Data1!$G$405:$H$471,2) -> Medium | ET26: =IF(EU26>0,SUM(EU$13:EU26),"") | EU26: =IF(AND(ER26="Large",OR($ER$5="NA",$ER$6="NA",$ER$7="NA")),0,IF(AND(EP26<IF(LDA_Notice="LDA",IF(ER26="Small",N($EP$5)+N($EP$8),IF(ER26="Medium",N($EQ$5)+N($EQ$8),N($ER$5)+N($ER$8))),IF(EM26=">30",IF(ER26="Small",N($EP$6)+N($EP$8),IF(ER26="Medium",N($EQ$6)+N($EQ$8),N($ER$6)+N($ER$8))),IF(ER26="Small",N($EP$7)+N($EP$8),IF(ER26="Medium",N($EQ$7)+N($EQ$8),N($ER$7)+N($ER$8))))),EQ26="Yes",OR(IFERROR(FIND("- site",EJ26),0)=0,$EV$11="No",AND(IFERROR(FIND("- site",EJ26),0)>0,EN26=1)),OR(Proximity_list_related<>"Yes",AND(Proximity_list_related="Yes",EJ26<>Prox_List_Related_Disregard_1,EJ26<>Prox_List_Related_Disregard_2,EJ26<>Prox_List_Related_Disregard_3,EJ26<>Prox_List_Related_Disregard_4,EJ26<>Prox_List_Related_Disregard_5))),1,0)) -> 0 | EV26: =IF(AND($EV$11="Yes",IFERROR(FIND("- Site",EJ26),0)>0,EN26=1)=FALSE,EJ26,LEFT(EJ26,LEN(EJ26)-(LEN(EJ26)-FIND("- Site",EJ26)+1))) -> Brevard - Freedom Point Apartments
A27: 33004 | B27: Broward | D27: End of Non-Metro DDAs | F27: 12 | G27: Bay | I27: 9604.03 | J27: Holmes | L27: 18.16 | M27: Alachua | R27: {=IFERROR(IF($R$11="Metro",INDEX($F$13:$F$829,SMALL(IF((County=$G$13:$G$829),MATCH(ROW($G$13:$G$829),ROW($G$13:$G$829)),""),ROWS($A$13:A27))),INDEX($I$13:$I$44,SMALL(IF((County=$J$13:$J$44),MATCH(ROW($J$13:$J$44),ROW($J$13:$J$44)),""),ROWS($A$13:A27)))),"")} | T27: {=IFERROR(IF($T$11="Yes",INDEX($L$13:$L$2813,SMALL(IF((County=$M$13:$M$2813),MATCH(ROW($M$13:$M$2813),ROW($M$13:$M$2813)),""),ROWS($A$13:A27))),""),"")} | V27: {=IFERROR(IF($T$11="Yes",INDEX($O$14:$O$2811,SMALL(IF((County=$P$14:$P$2811),MATCH(ROW($P$14:$P$2811),ROW($P$14:$P$2811)),""),ROWS($A$13:A27))),""),"")} | X27: 32130 | Y27: Volusia | AA27: 2.02 | AB27: Hillsborough | AD27: 9103 | AE27: Okeechobee | AG27: 1.04 | AH27: Sarasota | AM27: 33025 | AN27: Broward | AP27: Liberty | AR27: 19.02 | AS27: Alachua | AU27: 602 | AV27: Hendry | AX27: 18.11 | AY27: Alachua | BA27: {=IFERROR(IF($BA$11="Metro",INDEX($AR$13:$AR$814,SMALL(IF((County=$AS$13:$AS$814),MATCH(ROW($AS$13:$AS$814),ROW($AS$13:$AS$814)),""),ROWS($A$13:$A27))),INDEX($AU$13:$AU$48,SMALL(IF((County=$AV$13:$AV$48),MATCH(ROW($AV$13:$AV$48),ROW($AV$13:$AV$48)),""),ROWS($A$13:$A27)))),"")} | BC27: {=IFERROR(IF($BC$11="Yes",INDEX($AX$13:$AX$2950,SMALL(IF((County=$AY$13:$AY$2950),MATCH(ROW($AY$13:$AY$2950),ROW($AY$13:$AY$2950)),""),ROWS($A$13:$A27))),""),"")} | BE27: 32212 | BF27: Duval | BH27: 2.01 | BI27: Manatee | BK27: 301 | BL27: DeSoto | BN27: 1.09 | BO27: Miami-Dade | BQ27: 33009 | BR27: Broward | BT27: Liberty | BV27: 11 | BW27: Alachua | BY27: 1105 | BZ27: Columbia | CB27: 18.11 | CC27: Alachua | CE27: {=IFERROR(IF($CE$11="Metro",INDEX($BV$13:$BV$4972,SMALL(IF((County=$BW$13:$BW$4972),MATCH(ROW($BW$13:$BW$4972),ROW($BW$13:$BW$4972)),""),ROWS($A$13:$A27))),INDEX($BY$13:$BY$212,SMALL(IF((County=$BZ$13:$BZ$212),MATCH(ROW($BZ$13:$BZ$212),ROW($BZ$13:$BZ$212)),""),ROWS($A$13:$A27)))),"")} | CG27: {=IFERROR(IF($CG$11="Yes",INDEX($CB$13:$CB$2950,SMALL(IF((County=$CC$13:$CC$2950),MATCH(ROW($CC$13:$CC$2950),ROW($CC$13:$CC$2950)),""),ROWS($A$13:$A27))),""),"")} | CI27: 32176 | CJ27: Volusia | CL27: 1.03 | CM27: Palm Beach | CO27: 4.01 | CP27: Hendry | CR27: 1.15 | CS27: Miami-Dade | CU27: 33026 | CV27: Broward | CX27: Okeechobee | CZ27: 8.03 | DA27: Bay | DC27: 3 | DD27: Hendry | DF27: 18.13 | DG27: Alachua | DI27: {=IFERROR(IF($DI$11="Metro",INDEX($CZ$13:$CZ$929,SMALL(IF((County=$DA$13:$DA$929),MATCH(ROW($DA$13:$DA$929),ROW($DA$13:$DA$929)),""),ROWS($A$13:$A27))),INDEX($DC$13:$DC$212,SMALL(IF((County=$DD$13:$DD$212),MATCH(ROW($DD$13:$DD$212),ROW($DD$13:$DD$212)),""),ROWS($A$13:$A27)))),"")} | DK27: {=IFERROR(IF($DK$11="Yes",INDEX($DF$13:$DF$2838,SMALL(IF((County=$DG$13:$DG$2838),MATCH(ROW($DG$13:$DG$2838),ROW($DG$13:$DG$2838)),""),ROWS($A$13:$A27))),""),"")} | DM27: 32212 | DN27: Duval | DP27: 2.01 | DQ27: Marion | DS27: 9103 | DT27: Okeechobee | DV27: 1.15 | DW27: Miami-Dade | EB27: Charlotte | EC27: =VLOOKUP(EB27,Data1!$A$405:$H$471,8) -> Medium | ED27: 2024-113C | EE27: Blue Deep Creek | EF27: 26.993019 | EG27: -82.028436 | EH27: F | EI27: N | EJ27: =EB27&" - "&EE27 -> Charlotte - Blue Deep Creek | EK27: =IF(EH27="F","Family",IF(EH27="E","Elderly Non-ALF",IF(EH27="ALF","Elderly ALF",IF(EH27="W","Workforce",IF(EH27="F,F","Farm/Fishing Worker",""))))) -> Family | EL27: ="("&EF27&", "&EG27&")" -> (26.993019, -82.028436) | EM27: =IF(EI27="N",">30",IF(EI27="Y","<31","")) -> >30 | EN27: =IF(AND($EV$11="Yes",_xlfn.MINIFS($EP$13:$EP$76,$EO$13:$EO$76,$EO27)=EP27,IFERROR(FIND("- Site",EJ27),0)>0),1,"") | EO27: =IF(IFERROR(FIND("- site",EJ27),0)=0,EJ27,LEFT(EJ27,IFERROR(FIND("- site",EJ27),0)-2)) -> Charlotte - Blue Deep Creek | EP27: =IF($EF27=0,0,2*ATAN2(SQRT(1-SIN(ABS($EF27-$EO$5)*PI()/180/2)^2+COS($EO$5*PI()/180)*COS($EF27*PI()/180)*SIN(ABS($EG27-$EO$6)*PI()/180/2)^2),SQRT(SIN(ABS($EF27-$EO$5)*PI()/180/2)^2+COS($EO$5*PI()/180)*COS($EF27*PI()/180)*SIN(ABS($EG27-$EO$6)*PI()/180/2)^2))*SQRT((($EK$5^2*COS($EO$5))^2+($EK$6^2*SIN($EO$5))^2)/(($EK$5*COS($EO$5))^2+($EK$6*SIN($EO$5))^2))/$EK$7) -> 4131.2705 | EQ27: =IF($EO$7=EK27,"Yes","No") -> No | ER27: =VLOOKUP(EB27,Data1!$G$405:$H$471,2) -> Medium | ET27: =IF(EU27>0,SUM(EU$13:EU27),"") | EU27: =IF(AND(ER27="Large",OR($ER$5="NA",$ER$6="NA",$ER$7="NA")),0,IF(AND(EP27<IF(LDA_Notice="LDA",IF(ER27="Small",N($EP$5)+N($EP$8),IF(ER27="Medium",N($EQ$5)+N($EQ$8),N($ER$5)+N($ER$8))),IF(EM27=">30",IF(ER27="Small",N($EP$6)+N($EP$8),IF(ER27="Medium",N($EQ$6)+N($EQ$8),N($ER$6)+N($ER$8))),IF(ER27="Small",N($EP$7)+N($EP$8),IF(ER27="Medium",N($EQ$7)+N($EQ$8),N($ER$7)+N($ER$8))))),EQ27="Yes",OR(IFERROR(FIND("- site",EJ27),0)=0,$EV$11="No",AND(IFERROR(FIND("- site",EJ27),0)>0,EN27=1)),OR(Proximity_list_related<>"Yes",AND(Proximity_list_related="Yes",EJ27<>Prox_List_Related_Disregard_1,EJ27<>Prox_List_Related_Disregard_2,EJ27<>Prox_List_Related_Disregard_3,EJ27<>Prox_List_Related_Disregard_4,EJ27<>Prox_List_Related_Disregard_5))),1,0)) -> 0 | EV27: =IF(AND($EV$11="Yes",IFERROR(FIND("- Site",EJ27),0)>0,EN27=1)=FALSE,EJ27,LEFT(EJ27,LEN(EJ27)-(LEN(EJ27)-FIND("- Site",EJ27)+1))) -> Charlotte - Blue Deep Creek
A28: 33009 | B28: Broward | F28: 16 | G28: Bay | I28: 2106 | J28: Jackson | L28: 18.17 | M28: Alachua | R28: {=IFERROR(IF($R$11="Metro",INDEX($F$13:$F$829,SMALL(IF((County=$G$13:$G$829),MATCH(ROW($G$13:$G$829),ROW($G$13:$G$829)),""),ROWS($A$13:A28))),INDEX($I$13:$I$44,SMALL(IF((County=$J$13:$J$44),MATCH(ROW($J$13:$J$44),ROW($J$13:$J$44)),""),ROWS($A$13:A28)))),"")} | T28: {=IFERROR(IF($T$11="Yes",INDEX($L$13:$L$2813,SMALL(IF((County=$M$13:$M$2813),MATCH(ROW($M$13:$M$2813),ROW($M$13:$M$2813)),""),ROWS($A$13:A28))),""),"")} | V28: {=IFERROR(IF($T$11="Yes",INDEX($O$14:$O$2811,SMALL(IF((County=$P$14:$P$2811),MATCH(ROW($P$14:$P$2811),ROW($P$14:$P$2811)),""),ROWS($A$13:A28))),""),"")} | X28: 32137 | Y28: Flagler | AA28: 2.03 | AB28: Manatee | AD28: 9104.02 | AE28: Okeechobee | AG28: 1.09 | AH28: Miami-Dade | AM28: 33026 | AN28: Broward | AP28: Madison | AR28: 22.18 | AS28: Alachua | AU28: 401 | AV28: Holmes | AX28: 18.13 | AY28: Alachua | BA28: {=IFERROR(IF($BA$11="Metro",INDEX($AR$13:$AR$814,SMALL(IF((County=$AS$13:$AS$814),MATCH(ROW($AS$13:$AS$814),ROW($AS$13:$AS$814)),""),ROWS($A$13:$A28))),INDEX($AU$13:$AU$48,SMALL(IF((County=$AV$13:$AV$48),MATCH(ROW($AV$13:$AV$48),ROW($AV$13:$AV$48)),""),ROWS($A$13:$A28)))),"")} | BC28: {=IFERROR(IF($BC$11="Yes",INDEX($AX$13:$AX$2950,SMALL(IF((County=$AY$13:$AY$2950),MATCH(ROW($AY$13:$AY$2950),ROW($AY$13:$AY$2950)),""),ROWS($A$13:$A28))),""),"")} | BE28: 32224 | BF28: Duval | BH28: 2.01 | BI28: Marion | BK28: 301 | BL28: Hardee | BN28: 1.15 | BO28: Miami-Dade | BQ28: 33019 | BR28: Broward | BT28: Madison | BV28: 12.01 | BW28: Alachua | BY28: 1106.02 | BZ28: Columbia | CB28: 18.13 | CC28: Alachua | CE28: {=IFERROR(IF($CE$11="Metro",INDEX($BV$13:$BV$4972,SMALL(IF((County=$BW$13:$BW$4972),MATCH(ROW($BW$13:$BW$4972),ROW($BW$13:$BW$4972)),""),ROWS($A$13:$A28))),INDEX($BY$13:$BY$212,SMALL(IF((County=$BZ$13:$BZ$212),MATCH(ROW($BZ$13:$BZ$212),ROW($BZ$13:$BZ$212)),""),ROWS($A$13:$A28)))),"")} | CG28: {=IFERROR(IF($CG$11="Yes",INDEX($CB$13:$CB$2950,SMALL(IF((County=$CC$13:$CC$2950),MATCH(ROW($CC$13:$CC$2950),ROW($CC$13:$CC$2950)),""),ROWS($A$13:$A28))),""),"")} | CI28: 32195 | CJ28: Marion | CL28: 1.03 | CM28: Sarasota | CO28: 4.03 | CP28: Hendry | CR28: 1.18 | CS28: Miami-Dade | CU28: 33027 | CV28: Broward | CX28: Putnam | CZ28: 11 | DA28: Bay | DC28: 4.04 | DD28: Hendry | DF28: 18.15 | DG28: Alachua | DI28: {=IFERROR(IF($DI$11="Metro",INDEX($CZ$13:$CZ$929,SMALL(IF((County=$DA$13:$DA$929),MATCH(ROW($DA$13:$DA$929),ROW($DA$13:$DA$929)),""),ROWS($A$13:$A28))),INDEX($DC$13:$DC$212,SMALL(IF((County=$DD$13:$DD$212),MATCH(ROW($DD$13:$DD$212),ROW($DD$13:$DD$212)),""),ROWS($A$13:$A28)))),"")} | DK28: {=IFERROR(IF($DK$11="Yes",INDEX($DF$13:$DF$2838,SMALL(IF((County=$DG$13:$DG$2838),MATCH(ROW($DG$13:$DG$2838),ROW($DG$13:$DG$2838)),""),ROWS($A$13:$A28))),""),"")} | DM28: 32221 | DN28: Duval | DP28: 2.02 | DQ28: Alachua | DS28: 9104.02 | DT28: Okeechobee | DV28: 1.18 | DW28: Miami-Dade | EB28: Citrus | EC28: =VLOOKUP(EB28,Data1!$A$405:$H$471,8) -> Medium | ED28: 2024-073C | EE28: Cardinal Oaks | EF28: 28.765781 | EG28: -82.549772 | EH28: F | EI28: N | EJ28: =EB28&" - "&EE28 -> Citrus - Cardinal Oaks | EK28: =IF(EH28="F","Family",IF(EH28="E","Elderly Non-ALF",IF(EH28="ALF","Elderly ALF",IF(EH28="W","Workforce",IF(EH28="F,F","Farm/Fishing Worker",""))))) -> Family | EL28: ="("&EF28&", "&EG28&")" -> (28.765781, -82.549772) | EM28: =IF(EI28="N",">30",IF(EI28="Y","<31","")) -> >30 | EN28: =IF(AND($EV$11="Yes",_xlfn.MINIFS($EP$13:$EP$76,$EO$13:$EO$76,$EO28)=EP28,IFERROR(FIND("- Site",EJ28),0)>0),1,"") | EO28: =IF(IFERROR(FIND("- site",EJ28),0)=0,EJ28,LEFT(EJ28,IFERROR(FIND("- site",EJ28),0)-2)) -> Citrus - Cardinal Oaks | EP28: =IF($EF28=0,0,2*ATAN2(SQRT(1-SIN(ABS($EF28-$EO$5)*PI()/180/2)^2+COS($EO$5*PI()/180)*COS($EF28*PI()/180)*SIN(ABS($EG28-$EO$6)*PI()/180/2)^2),SQRT(SIN(ABS($EF28-$EO$5)*PI()/180/2)^2+COS($EO$5*PI()/180)*COS($EF28*PI()/180)*SIN(ABS($EG28-$EO$6)*PI()/180/2)^2))*SQRT((($EK$5^2*COS($EO$5))^2+($EK$6^2*SIN($EO$5))^2)/(($EK$5*COS($EO$5))^2+($EK$6*SIN($EO$5))^2))/$EK$7) -> 4162.877 | EQ28: =IF($EO$7=EK28,"Yes","No") -> No | ER28: =VLOOKUP(EB28,Data1!$G$405:$H$471,2) -> Medium | ET28: =IF(EU28>0,SUM(EU$13:EU28),"") | EU28: =IF(AND(ER28="Large",OR($ER$5="NA",$ER$6="NA",$ER$7="NA")),0,IF(AND(EP28<IF(LDA_Notice="LDA",IF(ER28="Small",N($EP$5)+N($EP$8),IF(ER28="Medium",N($EQ$5)+N($EQ$8),N($ER$5)+N($ER$8))),IF(EM28=">30",IF(ER28="Small",N($EP$6)+N($EP$8),IF(ER28="Medium",N($EQ$6)+N($EQ$8),N($ER$6)+N($ER$8))),IF(ER28="Small",N($EP$7)+N($EP$8),IF(ER28="Medium",N($EQ$7)+N($EQ$8),N($ER$7)+N($ER$8))))),EQ28="Yes",OR(IFERROR(FIND("- site",EJ28),0)=0,$EV$11="No",AND(IFERROR(FIND("- site",EJ28),0)>0,EN28=1)),OR(Proximity_list_related<>"Yes",AND(Proximity_list_related="Yes",EJ28<>Prox_List_Related_Disregard_1,EJ28<>Prox_List_Related_Disregard_2,EJ28<>Prox_List_Related_Disregard_3,EJ28<>Prox_List_Related_Disregard_4,EJ28<>Prox_List_Related_Disregard_5))),1,0)) -> 0 | EV28: =IF(AND($EV$11="Yes",IFERROR(FIND("- Site",EJ28),0)>0,EN28=1)=FALSE,EJ28,LEFT(EJ28,LEN(EJ28)-(LEN(EJ28)-FIND("- Site",EJ28)+1))) -> Citrus - Cardinal Oaks
A29: 33019 | B29: Broward | F29: 17 | G29: Bay | I29: 2108 | J29: Jackson | L29: 18.18 | M29: Alachua | R29: {=IFERROR(IF($R$11="Metro",INDEX($F$13:$F$829,SMALL(IF((County=$G$13:$G$829),MATCH(ROW($G$13:$G$829),ROW($G$13:$G$829)),""),ROWS($A$13:A29))),INDEX($I$13:$I$44,SMALL(IF((County=$J$13:$J$44),MATCH(ROW($J$13:$J$44),ROW($J$13:$J$44)),""),ROWS($A$13:A29)))),"")} | T29: {=IFERROR(IF($T$11="Yes",INDEX($L$13:$L$2813,SMALL(IF((County=$M$13:$M$2813),MATCH(ROW($M$13:$M$2813),ROW($M$13:$M$2813)),""),ROWS($A$13:A29))),""),"")} | V29: {=IFERROR(IF($T$11="Yes",INDEX($O$14:$O$2811,SMALL(IF((County=$P$14:$P$2811),MATCH(ROW($P$14:$P$2811),ROW($P$14:$P$2811)),""),ROWS($A$13:A29))),""),"")} | X29: 32141 | Y29: Volusia | AA29: 2.04 | AB29: Manatee | AD29: 9502.01 | AE29: Putnam | AG29: 1.15 | AH29: Miami-Dade | AM29: 33027 | AN29: Broward | AP29: Monroe | AR29: 8.03 | AS29: Bay | AU29: 402 | AV29: Holmes | AX29: 18.15 | AY29: Alachua | BA29: {=IFERROR(IF($BA$11="Metro",INDEX($AR$13:$AR$814,SMALL(IF((County=$AS$13:$AS$814),MATCH(ROW($AS$13:$AS$814),ROW($AS$13:$AS$814)),""),ROWS($A$13:$A29))),INDEX($AU$13:$AU$48,SMALL(IF((County=$AV$13:$AV$48),MATCH(ROW($AV$13:$AV$48),ROW($AV$13:$AV$48)),""),ROWS($A$13:$A29)))),"")} | BC29: {=IFERROR(IF($BC$11="Yes",INDEX($AX$13:$AX$2950,SMALL(IF((County=$AY$13:$AY$2950),MATCH(ROW($AY$13:$AY$2950),ROW($AY$13:$AY$2950)),""),ROWS($A$13:$A29))),""),"")} | BE29: 32225 | BF29: Duval | BH29: 2.02 | BI29: Alachua | BK29: 301 | BL29: Taylor | BN29: 1.18 | BO29: Miami-Dade | BQ29: 33021 | BR29: Broward | BT29: Monroe | BV29: 12.02 | BW29: Alachua | BY29: 1106.03 | BZ29: Columbia | CB29: 18.15 | CC29: Alachua | CE29: {=IFERROR(IF($CE$11="Metro",INDEX($BV$13:$BV$4972,SMALL(IF((County=$BW$13:$BW$4972),MATCH(ROW($BW$13:$BW$4972),ROW($BW$13:$BW$4972)),""),ROWS($A$13:$A29))),INDEX($BY$13:$BY$212,SMALL(IF((County=$BZ$13:$BZ$212),MATCH(ROW($BZ$13:$BZ$212),ROW($BZ$13:$BZ$212)),""),ROWS($A$13:$A29)))),"")} | CG29: {=IFERROR(IF($CG$11="Yes",INDEX($CB$13:$CB$2950,SMALL(IF((County=$CC$13:$CC$2950),MATCH(ROW($CC$13:$CC$2950),ROW($CC$13:$CC$2950)),""),ROWS($A$13:$A29))),""),"")} | CI29: 32212 | CJ29: Duval | CL29: 1.04 | CM29: Palm Beach | CO29: 4.04 | CP29: Hendry | CR29: 1.2 | CS29: Miami-Dade | CU29: 33028 | CV29: Broward | CX29: Suwannee | CZ29: 12 | DA29: Bay | DC29: 9604.03 | DD29: Holmes | DF29: 18.17 | DG29: Alachua | DI29: {=IFERROR(IF($DI$11="Metro",INDEX($CZ$13:$CZ$929,SMALL(IF((County=$DA$13:$DA$929),MATCH(ROW($DA$13:$DA$929),ROW($DA$13:$DA$929)),""),ROWS($A$13:$A29))),INDEX($DC$13:$DC$212,SMALL(IF((County=$DD$13:$DD$212),MATCH(ROW($DD$13:$DD$212),ROW($DD$13:$DD$212)),""),ROWS($A$13:$A29)))),"")} | DK29: {=IFERROR(IF($DK$11="Yes",INDEX($DF$13:$DF$2838,SMALL(IF((County=$DG$13:$DG$2838),MATCH(ROW($DG$13:$DG$2838),ROW($DG$13:$DG$2838)),""),ROWS($A$13:$A29))),""),"")} | DM29: 32224 | DN29: Duval | DP29: 2.02 | DQ29: Glades | DS29: 9502.01 | DT29: Putnam | DV29: 1.2 | DW29: Miami-Dade | EB29: Citrus | EC29: =VLOOKUP(EB29,Data1!$A$405:$H$471,8) -> Medium | ED29: 2026-196C | EE29: Longwood Gardens | EF29: 28.844643 | EG29: -82.356517 | EH29: E | EI29: N | EJ29: =EB29&" - "&EE29 -> Citrus - Longwood Gardens | EK29: =IF(EH29="F","Family",IF(EH29="E","Elderly Non-ALF",IF(EH29="ALF","Elderly ALF",IF(EH29="W","Workforce",IF(EH29="F,F","Farm/Fishing Worker",""))))) -> Elderly Non-ALF | EL29: ="("&EF29&", "&EG29&")" -> (28.844643, -82.356517) | EM29: =IF(EI29="N",">30",IF(EI29="Y","<31","")) -> >30 | EN29: =IF(AND($EV$11="Yes",_xlfn.MINIFS($EP$13:$EP$76,$EO$13:$EO$76,$EO29)=EP29,IFERROR(FIND("- Site",EJ29),0)>0),1,"") | EO29: =IF(IFERROR(FIND("- site",EJ29),0)=0,EJ29,LEFT(EJ29,IFERROR(FIND("- site",EJ29),0)-2)) -> Citrus - Longwood Gardens | EP29: =IF($EF29=0,0,2*ATAN2(SQRT(1-SIN(ABS($EF29-$EO$5)*PI()/180/2)^2+COS($EO$5*PI()/180)*COS($EF29*PI()/180)*SIN(ABS($EG29-$EO$6)*PI()/180/2)^2),SQRT(SIN(ABS($EF29-$EO$5)*PI()/180/2)^2+COS($EO$5*PI()/180)*COS($EF29*PI()/180)*SIN(ABS($EG29-$EO$6)*PI()/180/2)^2))*SQRT((($EK$5^2*COS($EO$5))^2+($EK$6^2*SIN($EO$5))^2)/(($EK$5*COS($EO$5))^2+($EK$6*SIN($EO$5))^2))/$EK$7) -> 4160.0721 | EQ29: =IF($EO$7=EK29,"Yes","No") -> No | ER29: =VLOOKUP(EB29,Data1!$G$405:$H$471,2) -> Medium | ET29: =IF(EU29>0,SUM(EU$13:EU29),"") | EU29: =IF(AND(ER29="Large",OR($ER$5="NA",$ER$6="NA",$ER$7="NA")),0,IF(AND(EP29<IF(LDA_Notice="LDA",IF(ER29="Small",N($EP$5)+N($EP$8),IF(ER29="Medium",N($EQ$5)+N($EQ$8),N($ER$5)+N($ER$8))),IF(EM29=">30",IF(ER29="Small",N($EP$6)+N($EP$8),IF(ER29="Medium",N($EQ$6)+N($EQ$8),N($ER$6)+N($ER$8))),IF(ER29="Small",N($EP$7)+N($EP$8),IF(ER29="Medium",N($EQ$7)+N($EQ$8),N($ER$7)+N($ER$8))))),EQ29="Yes",OR(IFERROR(FIND("- site",EJ29),0)=0,$EV$11="No",AND(IFERROR(FIND("- site",EJ29),0)>0,EN29=1)),OR(Proximity_list_related<>"Yes",AND(Proximity_list_related="Yes",EJ29<>Prox_List_Related_Disregard_1,EJ29<>Prox_List_Related_Disregard_2,EJ29<>Prox_List_Related_Disregard_3,EJ29<>Prox_List_Related_Disregard_4,EJ29<>Prox_List_Related_Disregard_5))),1,0)) -> 0 | EV29: =IF(AND($EV$11="Yes",IFERROR(FIND("- Site",EJ29),0)>0,EN29=1)=FALSE,EJ29,LEFT(EJ29,LEN(EJ29)-(LEN(EJ29)-FIND("- Site",EJ29)+1))) -> Citrus - Longwood Gardens
A30: 33020 | B30: Broward | F30: 20 | G30: Bay | I30: 9502.02 | J30: Liberty | L30: 18.19 | M30: Alachua | R30: {=IFERROR(IF($R$11="Metro",INDEX($F$13:$F$829,SMALL(IF((County=$G$13:$G$829),MATCH(ROW($G$13:$G$829),ROW($G$13:$G$829)),""),ROWS($A$13:A30))),INDEX($I$13:$I$44,SMALL(IF((County=$J$13:$J$44),MATCH(ROW($J$13:$J$44),ROW($J$13:$J$44)),""),ROWS($A$13:A30)))),"")} | T30: {=IFERROR(IF($T$11="Yes",INDEX($L$13:$L$2813,SMALL(IF((County=$M$13:$M$2813),MATCH(ROW($M$13:$M$2813),ROW($M$13:$M$2813)),""),ROWS($A$13:A30))),""),"")} | V30: {=IFERROR(IF($T$11="Yes",INDEX($O$14:$O$2811,SMALL(IF((County=$P$14:$P$2811),MATCH(ROW($P$14:$P$2811),ROW($P$14:$P$2811)),""),ROWS($A$13:A30))),""),"")} | X30: 32162 | Y30: =IF(County="Sumter","Sumter","Marion") -> Marion | AA30: 2.06 | AB30: Miami-Dade | AD30: 9502.02 | AE30: Liberty | AG30: 1.18 | AH30: Miami-Dade | AM30: 33028 | AN30: Broward | AP30: Okeechobee | AR30: 10 | AS30: Bay | AU30: 403 | AV30: Holmes | AX30: 18.16 | AY30: Alachua | BA30: {=IFERROR(IF($BA$11="Metro",INDEX($AR$13:$AR$814,SMALL(IF((County=$AS$13:$AS$814),MATCH(ROW($AS$13:$AS$814),ROW($AS$13:$AS$814)),""),ROWS($A$13:$A30))),INDEX($AU$13:$AU$48,SMALL(IF((County=$AV$13:$AV$48),MATCH(ROW($AV$13:$AV$48),ROW($AV$13:$AV$48)),""),ROWS($A$13:$A30)))),"")} | BC30: {=IFERROR(IF($BC$11="Yes",INDEX($AX$13:$AX$2950,SMALL(IF((County=$AY$13:$AY$2950),MATCH(ROW($AY$13:$AY$2950),ROW($AY$13:$AY$2950)),""),ROWS($A$13:$A30))),""),"")} | BE30: 32226 | BF30: Duval | BH30: 2.02 | BI30: Hillsborough | BK30: 302 | BL30: DeSoto | BN30: 1.2 | BO30: Miami-Dade | BQ30: 33024 | BR30: Broward | BT30: Okeechobee | BV30: 12.03 | BW30: Alachua | BY30: 1106.04 | BZ30: Columbia | CB30: 18.17 | CC30: Alachua | CE30: {=IFERROR(IF($CE$11="Metro",INDEX($BV$13:$BV$4972,SMALL(IF((County=$BW$13:$BW$4972),MATCH(ROW($BW$13:$BW$4972),ROW($BW$13:$BW$4972)),""),ROWS($A$13:$A30))),INDEX($BY$13:$BY$212,SMALL(IF((County=$BZ$13:$BZ$212),MATCH(ROW($BZ$13:$BZ$212),ROW($BZ$13:$BZ$212)),""),ROWS($A$13:$A30)))),"")} | CG30: {=IFERROR(IF($CG$11="Yes",INDEX($CB$13:$CB$2950,SMALL(IF((County=$CC$13:$CC$2950),MATCH(ROW($CC$13:$CC$2950),ROW($CC$13:$CC$2950)),""),ROWS($A$13:$A30))),""),"")} | CI30: 32225 | CJ30: Duval | CL30: 1.04 | CM30: Sarasota | CO30: 6.01 | CP30: Hendry | CR30: 1.21 | CS30: Miami-Dade | CU30: 33029 | CV30: Broward | CX30: Taylor | CZ30: 16 | DA30: Bay | DC30: 2106 | DD30: Jackson | DF30: 18.19 | DG30: Alachua | DI30: {=IFERROR(IF($DI$11="Metro",INDEX($CZ$13:$CZ$929,SMALL(IF((County=$DA$13:$DA$929),MATCH(ROW($DA$13:$DA$929),ROW($DA$13:$DA$929)),""),ROWS($A$13:$A30))),INDEX($DC$13:$DC$212,SMALL(IF((County=$DD$13:$DD$212),MATCH(ROW($DD$13:$DD$212),ROW($DD$13:$DD$212)),""),ROWS($A$13:$A30)))),"")} | DK30: {=IFERROR(IF($DK$11="Yes",INDEX($DF$13:$DF$2838,SMALL(IF((County=$DG$13:$DG$2838),MATCH(ROW($DG$13:$DG$2838),ROW($DG$13:$DG$2838)),""),ROWS($A$13:$A30))),""),"")} | DM30: 32225 | DN30: Duval | DP30: 2.02 | DQ30: Hillsborough | DS30: 9502.02 | DT30: Liberty | DV30: 1.21 | DW30: Miami-Dade | EB30: Clay | EC30: =VLOOKUP(EB30,Data1!$A$405:$H$471,8) -> Medium | ED30: 2026-218C | EE30: Kelli Grove | EF30: 30.046958 | EG30: -81.778535 | EH30: E | EI30: N | EJ30: =EB30&" - "&EE30 -> Clay - Kelli Grove | EK30: =IF(EH30="F","Family",IF(EH30="E","Elderly Non-ALF",IF(EH30="ALF","Elderly ALF",IF(EH30="W","Workforce",IF(EH30="F,F","Farm/Fishing Worker",""))))) -> Elderly Non-ALF | EL30: ="("&EF30&", "&EG30&")" -> (30.046958, -81.778535) | EM30: =IF(EI30="N",">30",IF(EI30="Y","<31","")) -> >30 | EN30: =IF(AND($EV$11="Yes",_xlfn.MINIFS($EP$13:$EP$76,$EO$13:$EO$76,$EO30)=EP30,IFERROR(FIND("- Site",EJ30),0)>0),1,"") | EO30: =IF(IFERROR(FIND("- site",EJ30),0)=0,EJ30,LEFT(EJ30,IFERROR(FIND("- site",EJ30),0)-2)) -> Clay - Kelli Grove | EP30: =IF($EF30=0,0,2*ATAN2(SQRT(1-SIN(ABS($EF30-$EO$5)*PI()/180/2)^2+COS($EO$5*PI()/180)*COS($EF30*PI()/180)*SIN(ABS($EG30-$EO$6)*PI()/180/2)^2),SQRT(SIN(ABS($EF30-$EO$5)*PI()/180/2)^2+COS($EO$5*PI()/180)*COS($EF30*PI()/180)*SIN(ABS($EG30-$EO$6)*PI()/180/2)^2))*SQRT((($EK$5^2*COS($EO$5))^2+($EK$6^2*SIN($EO$5))^2)/(($EK$5*COS($EO$5))^2+($EK$6*SIN($EO$5))^2))/$EK$7) -> 4164.157 | EQ30: =IF($EO$7=EK30,"Yes","No") -> No | ER30: =VLOOKUP(EB30,Data1!$G$405:$H$471,2) -> Medium | ET30: =IF(EU30>0,SUM(EU$13:EU30),"") | EU30: =IF(AND(ER30="Large",OR($ER$5="NA",$ER$6="NA",$ER$7="NA")),0,IF(AND(EP30<IF(LDA_Notice="LDA",IF(ER30="Small",N($EP$5)+N($EP$8),IF(ER30="Medium",N($EQ$5)+N($EQ$8),N($ER$5)+N($ER$8))),IF(EM30=">30",IF(ER30="Small",N($EP$6)+N($EP$8),IF(ER30="Medium",N($EQ$6)+N($EQ$8),N($ER$6)+N($ER$8))),IF(ER30="Small",N($EP$7)+N($EP$8),IF(ER30="Medium",N($EQ$7)+N($EQ$8),N($ER$7)+N($ER$8))))),EQ30="Yes",OR(IFERROR(FIND("- site",EJ30),0)=0,$EV$11="No",AND(IFERROR(FIND("- site",EJ30),0)>0,EN30=1)),OR(Proximity_list_related<>"Yes",AND(Proximity_list_related="Yes",EJ30<>Prox_List_Related_Disregard_1,EJ30<>Prox_List_Related_Disregard_2,EJ30<>Prox_List_Related_Disregard_3,EJ30<>Prox_List_Related_Disregard_4,EJ30<>Prox_List_Related_Disregard_5))),1,0)) -> 0 | EV30: =IF(AND($EV$11="Yes",IFERROR(FIND("- Site",EJ30),0)>0,EN30=1)=FALSE,EJ30,LEFT(EJ30,LEN(EJ30)-(LEN(EJ30)-FIND("- Site",EJ30)+1))) -> Clay - Kelli Grove
A31: 33021 | B31: Broward | F31: 22 | G31: Bay | I31: 1103.02 | J31: Madison | L31: 20.01 | M31: Alachua | R31: {=IFERROR(IF($R$11="Metro",INDEX($F$13:$F$829,SMALL(IF((County=$G$13:$G$829),MATCH(ROW($G$13:$G$829),ROW($G$13:$G$829)),""),ROWS($A$13:A31))),INDEX($I$13:$I$44,SMALL(IF((County=$J$13:$J$44),MATCH(ROW($J$13:$J$44),ROW($J$13:$J$44)),""),ROWS($A$13:A31)))),"")} | T31: {=IFERROR(IF($T$11="Yes",INDEX($L$13:$L$2813,SMALL(IF((County=$M$13:$M$2813),MATCH(ROW($M$13:$M$2813),ROW($M$13:$M$2813)),""),ROWS($A$13:A31))),""),"")} | V31: {=IFERROR(IF($T$11="Yes",INDEX($O$14:$O$2811,SMALL(IF((County=$P$14:$P$2811),MATCH(ROW($P$14:$P$2811),ROW($P$14:$P$2811)),""),ROWS($A$13:A31))),""),"")} | X31: 32162 | Y31: =IF(County="Sumter","Marion","Sumter") -> Sumter | AA31: 2.11 | AB31: Miami-Dade | AD31: 9502.02 | AE31: Putnam | AG31: 1.2 | AH31: Miami-Dade | AM31: 33029 | AN31: Broward | AP31: Putnam | AR31: 11 | AS31: Bay | AU31: 600 | AV31: Jackson | AX31: 18.17 | AY31: Alachua | BA31: {=IFERROR(IF($BA$11="Metro",INDEX($AR$13:$AR$814,SMALL(IF((County=$AS$13:$AS$814),MATCH(ROW($AS$13:$AS$814),ROW($AS$13:$AS$814)),""),ROWS($A$13:$A31))),INDEX($AU$13:$AU$48,SMALL(IF((County=$AV$13:$AV$48),MATCH(ROW($AV$13:$AV$48),ROW($AV$13:$AV$48)),""),ROWS($A$13:$A31)))),"")} | BC31: {=IFERROR(IF($BC$11="Yes",INDEX($AX$13:$AX$2950,SMALL(IF((County=$AY$13:$AY$2950),MATCH(ROW($AY$13:$AY$2950),ROW($AY$13:$AY$2950)),""),ROWS($A$13:$A31))),""),"")} | BE31: 32227 | BF31: Duval | BH31: 2.02 | BI31: Marion | BK31: 302 | BL31: Hardee | BN31: 1.21 | BO31: Miami-Dade | BQ31: 33025 | BR31: Broward | BT31: Putnam | BV31: 14 | BW31: Alachua | BY31: 1107 | BZ31: Columbia | CB31: 18.19 | CC31: Alachua | CE31: {=IFERROR(IF($CE$11="Metro",INDEX($BV$13:$BV$4972,SMALL(IF((County=$BW$13:$BW$4972),MATCH(ROW($BW$13:$BW$4972),ROW($BW$13:$BW$4972)),""),ROWS($A$13:$A31))),INDEX($BY$13:$BY$212,SMALL(IF((County=$BZ$13:$BZ$212),MATCH(ROW($BZ$13:$BZ$212),ROW($BZ$13:$BZ$212)),""),ROWS($A$13:$A31)))),"")} | CG31: {=IFERROR(IF($CG$11="Yes",INDEX($CB$13:$CB$2950,SMALL(IF((County=$CC$13:$CC$2950),MATCH(ROW($CC$13:$CC$2950),ROW($CC$13:$CC$2950)),""),ROWS($A$13:$A31))),""),"")} | CI31: 32226 | CJ31: Duval | CL31: 1.05 | CM31: Manatee | CO31: 6.02 | CP31: Hendry | CR31: 1.22 | CS31: Miami-Dade | CU31: 33062 | CV31: Broward | CX31: Washington | CZ31: 17 | DA31: Bay | DC31: 2108 | DD31: Jackson | DF31: 19.07 | DG31: Alachua | DI31: {=IFERROR(IF($DI$11="Metro",INDEX($CZ$13:$CZ$929,SMALL(IF((County=$DA$13:$DA$929),MATCH(ROW($DA$13:$DA$929),ROW($DA$13:$DA$929)),""),ROWS($A$13:$A31))),INDEX($DC$13:$DC$212,SMALL(IF((County=$DD$13:$DD$212),MATCH(ROW($DD$13:$DD$212),ROW($DD$13:$DD$212)),""),ROWS($A$13:$A31)))),"")} | DK31: {=IFERROR(IF($DK$11="Yes",INDEX($DF$13:$DF$2838,SMALL(IF((County=$DG$13:$DG$2838),MATCH(ROW($DG$13:$DG$2838),ROW($DG$13:$DG$2838)),""),ROWS($A$13:$A31))),""),"")} | DM31: 32226 | DN31: Duval | DP31: 2.03 | DQ31: Manatee | DS31: 9502.02 | DT31: Putnam | DV31: 1.22 | DW31: Miami-Dade | EB31: Collier | EC31: =VLOOKUP(EB31,Data1!$A$405:$H$471,8) -> Medium | ED31: 2024-055BSN | EE31: Casa San Juan Diego | EF31: 26.416374 | EG31: -81.428311 | EH31: F | EI31: N | EJ31: =EB31&" - "&EE31 -> Collier - Casa San Juan Diego | EK31: =IF(EH31="F","Family",IF(EH31="E","Elderly Non-ALF",IF(EH31="ALF","Elderly ALF",IF(EH31="W","Workforce",IF(EH31="F,F","Farm/Fishing Worker",""))))) -> Family | EL31: ="("&EF31&", "&EG31&")" -> (26.416374, -81.428311) | EM31: =IF(EI31="N",">30",IF(EI31="Y","<31","")) -> >30 | EN31: =IF(AND($EV$11="Yes",_xlfn.MINIFS($EP$13:$EP$76,$EO$13:$EO$76,$EO31)=EP31,IFERROR(FIND("- Site",EJ31),0)>0),1,"") | EO31: =IF(IFERROR(FIND("- site",EJ31),0)=0,EJ31,LEFT(EJ31,IFERROR(FIND("- site",EJ31),0)-2)) -> Collier - Casa San Juan Diego | EP31: =IF($EF31=0,0,2*ATAN2(SQRT(1-SIN(ABS($EF31-$EO$5)*PI()/180/2)^2+COS($EO$5*PI()/180)*COS($EF31*PI()/180)*SIN(ABS($EG31-$EO$6)*PI()/180/2)^2),SQRT(SIN(ABS($EF31-$EO$5)*PI()/180/2)^2+COS($EO$5*PI()/180)*COS($EF31*PI()/180)*SIN(ABS($EG31-$EO$6)*PI()/180/2)^2))*SQRT((($EK$5^2*COS($EO$5))^2+($EK$6^2*SIN($EO$5))^2)/(($EK$5*COS($EO$5))^2+($EK$6*SIN($EO$5))^2))/$EK$7) -> 4112.3923 | EQ31: =IF($EO$7=EK31,"Yes","No") -> No | ER31: =VLOOKUP(EB31,Data1!$G$405:$H$471,2) -> Medium | ET31: =IF(EU31>0,SUM(EU$13:EU31),"") | EU31: =IF(AND(ER31="Large",OR($ER$5="NA",$ER$6="NA",$ER$7="NA")),0,IF(AND(EP31<IF(LDA_Notice="LDA",IF(ER31="Small",N($EP$5)+N($EP$8),IF(ER31="Medium",N($EQ$5)+N($EQ$8),N($ER$5)+N($ER$8))),IF(EM31=">30",IF(ER31="Small",N($EP$6)+N($EP$8),IF(ER31="Medium",N($EQ$6)+N($EQ$8),N($ER$6)+N($ER$8))),IF(ER31="Small",N($EP$7)+N($EP$8),IF(ER31="Medium",N($EQ$7)+N($EQ$8),N($ER$7)+N($ER$8))))),EQ31="Yes",OR(IFERROR(FIND("- site",EJ31),0)=0,$EV$11="No",AND(IFERROR(FIND("- site",EJ31),0)>0,EN31=1)),OR(Proximity_list_related<>"Yes",AND(Proximity_list_related="Yes",EJ31<>Prox_List_Related_Disregard_1,EJ31<>Prox_List_Related_Disregard_2,EJ31<>Prox_List_Related_Disregard_3,EJ31<>Prox_List_Related_Disregard_4,EJ31<>Prox_List_Related_Disregard_5))),1,0)) -> 0 | EV31: =IF(AND($EV$11="Yes",IFERROR(FIND("- Site",EJ31),0)>0,EN31=1)=FALSE,EJ31,LEFT(EJ31,LEN(EJ31)-(LEN(EJ31)-FIND("- Site",EJ31)+1))) -> Collier - Casa San Juan Diego
A32: 33024 | B32: Broward | F32: 24 | G32: Bay | I32: 9713 | J32: Monroe | L32: 21.01 | M32: Alachua | R32: {=IFERROR(IF($R$11="Metro",INDEX($F$13:$F$829,SMALL(IF((County=$G$13:$G$829),MATCH(ROW($G$13:$G$829),ROW($G$13:$G$829)),""),ROWS($A$13:A32))),INDEX($I$13:$I$44,SMALL(IF((County=$J$13:$J$44),MATCH(ROW($J$13:$J$44),ROW($J$13:$J$44)),""),ROWS($A$13:A32)))),"")} | T32: {=IFERROR(IF($T$11="Yes",INDEX($L$13:$L$2813,SMALL(IF((County=$M$13:$M$2813),MATCH(ROW($M$13:$M$2813),ROW($M$13:$M$2813)),""),ROWS($A$13:A32))),""),"")} | V32: {=IFERROR(IF($T$11="Yes",INDEX($O$14:$O$2811,SMALL(IF((County=$P$14:$P$2811),MATCH(ROW($P$14:$P$2811),ROW($P$14:$P$2811)),""),ROWS($A$13:A32))),""),"")} | X32: 32163 | Y32: =IF(County="Sumter","Sumter","Lake") -> Lake | AA32: 2.12 | AB32: Miami-Dade | AD32: 9507 | AE32: Putnam | AG32: 1.21 | AH32: Miami-Dade | AM32: 33062 | AN32: Broward | AP32: Suwannee | AR32: 16 | AS32: Bay | AU32: 0 | AV32: Liberty | AX32: 18.19 | AY32: Alachua | BA32: {=IFERROR(IF($BA$11="Metro",INDEX($AR$13:$AR$814,SMALL(IF((County=$AS$13:$AS$814),MATCH(ROW($AS$13:$AS$814),ROW($AS$13:$AS$814)),""),ROWS($A$13:$A32))),INDEX($AU$13:$AU$48,SMALL(IF((County=$AV$13:$AV$48),MATCH(ROW($AV$13:$AV$48),ROW($AV$13:$AV$48)),""),ROWS($A$13:$A32)))),"")} | BC32: {=IFERROR(IF($BC$11="Yes",INDEX($AX$13:$AX$2950,SMALL(IF((County=$AY$13:$AY$2950),MATCH(ROW($AY$13:$AY$2950),ROW($AY$13:$AY$2950)),""),ROWS($A$13:$A32))),""),"")} | BE32: 32228 | BF32: Duval | BH32: 2.03 | BI32: Manatee | BK32: 302 | BL32: Madison | BN32: 1.22 | BO32: Miami-Dade | BQ32: 33026 | BR32: Broward | BT32: Suwannee | BV32: 15.14 | BW32: Alachua | BY32: 1108 | BZ32: Columbia | CB32: 21.01 | CC32: Alachua | CE32: {=IFERROR(IF($CE$11="Metro",INDEX($BV$13:$BV$4972,SMALL(IF((County=$BW$13:$BW$4972),MATCH(ROW($BW$13:$BW$4972),ROW($BW$13:$BW$4972)),""),ROWS($A$13:$A32))),INDEX($BY$13:$BY$212,SMALL(IF((County=$BZ$13:$BZ$212),MATCH(ROW($BZ$13:$BZ$212),ROW($BZ$13:$BZ$212)),""),ROWS($A$13:$A32)))),"")} | CG32: {=IFERROR(IF($CG$11="Yes",INDEX($CB$13:$CB$2950,SMALL(IF((County=$CC$13:$CC$2950),MATCH(ROW($CC$13:$CC$2950),ROW($CC$13:$CC$2950)),""),ROWS($A$13:$A32))),""),"")} | CI32: 32227 | CJ32: Duval | CL32: 1.06 | CM32: Manatee | CO32: 101 | CP32: Calhoun | CR32: 1.23 | CS32: Miami-Dade | CU32: 33063 | CV32: Broward | CX32: End of Non-Metro DDAs | CZ32: 18 | DA32: Bay | DC32: 9502.02 | DD32: Liberty | DF32: 21.01 | DG32: Alachua | DI32: {=IFERROR(IF($DI$11="Metro",INDEX($CZ$13:$CZ$929,SMALL(IF((County=$DA$13:$DA$929),MATCH(ROW($DA$13:$DA$929),ROW($DA$13:$DA$929)),""),ROWS($A$13:$A32))),INDEX($DC$13:$DC$212,SMALL(IF((County=$DD$13:$DD$212),MATCH(ROW($DD$13:$DD$212),ROW($DD$13:$DD$212)),""),ROWS($A$13:$A32)))),"")} | DK32: {=IFERROR(IF($DK$11="Yes",INDEX($DF$13:$DF$2838,SMALL(IF((County=$DG$13:$DG$2838),MATCH(ROW($DG$13:$DG$2838),ROW($DG$13:$DG$2838)),""),ROWS($A$13:$A32))),""),"")} | DM32: 32227 | DN32: Duval | DP32: 2.04 | DQ32: Manatee | DS32: 9507 | DT32: Putnam | DV32: 1.23 | DW32: Miami-Dade | EB32: Collier | EC32: =VLOOKUP(EB32,Data1!$A$405:$H$471,8) -> Medium | ED32: 2024-249BS | EE32: Ekos on Collier | EF32: 26.053603 | EG32: -81.699197 | EH32: F | EI32: N | EJ32: =EB32&" - "&EE32 -> Collier - Ekos on Collier | EK32: =IF(EH32="F","Family",IF(EH32="E","Elderly Non-ALF",IF(EH32="ALF","Elderly ALF",IF(EH32="W","Workforce",IF(EH32="F,F","Farm/Fishing Worker",""))))) -> Family | EL32: ="("&EF32&", "&EG32&")" -> (26.053603, -81.699197) | EM32: =IF(EI32="N",">30",IF(EI32="Y","<31","")) -> >30 | EN32: =IF(AND($EV$11="Yes",_xlfn.MINIFS($EP$13:$EP$76,$EO$13:$EO$76,$EO32)=EP32,IFERROR(FIND("- Site",EJ32),0)>0),1,"") | EO32: =IF(IFERROR(FIND("- site",EJ32),0)=0,EJ32,LEFT(EJ32,IFERROR(FIND("- site",EJ32),0)-2)) -> Collier - Ekos on Collier | EP32: =IF($EF32=0,0,2*ATAN2(SQRT(1-SIN(ABS($EF32-$EO$5)*PI()/180/2)^2+COS($EO$5*PI()/180)*COS($EF32*PI()/180)*SIN(ABS($EG32-$EO$6)*PI()/180/2)^2),SQRT(SIN(ABS($EF32-$EO$5)*PI()/180/2)^2+COS($EO$5*PI()/180)*COS($EF32*PI()/180)*SIN(ABS($EG32-$EO$6)*PI()/180/2)^2))*SQRT((($EK$5^2*COS($EO$5))^2+($EK$6^2*SIN($EO$5))^2)/(($EK$5*COS($EO$5))^2+($EK$6*SIN($EO$5))^2))/$EK$7) -> 4113.8154 | EQ32: =IF($EO$7=EK32,"Yes","No") -> No | ER32: =VLOOKUP(EB32,Data1!$G$405:$H$471,2) -> Medium | ET32: =IF(EU32>0,SUM(EU$13:EU32),"") | EU32: =IF(AND(ER32="Large",OR($ER$5="NA",$ER$6="NA",$ER$7="NA")),0,IF(AND(EP32<IF(LDA_Notice="LDA",IF(ER32="Small",N($EP$5)+N($EP$8),IF(ER32="Medium",N($EQ$5)+N($EQ$8),N($ER$5)+N($ER$8))),IF(EM32=">30",IF(ER32="Small",N($EP$6)+N($EP$8),IF(ER32="Medium",N($EQ$6)+N($EQ$8),N($ER$6)+N($ER$8))),IF(ER32="Small",N($EP$7)+N($EP$8),IF(ER32="Medium",N($EQ$7)+N($EQ$8),N($ER$7)+N($ER$8))))),EQ32="Yes",OR(IFERROR(FIND("- site",EJ32),0)=0,$EV$11="No",AND(IFERROR(FIND("- site",EJ32),0)>0,EN32=1)),OR(Proximity_list_related<>"Yes",AND(Proximity_list_related="Yes",EJ32<>Prox_List_Related_Disregard_1,EJ32<>Prox_List_Related_Disregard_2,EJ32<>Prox_List_Related_Disregard_3,EJ32<>Prox_List_Related_Disregard_4,EJ32<>Prox_List_Related_Disregard_5))),1,0)) -> 0 | EV32: =IF(AND($EV$11="Yes",IFERROR(FIND("- Site",EJ32),0)>0,EN32=1)=FALSE,EJ32,LEFT(EJ32,LEN(EJ32)-(LEN(EJ32)-FIND("- Site",EJ32)+1))) -> Collier - Ekos on Collier
A33: 33025 | B33: Broward | F33: 607 | G33: Brevard | I33: 9724 | J33: Monroe | L33: 21.02 | M33: Alachua | R33: {=IFERROR(IF($R$11="Metro",INDEX($F$13:$F$829,SMALL(IF((County=$G$13:$G$829),MATCH(ROW($G$13:$G$829),ROW($G$13:$G$829)),""),ROWS($A$13:A33))),INDEX($I$13:$I$44,SMALL(IF((County=$J$13:$J$44),MATCH(ROW($J$13:$J$44),ROW($J$13:$J$44)),""),ROWS($A$13:A33)))),"")} | T33: {=IFERROR(IF($T$11="Yes",INDEX($L$13:$L$2813,SMALL(IF((County=$M$13:$M$2813),MATCH(ROW($M$13:$M$2813),ROW($M$13:$M$2813)),""),ROWS($A$13:A33))),""),"")} | V33: {=IFERROR(IF($T$11="Yes",INDEX($O$14:$O$2811,SMALL(IF((County=$P$14:$P$2811),MATCH(ROW($P$14:$P$2811),ROW($P$14:$P$2811)),""),ROWS($A$13:A33))),""),"")} | X33: 32163 | Y33: =IF(County="Sumter","Lake","Sumter") -> Sumter | AA33: 2.18 | AB33: Miami-Dade | AD33: 9508 | AE33: Putnam | AG33: 1.22 | AH33: Miami-Dade | AM33: 33063 | AN33: Broward | AP33: Taylor | AR33: 18 | AS33: Bay | AU33: 200 | AV33: Madison | AX33: 22.01 | AY33: Alachua | BA33: {=IFERROR(IF($BA$11="Metro",INDEX($AR$13:$AR$814,SMALL(IF((County=$AS$13:$AS$814),MATCH(ROW($AS$13:$AS$814),ROW($AS$13:$AS$814)),""),ROWS($A$13:$A33))),INDEX($AU$13:$AU$48,SMALL(IF((County=$AV$13:$AV$48),MATCH(ROW($AV$13:$AV$48),ROW($AV$13:$AV$48)),""),ROWS($A$13:$A33)))),"")} | BC33: {=IFERROR(IF($BC$11="Yes",INDEX($AX$13:$AX$2950,SMALL(IF((County=$AY$13:$AY$2950),MATCH(ROW($AY$13:$AY$2950),ROW($AY$13:$AY$2950)),""),ROWS($A$13:$A33))),""),"")} | BE33: 32250 | BF33: Duval | BH33: 2.03 | BI33: Marion | BK33: 302 | BL33: Taylor | BN33: 1.23 | BO33: Miami-Dade | BQ33: 33027 | BR33: Broward | BT33: Taylor | BV33: 15.15 | BW33: Alachua | BY33: 1109.01 | BZ33: Columbia | CB33: 22.01 | CC33: Alachua | CE33: {=IFERROR(IF($CE$11="Metro",INDEX($BV$13:$BV$4972,SMALL(IF((County=$BW$13:$BW$4972),MATCH(ROW($BW$13:$BW$4972),ROW($BW$13:$BW$4972)),""),ROWS($A$13:$A33))),INDEX($BY$13:$BY$212,SMALL(IF((County=$BZ$13:$BZ$212),MATCH(ROW($BZ$13:$BZ$212),ROW($BZ$13:$BZ$212)),""),ROWS($A$13:$A33)))),"")} | CG33: {=IFERROR(IF($CG$11="Yes",INDEX($CB$13:$CB$2950,SMALL(IF((County=$CC$13:$CC$2950),MATCH(ROW($CC$13:$CC$2950),ROW($CC$13:$CC$2950)),""),ROWS($A$13:$A33))),""),"")} | CI33: 32250 | CJ33: Duval | CL33: 1.07 | CM33: Miami-Dade | CO33: 101.01 | CP33: DeSoto | CR33: 1.26 | CS33: Miami-Dade | CU33: 33064 | CV33: Broward | CZ33: 20 | DA33: Bay | DC33: 1102 | DD33: Madison | DF33: 21.02 | DG33: Alachua | DI33: {=IFERROR(IF($DI$11="Metro",INDEX($CZ$13:$CZ$929,SMALL(IF((County=$DA$13:$DA$929),MATCH(ROW($DA$13:$DA$929),ROW($DA$13:$DA$929)),""),ROWS($A$13:$A33))),INDEX($DC$13:$DC$212,SMALL(IF((County=$DD$13:$DD$212),MATCH(ROW($DD$13:$DD$212),ROW($DD$13:$DD$212)),""),ROWS($A$13:$A33)))),"")} | DK33: {=IFERROR(IF($DK$11="Yes",INDEX($DF$13:$DF$2838,SMALL(IF((County=$DG$13:$DG$2838),MATCH(ROW($DG$13:$DG$2838),ROW($DG$13:$DG$2838)),""),ROWS($A$13:$A33))),""),"")} | DM33: 32228 | DN33: Duval | DP33: 2.06 | DQ33: Miami-Dade | DS33: 9508 | DT33: Putnam | DV33: 1.26 | DW33: Miami-Dade | EB33: Columbia | EC33: =VLOOKUP(EB33,Data1!$A$405:$H$471,8) -> Small | ED33: 2024-128CN | EE33: Sweetwater Apartments Phase II | EF33: 30.196731 | EG33: -82.633733 | EH33: F | EI33: N | EJ33: =EB33&" - "&EE33 -> Columbia - Sweetwater Apartments Phase II | EK33: =IF(EH33="F","Family",IF(EH33="E","Elderly Non-ALF",IF(EH33="ALF","Elderly ALF",IF(EH33="W","Workforce",IF(EH33="F,F","Farm/Fishing Worker",""))))) -> Family | EL33: ="("&EF33&", "&EG33&")" -> (30.196731, -82.633733) | EM33: =IF(EI33="N",">30",IF(EI33="Y","<31","")) -> >30 | EN33: =IF(AND($EV$11="Yes",_xlfn.MINIFS($EP$13:$EP$76,$EO$13:$EO$76,$EO33)=EP33,IFERROR(FIND("- Site",EJ33),0)>0),1,"") | EO33: =IF(IFERROR(FIND("- site",EJ33),0)=0,EJ33,LEFT(EJ33,IFERROR(FIND("- site",EJ33),0)-2)) -> Columbia - Sweetwater Apartments Phase II | EP33: =IF($EF33=0,0,2*ATAN2(SQRT(1-SIN(ABS($EF33-$EO$5)*PI()/180/2)^2+COS($EO$5*PI()/180)*COS($EF33*PI()/180)*SIN(ABS($EG33-$EO$6)*PI()/180/2)^2),SQRT(SIN(ABS($EF33-$EO$5)*PI()/180/2)^2+COS($EO$5*PI()/180)*COS($EF33*PI()/180)*SIN(ABS($EG33-$EO$6)*PI()/180/2)^2))*SQRT((($EK$5^2*COS($EO$5))^2+($EK$6^2*SIN($EO$5))^2)/(($EK$5*COS($EO$5))^2+($EK$6*SIN($EO$5))^2))/$EK$7) -> 4182.6375 | EQ33: =IF($EO$7=EK33,"Yes","No") -> No | ER33: =VLOOKUP(EB33,Data1!$G$405:$H$471,2) -> Small | ET33: =IF(EU33>0,SUM(EU$13:EU33),"") | EU33: =IF(AND(ER33="Large",OR($ER$5="NA",$ER$6="NA",$ER$7="NA")),0,IF(AND(EP33<IF(LDA_Notice="LDA",IF(ER33="Small",N($EP$5)+N($EP$8),IF(ER33="Medium",N($EQ$5)+N($EQ$8),N($ER$5)+N($ER$8))),IF(EM33=">30",IF(ER33="Small",N($EP$6)+N($EP$8),IF(ER33="Medium",N($EQ$6)+N($EQ$8),N($ER$6)+N($ER$8))),IF(ER33="Small",N($EP$7)+N($EP$8),IF(ER33="Medium",N($EQ$7)+N($EQ$8),N($ER$7)+N($ER$8))))),EQ33="Yes",OR(IFERROR(FIND("- site",EJ33),0)=0,$EV$11="No",AND(IFERROR(FIND("- site",EJ33),0)>0,EN33=1)),OR(Proximity_list_related<>"Yes",AND(Proximity_list_related="Yes",EJ33<>Prox_List_Related_Disregard_1,EJ33<>Prox_List_Related_Disregard_2,EJ33<>Prox_List_Related_Disregard_3,EJ33<>Prox_List_Related_Disregard_4,EJ33<>Prox_List_Related_Disregard_5))),1,0)) -> 0 | EV33: =IF(AND($EV$11="Yes",IFERROR(FIND("- Site",EJ33),0)>0,EN33=1)=FALSE,EJ33,LEFT(EJ33,LEN(EJ33)-(LEN(EJ33)-FIND("- Site",EJ33)+1))) -> Columbia - Sweetwater Apartments Phase II
A34: 33026 | B34: Broward | F34: 621.14 | G34: Brevard | I34: 9103 | J34: Okeechobee | L34: 22.01 | M34: Alachua | R34: {=IFERROR(IF($R$11="Metro",INDEX($F$13:$F$829,SMALL(IF((County=$G$13:$G$829),MATCH(ROW($G$13:$G$829),ROW($G$13:$G$829)),""),ROWS($A$13:A34))),INDEX($I$13:$I$44,SMALL(IF((County=$J$13:$J$44),MATCH(ROW($J$13:$J$44),ROW($J$13:$J$44)),""),ROWS($A$13:A34)))),"")} | T34: {=IFERROR(IF($T$11="Yes",INDEX($L$13:$L$2813,SMALL(IF((County=$M$13:$M$2813),MATCH(ROW($M$13:$M$2813),ROW($M$13:$M$2813)),""),ROWS($A$13:A34))),""),"")} | V34: {=IFERROR(IF($T$11="Yes",INDEX($O$14:$O$2811,SMALL(IF((County=$P$14:$P$2811),MATCH(ROW($P$14:$P$2811),ROW($P$14:$P$2811)),""),ROWS($A$13:A34))),""),"")} | X34: 32168 | Y34: Volusia | AA34: 2.19 | AB34: Miami-Dade | AD34: 9509 | AE34: Putnam | AG34: 1.23 | AH34: Miami-Dade | AM34: 33067 | AN34: Broward | AP34: Union | AR34: 20 | AS34: Bay | AU34: 302 | AV34: Madison | AX34: 22.02 | AY34: Alachua | BA34: {=IFERROR(IF($BA$11="Metro",INDEX($AR$13:$AR$814,SMALL(IF((County=$AS$13:$AS$814),MATCH(ROW($AS$13:$AS$814),ROW($AS$13:$AS$814)),""),ROWS($A$13:$A34))),INDEX($AU$13:$AU$48,SMALL(IF((County=$AV$13:$AV$48),MATCH(ROW($AV$13:$AV$48),ROW($AV$13:$AV$48)),""),ROWS($A$13:$A34)))),"")} | BC34: {=IFERROR(IF($BC$11="Yes",INDEX($AX$13:$AX$2950,SMALL(IF((County=$AY$13:$AY$2950),MATCH(ROW($AY$13:$AY$2950),ROW($AY$13:$AY$2950)),""),ROWS($A$13:$A34))),""),"")} | BE34: 32256 | BF34: Duval | BH34: 2.03 | BI34: Pasco | BK34: 302 | BL34: Washington | BN34: 1.25 | BO34: Miami-Dade | BQ34: 33028 | BR34: Broward | BT34: Union | BV34: 15.16 | BW34: Alachua | BY34: 1109.03 | BZ34: Columbia | CB34: 22.02 | CC34: Alachua | CE34: {=IFERROR(IF($CE$11="Metro",INDEX($BV$13:$BV$4972,SMALL(IF((County=$BW$13:$BW$4972),MATCH(ROW($BW$13:$BW$4972),ROW($BW$13:$BW$4972)),""),ROWS($A$13:$A34))),INDEX($BY$13:$BY$212,SMALL(IF((County=$BZ$13:$BZ$212),MATCH(ROW($BZ$13:$BZ$212),ROW($BZ$13:$BZ$212)),""),ROWS($A$13:$A34)))),"")} | CG34: {=IFERROR(IF($CG$11="Yes",INDEX($CB$13:$CB$2950,SMALL(IF((County=$CC$13:$CC$2950),MATCH(ROW($CC$13:$CC$2950),ROW($CC$13:$CC$2950)),""),ROWS($A$13:$A34))),""),"")} | CI34: 32258 | CJ34: Duval | CL34: 1.09 | CM34: Miami-Dade | CO34: 101.02 | CP34: DeSoto | CR34: 1.27 | CS34: Miami-Dade | CU34: 33065 | CV34: Broward | CZ34: 22 | DA34: Bay | DC34: 1103.02 | DD34: Madison | DF34: 22.01 | DG34: Alachua | DI34: {=IFERROR(IF($DI$11="Metro",INDEX($CZ$13:$CZ$929,SMALL(IF((County=$DA$13:$DA$929),MATCH(ROW($DA$13:$DA$929),ROW($DA$13:$DA$929)),""),ROWS($A$13:$A34))),INDEX($DC$13:$DC$212,SMALL(IF((County=$DD$13:$DD$212),MATCH(ROW($DD$13:$DD$212),ROW($DD$13:$DD$212)),""),ROWS($A$13:$A34)))),"")} | DK34: {=IFERROR(IF($DK$11="Yes",INDEX($DF$13:$DF$2838,SMALL(IF((County=$DG$13:$DG$2838),MATCH(ROW($DG$13:$DG$2838),ROW($DG$13:$DG$2838)),""),ROWS($A$13:$A34))),""),"")} | DM34: 32246 | DN34: Duval | DP34: 2.12 | DQ34: Miami-Dade | DS34: 9509 | DT34: Putnam | DV34: 1.27 | DW34: Miami-Dade | EB34: DeSoto | EC34: =VLOOKUP(EB34,Data1!$A$405:$H$471,8) -> Small | ED34: 2026-338SH | EE34: Serenity at Arcadia | EF34: 27.207776 | EG34: -81.860049 | EH34: E | EI34: N | EJ34: =EB34&" - "&EE34 -> DeSoto - Serenity at Arcadia | EK34: =IF(EH34="F","Family",IF(EH34="E","Elderly Non-ALF",IF(EH34="ALF","Elderly ALF",IF(EH34="W","Workforce",IF(EH34="F,F","Farm/Fishing Worker",""))))) -> Elderly Non-ALF | EL34: ="("&EF34&", "&EG34&")" -> (27.207776, -81.860049) | EM34: =IF(EI34="N",">30",IF(EI34="Y","<31","")) -> >30 | EN34: =IF(AND($EV$11="Yes",_xlfn.MINIFS($EP$13:$EP$76,$EO$13:$EO$76,$EO34)=EP34,IFERROR(FIND("- Site",EJ34),0)>0),1,"") | EO34: =IF(IFERROR(FIND("- site",EJ34),0)=0,EJ34,LEFT(EJ34,IFERROR(FIND("- site",EJ34),0)-2)) -> DeSoto - Serenity at Arcadia | EP34: =IF($EF34=0,0,2*ATAN2(SQRT(1-SIN(ABS($EF34-$EO$5)*PI()/180/2)^2+COS($EO$5*PI()/180)*COS($EF34*PI()/180)*SIN(ABS($EG34-$EO$6)*PI()/180/2)^2),SQRT(SIN(ABS($EF34-$EO$5)*PI()/180/2)^2+COS($EO$5*PI()/180)*COS($EF34*PI()/180)*SIN(ABS($EG34-$EO$6)*PI()/180/2)^2))*SQRT((($EK$5^2*COS($EO$5))^2+($EK$6^2*SIN($EO$5))^2)/(($EK$5*COS($EO$5))^2+($EK$6*SIN($EO$5))^2))/$EK$7) -> 4130.3893 | EQ34: =IF($EO$7=EK34,"Yes","No") -> No | ER34: =VLOOKUP(EB34,Data1!$G$405:$H$471,2) -> Small | ET34: =IF(EU34>0,SUM(EU$13:EU34),"") | EU34: =IF(AND(ER34="Large",OR($ER$5="NA",$ER$6="NA",$ER$7="NA")),0,IF(AND(EP34<IF(LDA_Notice="LDA",IF(ER34="Small",N($EP$5)+N($EP$8),IF(ER34="Medium",N($EQ$5)+N($EQ$8),N($ER$5)+N($ER$8))),IF(EM34=">30",IF(ER34="Small",N($EP$6)+N($EP$8),IF(ER34="Medium",N($EQ$6)+N($EQ$8),N($ER$6)+N($ER$8))),IF(ER34="Small",N($EP$7)+N($EP$8),IF(ER34="Medium",N($EQ$7)+N($EQ$8),N($ER$7)+N($ER$8))))),EQ34="Yes",OR(IFERROR(FIND("- site",EJ34),0)=0,$EV$11="No",AND(IFERROR(FIND("- site",EJ34),0)>0,EN34=1)),OR(Proximity_list_related<>"Yes",AND(Proximity_list_related="Yes",EJ34<>Prox_List_Related_Disregard_1,EJ34<>Prox_List_Related_Disregard_2,EJ34<>Prox_List_Related_Disregard_3,EJ34<>Prox_List_Related_Disregard_4,EJ34<>Prox_List_Related_Disregard_5))),1,0)) -> 0 | EV34: =IF(AND($EV$11="Yes",IFERROR(FIND("- Site",EJ34),0)>0,EN34=1)=FALSE,EJ34,LEFT(EJ34,LEN(EJ34)-(LEN(EJ34)-FIND("- Site",EJ34)+1))) -> DeSoto - Serenity at Arcadia
A35: 33027 | B35: Broward | F35: 623.02 | G35: Brevard | I35: 9104.02 | J35: Okeechobee | L35: 22.02 | M35: Alachua | R35: {=IFERROR(IF($R$11="Metro",INDEX($F$13:$F$829,SMALL(IF((County=$G$13:$G$829),MATCH(ROW($G$13:$G$829),ROW($G$13:$G$829)),""),ROWS($A$13:A35))),INDEX($I$13:$I$44,SMALL(IF((County=$J$13:$J$44),MATCH(ROW($J$13:$J$44),ROW($J$13:$J$44)),""),ROWS($A$13:A35)))),"")} | T35: {=IFERROR(IF($T$11="Yes",INDEX($L$13:$L$2813,SMALL(IF((County=$M$13:$M$2813),MATCH(ROW($M$13:$M$2813),ROW($M$13:$M$2813)),""),ROWS($A$13:A35))),""),"")} | V35: {=IFERROR(IF($T$11="Yes",INDEX($O$14:$O$2811,SMALL(IF((County=$P$14:$P$2811),MATCH(ROW($P$14:$P$2811),ROW($P$14:$P$2811)),""),ROWS($A$13:A35))),""),"")} | X35: 32169 | Y35: Volusia | AA35: 2.22 | AB35: Miami-Dade | AD35: 9512 | AE35: Putnam | AG35: 1.27 | AH35: Miami-Dade | AM35: 33068 | AN35: Broward | AP35: Washington | AR35: 22 | AS35: Bay | AU35: 402 | AV35: Okeechobee | AX35: 22.04 | AY35: Alachua | BA35: {=IFERROR(IF($BA$11="Metro",INDEX($AR$13:$AR$814,SMALL(IF((County=$AS$13:$AS$814),MATCH(ROW($AS$13:$AS$814),ROW($AS$13:$AS$814)),""),ROWS($A$13:$A35))),INDEX($AU$13:$AU$48,SMALL(IF((County=$AV$13:$AV$48),MATCH(ROW($AV$13:$AV$48),ROW($AV$13:$AV$48)),""),ROWS($A$13:$A35)))),"")} | BC35: {=IFERROR(IF($BC$11="Yes",INDEX($AX$13:$AX$2950,SMALL(IF((County=$AY$13:$AY$2950),MATCH(ROW($AY$13:$AY$2950),ROW($AY$13:$AY$2950)),""),ROWS($A$13:$A35))),""),"")} | BE35: 32258 | BF35: Duval | BH35: 2.04 | BI35: Manatee | BK35: 400 | BL35: Columbia | BN35: 1.26 | BO35: Miami-Dade | BQ35: 33029 | BR35: Broward | BT35: Washington | BV35: 15.17 | BW35: Alachua | BY35: 1109.04 | BZ35: Columbia | CB35: 22.04 | CC35: Alachua | CE35: {=IFERROR(IF($CE$11="Metro",INDEX($BV$13:$BV$4972,SMALL(IF((County=$BW$13:$BW$4972),MATCH(ROW($BW$13:$BW$4972),ROW($BW$13:$BW$4972)),""),ROWS($A$13:$A35))),INDEX($BY$13:$BY$212,SMALL(IF((County=$BZ$13:$BZ$212),MATCH(ROW($BZ$13:$BZ$212),ROW($BZ$13:$BZ$212)),""),ROWS($A$13:$A35)))),"")} | CG35: {=IFERROR(IF($CG$11="Yes",INDEX($CB$13:$CB$2950,SMALL(IF((County=$CC$13:$CC$2950),MATCH(ROW($CC$13:$CC$2950),ROW($CC$13:$CC$2950)),""),ROWS($A$13:$A35))),""),"")} | CI35: 32259 | CJ35: St. Johns | CL35: 1.15 | CM35: Miami-Dade | CO35: 102 | CP35: Calhoun | CR35: 1.28 | CS35: Miami-Dade | CU35: 33067 | CV35: Broward | CZ35: 24 | DA35: Bay | DC35: 9713 | DD35: Monroe | DF35: 22.02 | DG35: Alachua | DI35: {=IFERROR(IF($DI$11="Metro",INDEX($CZ$13:$CZ$929,SMALL(IF((County=$DA$13:$DA$929),MATCH(ROW($DA$13:$DA$929),ROW($DA$13:$DA$929)),""),ROWS($A$13:$A35))),INDEX($DC$13:$DC$212,SMALL(IF((County=$DD$13:$DD$212),MATCH(ROW($DD$13:$DD$212),ROW($DD$13:$DD$212)),""),ROWS($A$13:$A35)))),"")} | DK35: {=IFERROR(IF($DK$11="Yes",INDEX($DF$13:$DF$2838,SMALL(IF((County=$DG$13:$DG$2838),MATCH(ROW($DG$13:$DG$2838),ROW($DG$13:$DG$2838)),""),ROWS($A$13:$A35))),""),"")} | DM35: 32250 | DN35: Duval | DP35: 2.18 | DQ35: Miami-Dade | DS35: 9512 | DT35: Putnam | DV35: 1.28 | DW35: Miami-Dade | EB35: Dixie | EC35: =VLOOKUP(EB35,Data1!$A$405:$H$471,8) -> Small | ED35: 2025-022C | EE35: Prince Pointe | EF35: 29.640075 | EG35: -83.130232 | EH35: F | EI35: N | EJ35: =EB35&" - "&EE35 -> Dixie - Prince Pointe | EK35: =IF(EH35="F","Family",IF(EH35="E","Elderly Non-ALF",IF(EH35="ALF","Elderly ALF",IF(EH35="W","Workforce",IF(EH35="F,F","Farm/Fishing Worker",""))))) -> Family | EL35: ="("&EF35&", "&EG35&")" -> (29.640075, -83.130232) | EM35: =IF(EI35="N",">30",IF(EI35="Y","<31","")) -> >30 | EN35: =IF(AND($EV$11="Yes",_xlfn.MINIFS($EP$13:$EP$76,$EO$13:$EO$76,$EO35)=EP35,IFERROR(FIND("- Site",EJ35),0)>0),1,"") | EO35: =IF(IFERROR(FIND("- site",EJ35),0)=0,EJ35,LEFT(EJ35,IFERROR(FIND("- site",EJ35),0)-2)) -> Dixie - Prince Pointe | EP35: =IF($EF35=0,0,2*ATAN2(SQRT(1-SIN(ABS($EF35-$EO$5)*PI()/180/2)^2+COS($EO$5*PI()/180)*COS($EF35*PI()/180)*SIN(ABS($EG35-$EO$6)*PI()/180/2)^2),SQRT(SIN(ABS($EF35-$EO$5)*PI()/180/2)^2+COS($EO$5*PI()/180)*COS($EF35*PI()/180)*SIN(ABS($EG35-$EO$6)*PI()/180/2)^2))*SQRT((($EK$5^2*COS($EO$5))^2+($EK$6^2*SIN($EO$5))^2)/(($EK$5*COS($EO$5))^2+($EK$6*SIN($EO$5))^2))/$EK$7) -> 4185.0118 | EQ35: =IF($EO$7=EK35,"Yes","No") -> No | ER35: =VLOOKUP(EB35,Data1!$G$405:$H$471,2) -> Small | ET35: =IF(EU35>0,SUM(EU$13:EU35),"") | EU35: =IF(AND(ER35="Large",OR($ER$5="NA",$ER$6="NA",$ER$7="NA")),0,IF(AND(EP35<IF(LDA_Notice="LDA",IF(ER35="Small",N($EP$5)+N($EP$8),IF(ER35="Medium",N($EQ$5)+N($EQ$8),N($ER$5)+N($ER$8))),IF(EM35=">30",IF(ER35="Small",N($EP$6)+N($EP$8),IF(ER35="Medium",N($EQ$6)+N($EQ$8),N($ER$6)+N($ER$8))),IF(ER35="Small",N($EP$7)+N($EP$8),IF(ER35="Medium",N($EQ$7)+N($EQ$8),N($ER$7)+N($ER$8))))),EQ35="Yes",OR(IFERROR(FIND("- site",EJ35),0)=0,$EV$11="No",AND(IFERROR(FIND("- site",EJ35),0)>0,EN35=1)),OR(Proximity_list_related<>"Yes",AND(Proximity_list_related="Yes",EJ35<>Prox_List_Related_Disregard_1,EJ35<>Prox_List_Related_Disregard_2,EJ35<>Prox_List_Related_Disregard_3,EJ35<>Prox_List_Related_Disregard_4,EJ35<>Prox_List_Related_Disregard_5))),1,0)) -> 0 | EV35: =IF(AND($EV$11="Yes",IFERROR(FIND("- Site",EJ35),0)>0,EN35=1)=FALSE,EJ35,LEFT(EJ35,LEN(EJ35)-(LEN(EJ35)-FIND("- Site",EJ35)+1))) -> Dixie - Prince Pointe
A36: 33028 | B36: Broward | F36: 624.02 | G36: Brevard | I36: 9502.01 | J36: Putnam | L36: 22.04 | M36: Alachua | R36: {=IFERROR(IF($R$11="Metro",INDEX($F$13:$F$829,SMALL(IF((County=$G$13:$G$829),MATCH(ROW($G$13:$G$829),ROW($G$13:$G$829)),""),ROWS($A$13:A36))),INDEX($I$13:$I$44,SMALL(IF((County=$J$13:$J$44),MATCH(ROW($J$13:$J$44),ROW($J$13:$J$44)),""),ROWS($A$13:A36)))),"")} | T36: {=IFERROR(IF($T$11="Yes",INDEX($L$13:$L$2813,SMALL(IF((County=$M$13:$M$2813),MATCH(ROW($M$13:$M$2813),ROW($M$13:$M$2813)),""),ROWS($A$13:A36))),""),"")} | V36: {=IFERROR(IF($T$11="Yes",INDEX($O$14:$O$2811,SMALL(IF((County=$P$14:$P$2811),MATCH(ROW($P$14:$P$2811),ROW($P$14:$P$2811)),""),ROWS($A$13:A36))),""),"")} | X36: 32176 | Y36: Volusia | AA36: 2.22 | AB36: Palm Beach | AD36: 9513 | AE36: Putnam | AG36: 1.28 | AH36: Miami-Dade | AM36: 33071 | AN36: Broward | AP36: End of Non-Metro DDAs | AR36: 24 | AS36: Bay | AU36: 201 | AV36: Putnam | AX36: 22.07 | AY36: Alachua | BA36: {=IFERROR(IF($BA$11="Metro",INDEX($AR$13:$AR$814,SMALL(IF((County=$AS$13:$AS$814),MATCH(ROW($AS$13:$AS$814),ROW($AS$13:$AS$814)),""),ROWS($A$13:$A36))),INDEX($AU$13:$AU$48,SMALL(IF((County=$AV$13:$AV$48),MATCH(ROW($AV$13:$AV$48),ROW($AV$13:$AV$48)),""),ROWS($A$13:$A36)))),"")} | BC36: {=IFERROR(IF($BC$11="Yes",INDEX($AX$13:$AX$2950,SMALL(IF((County=$AY$13:$AY$2950),MATCH(ROW($AY$13:$AY$2950),ROW($AY$13:$AY$2950)),""),ROWS($A$13:$A36))),""),"")} | BE36: 32259 | BF36: St. Johns | BH36: 2.06 | BI36: Miami-Dade | BK36: 401 | BL36: Hardee | BN36: 1.28 | BO36: Miami-Dade | BQ36: 33062 | BR36: Broward | BT36: End of Non-Metro DDAs | BV36: 15.19 | BW36: Alachua | BY36: 101.01 | BZ36: DeSoto | CB36: 22.07 | CC36: Alachua | CE36: {=IFERROR(IF($CE$11="Metro",INDEX($BV$13:$BV$4972,SMALL(IF((County=$BW$13:$BW$4972),MATCH(ROW($BW$13:$BW$4972),ROW($BW$13:$BW$4972)),""),ROWS($A$13:$A36))),INDEX($BY$13:$BY$212,SMALL(IF((County=$BZ$13:$BZ$212),MATCH(ROW($BZ$13:$BZ$212),ROW($BZ$13:$BZ$212)),""),ROWS($A$13:$A36)))),"")} | CG36: {=IFERROR(IF($CG$11="Yes",INDEX($CB$13:$CB$2950,SMALL(IF((County=$CC$13:$CC$2950),MATCH(ROW($CC$13:$CC$2950),ROW($CC$13:$CC$2950)),""),ROWS($A$13:$A36))),""),"")} | CI36: 32346 | CJ36: Wakulla | CL36: 1.18 | CM36: Miami-Dade | CO36: 102 | CP36: DeSoto | CR36: 1.29 | CS36: Miami-Dade | CU36: 33068 | CV36: Broward | CZ36: 601.05 | DA36: Brevard | DC36: 9724 | DD36: Monroe | DF36: 22.04 | DG36: Alachua | DI36: {=IFERROR(IF($DI$11="Metro",INDEX($CZ$13:$CZ$929,SMALL(IF((County=$DA$13:$DA$929),MATCH(ROW($DA$13:$DA$929),ROW($DA$13:$DA$929)),""),ROWS($A$13:$A36))),INDEX($DC$13:$DC$212,SMALL(IF((County=$DD$13:$DD$212),MATCH(ROW($DD$13:$DD$212),ROW($DD$13:$DD$212)),""),ROWS($A$13:$A36)))),"")} | DK36: {=IFERROR(IF($DK$11="Yes",INDEX($DF$13:$DF$2838,SMALL(IF((County=$DG$13:$DG$2838),MATCH(ROW($DG$13:$DG$2838),ROW($DG$13:$DG$2838)),""),ROWS($A$13:$A36))),""),"")} | DM36: 32256 | DN36: Duval | DP36: 2.19 | DQ36: Miami-Dade | DS36: 9514.01 | DT36: Putnam | DV36: 1.29 | DW36: Miami-Dade | EB36: Escambia | EC36: =VLOOKUP(EB36,Data1!$A$405:$H$471,8) -> Medium | ED36: 2025-163BS | EE36: Ekos at Warrington | EF36: 30.433144 | EG36: -87.267877 | EH36: F | EI36: N | EJ36: =EB36&" - "&EE36 -> Escambia - Ekos at Warrington | EK36: =IF(EH36="F","Family",IF(EH36="E","Elderly Non-ALF",IF(EH36="ALF","Elderly ALF",IF(EH36="W","Workforce",IF(EH36="F,F","Farm/Fishing Worker",""))))) -> Family | EL36: ="("&EF36&", "&EG36&")" -> (30.433144, -87.267877) | EM36: =IF(EI36="N",">30",IF(EI36="Y","<31","")) -> >30 | EN36: =IF(AND($EV$11="Yes",_xlfn.MINIFS($EP$13:$EP$76,$EO$13:$EO$76,$EO36)=EP36,IFERROR(FIND("- Site",EJ36),0)>0),1,"") | EO36: =IF(IFERROR(FIND("- site",EJ36),0)=0,EJ36,LEFT(EJ36,IFERROR(FIND("- site",EJ36),0)-2)) -> Escambia - Ekos at Warrington | EP36: =IF($EF36=0,0,2*ATAN2(SQRT(1-SIN(ABS($EF36-$EO$5)*PI()/180/2)^2+COS($EO$5*PI()/180)*COS($EF36*PI()/180)*SIN(ABS($EG36-$EO$6)*PI()/180/2)^2),SQRT(SIN(ABS($EF36-$EO$5)*PI()/180/2)^2+COS($EO$5*PI()/180)*COS($EF36*PI()/180)*SIN(ABS($EG36-$EO$6)*PI()/180/2)^2))*SQRT((($EK$5^2*COS($EO$5))^2+($EK$6^2*SIN($EO$5))^2)/(($EK$5*COS($EO$5))^2+($EK$6*SIN($EO$5))^2))/$EK$7) -> 4270.6799 | EQ36: =IF($EO$7=EK36,"Yes","No") -> No | ER36: =VLOOKUP(EB36,Data1!$G$405:$H$471,2) -> Medium | ET36: =IF(EU36>0,SUM(EU$13:EU36),"") | EU36: =IF(AND(ER36="Large",OR($ER$5="NA",$ER$6="NA",$ER$7="NA")),0,IF(AND(EP36<IF(LDA_Notice="LDA",IF(ER36="Small",N($EP$5)+N($EP$8),IF(ER36="Medium",N($EQ$5)+N($EQ$8),N($ER$5)+N($ER$8))),IF(EM36=">30",IF(ER36="Small",N($EP$6)+N($EP$8),IF(ER36="Medium",N($EQ$6)+N($EQ$8),N($ER$6)+N($ER$8))),IF(ER36="Small",N($EP$7)+N($EP$8),IF(ER36="Medium",N($EQ$7)+N($EQ$8),N($ER$7)+N($ER$8))))),EQ36="Yes",OR(IFERROR(FIND("- site",EJ36),0)=0,$EV$11="No",AND(IFERROR(FIND("- site",EJ36),0)>0,EN36=1)),OR(Proximity_list_related<>"Yes",AND(Proximity_list_related="Yes",EJ36<>Prox_List_Related_Disregard_1,EJ36<>Prox_List_Related_Disregard_2,EJ36<>Prox_List_Related_Disregard_3,EJ36<>Prox_List_Related_Disregard_4,EJ36<>Prox_List_Related_Disregard_5))),1,0)) -> 0 | EV36: =IF(AND($EV$11="Yes",IFERROR(FIND("- Site",EJ36),0)>0,EN36=1)=FALSE,EJ36,LEFT(EJ36,LEN(EJ36)-(LEN(EJ36)-FIND("- Site",EJ36)+1))) -> Escambia - Ekos at Warrington
A37: 33029 | B37: Broward | F37: 625 | G37: Brevard | I37: 9502.02 | J37: Putnam | L37: 22.07 | M37: Alachua | R37: {=IFERROR(IF($R$11="Metro",INDEX($F$13:$F$829,SMALL(IF((County=$G$13:$G$829),MATCH(ROW($G$13:$G$829),ROW($G$13:$G$829)),""),ROWS($A$13:A37))),INDEX($I$13:$I$44,SMALL(IF((County=$J$13:$J$44),MATCH(ROW($J$13:$J$44),ROW($J$13:$J$44)),""),ROWS($A$13:A37)))),"")} | T37: {=IFERROR(IF($T$11="Yes",INDEX($L$13:$L$2813,SMALL(IF((County=$M$13:$M$2813),MATCH(ROW($M$13:$M$2813),ROW($M$13:$M$2813)),""),ROWS($A$13:A37))),""),"")} | V37: {=IFERROR(IF($T$11="Yes",INDEX($O$14:$O$2811,SMALL(IF((County=$P$14:$P$2811),MATCH(ROW($P$14:$P$2811),ROW($P$14:$P$2811)),""),ROWS($A$13:A37))),""),"")} | X37: 32212 | Y37: Duval | AA37: 2.24 | AB37: Miami-Dade | AD37: 9514.01 | AE37: Putnam | AG37: 1.29 | AH37: Miami-Dade | AM37: 33073 | AN37: Broward | AR37: 607 | AS37: Brevard | AU37: 202 | AV37: Putnam | AX37: 22.08 | AY37: Alachua | BA37: {=IFERROR(IF($BA$11="Metro",INDEX($AR$13:$AR$814,SMALL(IF((County=$AS$13:$AS$814),MATCH(ROW($AS$13:$AS$814),ROW($AS$13:$AS$814)),""),ROWS($A$13:$A37))),INDEX($AU$13:$AU$48,SMALL(IF((County=$AV$13:$AV$48),MATCH(ROW($AV$13:$AV$48),ROW($AV$13:$AV$48)),""),ROWS($A$13:$A37)))),"")} | BC37: {=IFERROR(IF($BC$11="Yes",INDEX($AX$13:$AX$2950,SMALL(IF((County=$AY$13:$AY$2950),MATCH(ROW($AY$13:$AY$2950),ROW($AY$13:$AY$2950)),""),ROWS($A$13:$A37))),""),"")} | BE37: 32266 | BF37: Duval | BH37: 2.12 | BI37: Miami-Dade | BK37: 401 | BL37: Holmes | BN37: 1.29 | BO37: Miami-Dade | BQ37: 33063 | BR37: Broward | BV37: 15.22 | BW37: Alachua | BY37: 101.02 | BZ37: DeSoto | CB37: 22.08 | CC37: Alachua | CE37: {=IFERROR(IF($CE$11="Metro",INDEX($BV$13:$BV$4972,SMALL(IF((County=$BW$13:$BW$4972),MATCH(ROW($BW$13:$BW$4972),ROW($BW$13:$BW$4972)),""),ROWS($A$13:$A37))),INDEX($BY$13:$BY$212,SMALL(IF((County=$BZ$13:$BZ$212),MATCH(ROW($BZ$13:$BZ$212),ROW($BZ$13:$BZ$212)),""),ROWS($A$13:$A37)))),"")} | CG37: {=IFERROR(IF($CG$11="Yes",INDEX($CB$13:$CB$2950,SMALL(IF((County=$CC$13:$CC$2950),MATCH(ROW($CC$13:$CC$2950),ROW($CC$13:$CC$2950)),""),ROWS($A$13:$A37))),""),"")} | CI37: 32403 | CJ37: Bay | CL37: 1.2 | CM37: Miami-Dade | CO37: 103.01 | CP37: Calhoun | CR37: 1.3 | CS37: Miami-Dade | CU37: 33069 | CV37: Broward | CZ37: 604 | DA37: Brevard | DC37: 9103 | DD37: Okeechobee | DF37: 22.07 | DG37: Alachua | DI37: {=IFERROR(IF($DI$11="Metro",INDEX($CZ$13:$CZ$929,SMALL(IF((County=$DA$13:$DA$929),MATCH(ROW($DA$13:$DA$929),ROW($DA$13:$DA$929)),""),ROWS($A$13:$A37))),INDEX($DC$13:$DC$212,SMALL(IF((County=$DD$13:$DD$212),MATCH(ROW($DD$13:$DD$212),ROW($DD$13:$DD$212)),""),ROWS($A$13:$A37)))),"")} | DK37: {=IFERROR(IF($DK$11="Yes",INDEX($DF$13:$DF$2838,SMALL(IF((County=$DG$13:$DG$2838),MATCH(ROW($DG$13:$DG$2838),ROW($DG$13:$DG$2838)),""),ROWS($A$13:$A37))),""),"")} | DM37: 32258 | DN37: Duval | DP37: 2.24 | DQ37: Miami-Dade | DS37: 9602.01 | DT37: Hamilton | DV37: 1.3 | DW37: Miami-Dade | EB37: Gadsden | EC37: =VLOOKUP(EB37,Data1!$A$405:$H$471,8) -> Small | ED37: 2025-273BSA | EE37: Cross Creek Gardens at Quincy | EF37: 30.557446 | EG37: -84.597852 | EH37: F | EI37: N | EJ37: =EB37&" - "&EE37 -> Gadsden - Cross Creek Gardens at Quincy | EK37: =IF(EH37="F","Family",IF(EH37="E","Elderly Non-ALF",IF(EH37="ALF","Elderly ALF",IF(EH37="W","Workforce",IF(EH37="F,F","Farm/Fishing Worker",""))))) -> Family | EL37: ="("&EF37&", "&EG37&")" -> (30.557446, -84.597852) | EM37: =IF(EI37="N",">30",IF(EI37="Y","<31","")) -> >30 | EN37: =IF(AND($EV$11="Yes",_xlfn.MINIFS($EP$13:$EP$76,$EO$13:$EO$76,$EO37)=EP37,IFERROR(FIND("- Site",EJ37),0)>0),1,"") | EO37: =IF(IFERROR(FIND("- site",EJ37),0)=0,EJ37,LEFT(EJ37,IFERROR(FIND("- site",EJ37),0)-2)) -> Gadsden - Cross Creek Gardens at Quincy | EP37: =IF($EF37=0,0,2*ATAN2(SQRT(1-SIN(ABS($EF37-$EO$5)*PI()/180/2)^2+COS($EO$5*PI()/180)*COS($EF37*PI()/180)*SIN(ABS($EG37-$EO$6)*PI()/180/2)^2),SQRT(SIN(ABS($EF37-$EO$5)*PI()/180/2)^2+COS($EO$5*PI()/180)*COS($EF37*PI()/180)*SIN(ABS($EG37-$EO$6)*PI()/180/2)^2))*SQRT((($EK$5^2*COS($EO$5))^2+($EK$6^2*SIN($EO$5))^2)/(($EK$5*COS($EO$5))^2+($EK$6*SIN($EO$5))^2))/$EK$7) -> 4224.1609 | EQ37: =IF($EO$7=EK37,"Yes","No") -> No | ER37: =VLOOKUP(EB37,Data1!$G$405:$H$471,2) -> Small | ET37: =IF(EU37>0,SUM(EU$13:EU37),"") | EU37: =IF(AND(ER37="Large",OR($ER$5="NA",$ER$6="NA",$ER$7="NA")),0,IF(AND(EP37<IF(LDA_Notice="LDA",IF(ER37="Small",N($EP$5)+N($EP$8),IF(ER37="Medium",N($EQ$5)+N($EQ$8),N($ER$5)+N($ER$8))),IF(EM37=">30",IF(ER37="Small",N($EP$6)+N($EP$8),IF(ER37="Medium",N($EQ$6)+N($EQ$8),N($ER$6)+N($ER$8))),IF(ER37="Small",N($EP$7)+N($EP$8),IF(ER37="Medium",N($EQ$7)+N($EQ$8),N($ER$7)+N($ER$8))))),EQ37="Yes",OR(IFERROR(FIND("- site",EJ37),0)=0,$EV$11="No",AND(IFERROR(FIND("- site",EJ37),0)>0,EN37=1)),OR(Proximity_list_related<>"Yes",AND(Proximity_list_related="Yes",EJ37<>Prox_List_Related_Disregard_1,EJ37<>Prox_List_Related_Disregard_2,EJ37<>Prox_List_Related_Disregard_3,EJ37<>Prox_List_Related_Disregard_4,EJ37<>Prox_List_Related_Disregard_5))),1,0)) -> 0 | EV37: =IF(AND($EV$11="Yes",IFERROR(FIND("- Site",EJ37),0)>0,EN37=1)=FALSE,EJ37,LEFT(EJ37,LEN(EJ37)-(LEN(EJ37)-FIND("- Site",EJ37)+1))) -> Gadsden - Cross Creek Gardens at Quincy
A38: 33062 | B38: Broward | F38: 642.02 | G38: Brevard | I38: 9507 | J38: Putnam | L38: 22.08 | M38: Alachua | R38: {=IFERROR(IF($R$11="Metro",INDEX($F$13:$F$829,SMALL(IF((County=$G$13:$G$829),MATCH(ROW($G$13:$G$829),ROW($G$13:$G$829)),""),ROWS($A$13:A38))),INDEX($I$13:$I$44,SMALL(IF((County=$J$13:$J$44),MATCH(ROW($J$13:$J$44),ROW($J$13:$J$44)),""),ROWS($A$13:A38)))),"")} | T38: {=IFERROR(IF($T$11="Yes",INDEX($L$13:$L$2813,SMALL(IF((County=$M$13:$M$2813),MATCH(ROW($M$13:$M$2813),ROW($M$13:$M$2813)),""),ROWS($A$13:A38))),""),"")} | V38: {=IFERROR(IF($T$11="Yes",INDEX($O$14:$O$2811,SMALL(IF((County=$P$14:$P$2811),MATCH(ROW($P$14:$P$2811),ROW($P$14:$P$2811)),""),ROWS($A$13:A38))),""),"")} | X38: 32221 | Y38: Duval | AA38: 2.27 | AB38: Miami-Dade | AD38: 9514.02 | AE38: Putnam | AG38: 1.3 | AH38: Miami-Dade | AM38: 33076 | AN38: Broward | AR38: 623.02 | AS38: Brevard | AU38: 700 | AV38: Putnam | AX38: 22.09 | AY38: Alachua | BA38: {=IFERROR(IF($BA$11="Metro",INDEX($AR$13:$AR$814,SMALL(IF((County=$AS$13:$AS$814),MATCH(ROW($AS$13:$AS$814),ROW($AS$13:$AS$814)),""),ROWS($A$13:$A38))),INDEX($AU$13:$AU$48,SMALL(IF((County=$AV$13:$AV$48),MATCH(ROW($AV$13:$AV$48),ROW($AV$13:$AV$48)),""),ROWS($A$13:$A38)))),"")} | BC38: {=IFERROR(IF($BC$11="Yes",INDEX($AX$13:$AX$2950,SMALL(IF((County=$AY$13:$AY$2950),MATCH(ROW($AY$13:$AY$2950),ROW($AY$13:$AY$2950)),""),ROWS($A$13:$A38))),""),"")} | BE38: 32312 | BF38: Leon | BH38: 2.18 | BI38: Miami-Dade | BK38: 402 | BL38: Holmes | BN38: 1.3 | BO38: Miami-Dade | BQ38: 33064 | BR38: Broward | BV38: 16.05 | BW38: Alachua | BY38: 102 | BZ38: DeSoto | CB38: 22.09 | CC38: Alachua | CE38: {=IFERROR(IF($CE$11="Metro",INDEX($BV$13:$BV$4972,SMALL(IF((County=$BW$13:$BW$4972),MATCH(ROW($BW$13:$BW$4972),ROW($BW$13:$BW$4972)),""),ROWS($A$13:$A38))),INDEX($BY$13:$BY$212,SMALL(IF((County=$BZ$13:$BZ$212),MATCH(ROW($BZ$13:$BZ$212),ROW($BZ$13:$BZ$212)),""),ROWS($A$13:$A38)))),"")} | CG38: {=IFERROR(IF($CG$11="Yes",INDEX($CB$13:$CB$2950,SMALL(IF((County=$CC$13:$CC$2950),MATCH(ROW($CC$13:$CC$2950),ROW($CC$13:$CC$2950)),""),ROWS($A$13:$A38))),""),"")} | CI38: 32407 | CJ38: Bay | CL38: 1.21 | CM38: Miami-Dade | CO38: 103.01 | CP38: DeSoto | CR38: 1.31 | CS38: Miami-Dade | CU38: 33071 | CV38: Broward | CZ38: 607 | DA38: Brevard | DC38: 9104.02 | DD38: Okeechobee | DF38: 22.08 | DG38: Alachua | DI38: {=IFERROR(IF($DI$11="Metro",INDEX($CZ$13:$CZ$929,SMALL(IF((County=$DA$13:$DA$929),MATCH(ROW($DA$13:$DA$929),ROW($DA$13:$DA$929)),""),ROWS($A$13:$A38))),INDEX($DC$13:$DC$212,SMALL(IF((County=$DD$13:$DD$212),MATCH(ROW($DD$13:$DD$212),ROW($DD$13:$DD$212)),""),ROWS($A$13:$A38)))),"")} | DK38: {=IFERROR(IF($DK$11="Yes",INDEX($DF$13:$DF$2838,SMALL(IF((County=$DG$13:$DG$2838),MATCH(ROW($DG$13:$DG$2838),ROW($DG$13:$DG$2838)),""),ROWS($A$13:$A38))),""),"")} | DM38: 32259 | DN38: St. Johns | DP38: 2.27 | DQ38: Miami-Dade | DS38: 9602.02 | DT38: Hamilton | DV38: 1.31 | DW38: Miami-Dade | EB38: Gulf | EC38: =VLOOKUP(EB38,Data1!$A$405:$H$471,8) -> Small | ED38: 2026-192C | EE38: Vista Pointe at St. Joe | EF38: 29.82173 | EG38: -85.29352 | EH38: F | EI38: N | EJ38: =EB38&" - "&EE38 -> Gulf - Vista Pointe at St. Joe | EK38: =IF(EH38="F","Family",IF(EH38="E","Elderly Non-ALF",IF(EH38="ALF","Elderly ALF",IF(EH38="W","Workforce",IF(EH38="F,F","Farm/Fishing Worker",""))))) -> Family | EL38: ="("&EF38&", "&EG38&")" -> (29.82173, -85.29352) | EM38: =IF(EI38="N",">30",IF(EI38="Y","<31","")) -> >30 | EN38: =IF(AND($EV$11="Yes",_xlfn.MINIFS($EP$13:$EP$76,$EO$13:$EO$76,$EO38)=EP38,IFERROR(FIND("- Site",EJ38),0)>0),1,"") | EO38: =IF(IFERROR(FIND("- site",EJ38),0)=0,EJ38,LEFT(EJ38,IFERROR(FIND("- site",EJ38),0)-2)) -> Gulf - Vista Pointe at St. Joe | EP38: =IF($EF38=0,0,2*ATAN2(SQRT(1-SIN(ABS($EF38-$EO$5)*PI()/180/2)^2+COS($EO$5*PI()/180)*COS($EF38*PI()/180)*SIN(ABS($EG38-$EO$6)*PI()/180/2)^2),SQRT(SIN(ABS($EF38-$EO$5)*PI()/180/2)^2+COS($EO$5*PI()/180)*COS($EF38*PI()/180)*SIN(ABS($EG38-$EO$6)*PI()/180/2)^2))*SQRT((($EK$5^2*COS($EO$5))^2+($EK$6^2*SIN($EO$5))^2)/(($EK$5*COS($EO$5))^2+($EK$6*SIN($EO$5))^2))/$EK$7) -> 4227.8116 | EQ38: =IF($EO$7=EK38,"Yes","No") -> No | ER38: =VLOOKUP(EB38,Data1!$G$405:$H$471,2) -> Small | ET38: =IF(EU38>0,SUM(EU$13:EU38),"") | EU38: =IF(AND(ER38="Large",OR($ER$5="NA",$ER$6="NA",$ER$7="NA")),0,IF(AND(EP38<IF(LDA_Notice="LDA",IF(ER38="Small",N($EP$5)+N($EP$8),IF(ER38="Medium",N($EQ$5)+N($EQ$8),N($ER$5)+N($ER$8))),IF(EM38=">30",IF(ER38="Small",N($EP$6)+N($EP$8),IF(ER38="Medium",N($EQ$6)+N($EQ$8),N($ER$6)+N($ER$8))),IF(ER38="Small",N($EP$7)+N($EP$8),IF(ER38="Medium",N($EQ$7)+N($EQ$8),N($ER$7)+N($ER$8))))),EQ38="Yes",OR(IFERROR(FIND("- site",EJ38),0)=0,$EV$11="No",AND(IFERROR(FIND("- site",EJ38),0)>0,EN38=1)),OR(Proximity_list_related<>"Yes",AND(Proximity_list_related="Yes",EJ38<>Prox_List_Related_Disregard_1,EJ38<>Prox_List_Related_Disregard_2,EJ38<>Prox_List_Related_Disregard_3,EJ38<>Prox_List_Related_Disregard_4,EJ38<>Prox_List_Related_Disregard_5))),1,0)) -> 0 | EV38: =IF(AND($EV$11="Yes",IFERROR(FIND("- Site",EJ38),0)>0,EN38=1)=FALSE,EJ38,LEFT(EJ38,LEN(EJ38)-(LEN(EJ38)-FIND("- Site",EJ38)+1))) -> Gulf - Vista Pointe at St. Joe
A39: 33063 | B39: Broward | F39: 647.01 | G39: Brevard | I39: 9508 | J39: Putnam | L39: 22.09 | M39: Alachua | R39: {=IFERROR(IF($R$11="Metro",INDEX($F$13:$F$829,SMALL(IF((County=$G$13:$G$829),MATCH(ROW($G$13:$G$829),ROW($G$13:$G$829)),""),ROWS($A$13:A39))),INDEX($I$13:$I$44,SMALL(IF((County=$J$13:$J$44),MATCH(ROW($J$13:$J$44),ROW($J$13:$J$44)),""),ROWS($A$13:A39)))),"")} | T39: {=IFERROR(IF($T$11="Yes",INDEX($L$13:$L$2813,SMALL(IF((County=$M$13:$M$2813),MATCH(ROW($M$13:$M$2813),ROW($M$13:$M$2813)),""),ROWS($A$13:A39))),""),"")} | V39: {=IFERROR(IF($T$11="Yes",INDEX($O$14:$O$2811,SMALL(IF((County=$P$14:$P$2811),MATCH(ROW($P$14:$P$2811),ROW($P$14:$P$2811)),""),ROWS($A$13:A39))),""),"")} | X39: 32222 | Y39: Duval | AA39: 2.28 | AB39: Miami-Dade | AD39: 9602.01 | AE39: Hamilton | AG39: 1.31 | AH39: Miami-Dade | AM39: 33301 | AN39: Broward | AR39: 624.01 | AS39: Brevard | AU39: 800 | AV39: Putnam | AX39: 22.1 | AY39: Alachua | BA39: {=IFERROR(IF($BA$11="Metro",INDEX($AR$13:$AR$814,SMALL(IF((County=$AS$13:$AS$814),MATCH(ROW($AS$13:$AS$814),ROW($AS$13:$AS$814)),""),ROWS($A$13:$A39))),INDEX($AU$13:$AU$48,SMALL(IF((County=$AV$13:$AV$48),MATCH(ROW($AV$13:$AV$48),ROW($AV$13:$AV$48)),""),ROWS($A$13:$A39)))),"")} | BC39: {=IFERROR(IF($BC$11="Yes",INDEX($AX$13:$AX$2950,SMALL(IF((County=$AY$13:$AY$2950),MATCH(ROW($AY$13:$AY$2950),ROW($AY$13:$AY$2950)),""),ROWS($A$13:$A39))),""),"")} | BE39: 32317 | BF39: Leon | BH39: 2.19 | BI39: Miami-Dade | BK39: 402 | BL39: Okeechobee | BN39: 1.31 | BO39: Miami-Dade | BQ39: 33065 | BR39: Broward | BV39: 17.01 | BW39: Alachua | BY39: 103.01 | BZ39: DeSoto | CB39: 22.19 | CC39: Alachua | CE39: {=IFERROR(IF($CE$11="Metro",INDEX($BV$13:$BV$4972,SMALL(IF((County=$BW$13:$BW$4972),MATCH(ROW($BW$13:$BW$4972),ROW($BW$13:$BW$4972)),""),ROWS($A$13:$A39))),INDEX($BY$13:$BY$212,SMALL(IF((County=$BZ$13:$BZ$212),MATCH(ROW($BZ$13:$BZ$212),ROW($BZ$13:$BZ$212)),""),ROWS($A$13:$A39)))),"")} | CG39: {=IFERROR(IF($CG$11="Yes",INDEX($CB$13:$CB$2950,SMALL(IF((County=$CC$13:$CC$2950),MATCH(ROW($CC$13:$CC$2950),ROW($CC$13:$CC$2950)),""),ROWS($A$13:$A39))),""),"")} | CI39: 32410 | CJ39: Bay | CL39: 1.22 | CM39: Miami-Dade | CO39: 103.02 | CP39: Calhoun | CR39: 1.34 | CS39: Miami-Dade | CU39: 33073 | CV39: Broward | CZ39: 621.14 | DA39: Brevard | DC39: 9502.01 | DD39: Putnam | DF39: 22.09 | DG39: Alachua | DI39: {=IFERROR(IF($DI$11="Metro",INDEX($CZ$13:$CZ$929,SMALL(IF((County=$DA$13:$DA$929),MATCH(ROW($DA$13:$DA$929),ROW($DA$13:$DA$929)),""),ROWS($A$13:$A39))),INDEX($DC$13:$DC$212,SMALL(IF((County=$DD$13:$DD$212),MATCH(ROW($DD$13:$DD$212),ROW($DD$13:$DD$212)),""),ROWS($A$13:$A39)))),"")} | DK39: {=IFERROR(IF($DK$11="Yes",INDEX($DF$13:$DF$2838,SMALL(IF((County=$DG$13:$DG$2838),MATCH(ROW($DG$13:$DG$2838),ROW($DG$13:$DG$2838)),""),ROWS($A$13:$A39))),""),"")} | DM39: 32266 | DN39: Duval | DP39: 2.28 | DQ39: Miami-Dade | DS39: 9604.03 | DT39: Holmes | DV39: 1.32 | DW39: Miami-Dade | EB39: Gulf | EC39: =VLOOKUP(EB39,Data1!$A$405:$H$471,8) -> Small | ED39: 2026-341SH | EE39: Sandcastle Way | EF39: 30.10036 | EG39: -85.19861 | EH39: F | EI39: Y | EJ39: =EB39&" - "&EE39 -> Gulf - Sandcastle Way | EK39: =IF(EH39="F","Family",IF(EH39="E","Elderly Non-ALF",IF(EH39="ALF","Elderly ALF",IF(EH39="W","Workforce",IF(EH39="F,F","Farm/Fishing Worker",""))))) -> Family | EL39: ="("&EF39&", "&EG39&")" -> (30.10036, -85.19861) | EM39: =IF(EI39="N",">30",IF(EI39="Y","<31","")) -> <31 | EN39: =IF(AND($EV$11="Yes",_xlfn.MINIFS($EP$13:$EP$76,$EO$13:$EO$76,$EO39)=EP39,IFERROR(FIND("- Site",EJ39),0)>0),1,"") | EO39: =IF(IFERROR(FIND("- site",EJ39),0)=0,EJ39,LEFT(EJ39,IFERROR(FIND("- site",EJ39),0)-2)) -> Gulf - Sandcastle Way | EP39: =IF($EF39=0,0,2*ATAN2(SQRT(1-SIN(ABS($EF39-$EO$5)*PI()/180/2)^2+COS($EO$5*PI()/180)*COS($EF39*PI()/180)*SIN(ABS($EG39-$EO$6)*PI()/180/2)^2),SQRT(SIN(ABS($EF39-$EO$5)*PI()/180/2)^2+COS($EO$5*PI()/180)*COS($EF39*PI()/180)*SIN(ABS($EG39-$EO$6)*PI()/180/2)^2))*SQRT((($EK$5^2*COS($EO$5))^2+($EK$6^2*SIN($EO$5))^2)/(($EK$5*COS($EO$5))^2+($EK$6*SIN($EO$5))^2))/$EK$7) -> 4229.4832 | EQ39: =IF($EO$7=EK39,"Yes","No") -> No | ER39: =VLOOKUP(EB39,Data1!$G$405:$H$471,2) -> Small | ET39: =IF(EU39>0,SUM(EU$13:EU39),"") | EU39: =IF(AND(ER39="Large",OR($ER$5="NA",$ER$6="NA",$ER$7="NA")),0,IF(AND(EP39<IF(LDA_Notice="LDA",IF(ER39="Small",N($EP$5)+N($EP$8),IF(ER39="Medium",N($EQ$5)+N($EQ$8),N($ER$5)+N($ER$8))),IF(EM39=">30",IF(ER39="Small",N($EP$6)+N($EP$8),IF(ER39="Medium",N($EQ$6)+N($EQ$8),N($ER$6)+N($ER$8))),IF(ER39="Small",N($EP$7)+N($EP$8),IF(ER39="Medium",N($EQ$7)+N($EQ$8),N($ER$7)+N($ER$8))))),EQ39="Yes",OR(IFERROR(FIND("- site",EJ39),0)=0,$EV$11="No",AND(IFERROR(FIND("- site",EJ39),0)>0,EN39=1)),OR(Proximity_list_related<>"Yes",AND(Proximity_list_related="Yes",EJ39<>Prox_List_Related_Disregard_1,EJ39<>Prox_List_Related_Disregard_2,EJ39<>Prox_List_Related_Disregard_3,EJ39<>Prox_List_Related_Disregard_4,EJ39<>Prox_List_Related_Disregard_5))),1,0)) -> 0 | EV39: =IF(AND($EV$11="Yes",IFERROR(FIND("- Site",EJ39),0)>0,EN39=1)=FALSE,EJ39,LEFT(EJ39,LEN(EJ39)-(LEN(EJ39)-FIND("- Site",EJ39)+1))) -> Gulf - Sandcastle Way
A40: 33064 | B40: Broward | F40: 648 | G40: Brevard | I40: 9509 | J40: Putnam | L40: 22.1 | M40: Alachua | R40: {=IFERROR(IF($R$11="Metro",INDEX($F$13:$F$829,SMALL(IF((County=$G$13:$G$829),MATCH(ROW($G$13:$G$829),ROW($G$13:$G$829)),""),ROWS($A$13:A40))),INDEX($I$13:$I$44,SMALL(IF((County=$J$13:$J$44),MATCH(ROW($J$13:$J$44),ROW($J$13:$J$44)),""),ROWS($A$13:A40)))),"")} | T40: {=IFERROR(IF($T$11="Yes",INDEX($L$13:$L$2813,SMALL(IF((County=$M$13:$M$2813),MATCH(ROW($M$13:$M$2813),ROW($M$13:$M$2813)),""),ROWS($A$13:A40))),""),"")} | V40: {=IFERROR(IF($T$11="Yes",INDEX($O$14:$O$2811,SMALL(IF((County=$P$14:$P$2811),MATCH(ROW($P$14:$P$2811),ROW($P$14:$P$2811)),""),ROWS($A$13:A40))),""),"")} | X40: 32223 | Y40: Duval | AA40: 3 | AB40: Duval | AD40: 9602.02 | AE40: Hamilton | AG40: 1.32 | AH40: Miami-Dade | AM40: 33304 | AN40: Broward | AR40: 624.02 | AS40: Brevard | AU40: 900 | AV40: Putnam | AX40: 22.19 | AY40: Alachua | BA40: {=IFERROR(IF($BA$11="Metro",INDEX($AR$13:$AR$814,SMALL(IF((County=$AS$13:$AS$814),MATCH(ROW($AS$13:$AS$814),ROW($AS$13:$AS$814)),""),ROWS($A$13:$A40))),INDEX($AU$13:$AU$48,SMALL(IF((County=$AV$13:$AV$48),MATCH(ROW($AV$13:$AV$48),ROW($AV$13:$AV$48)),""),ROWS($A$13:$A40)))),"")} | BC40: {=IFERROR(IF($BC$11="Yes",INDEX($AX$13:$AX$2950,SMALL(IF((County=$AY$13:$AY$2950),MATCH(ROW($AY$13:$AY$2950),ROW($AY$13:$AY$2950)),""),ROWS($A$13:$A40))),""),"")} | BE40: 32346 | BF40: Wakulla | BH40: 2.2 | BI40: Miami-Dade | BK40: 403 | BL40: Holmes | BN40: 1.34 | BO40: Miami-Dade | BQ40: 33067 | BR40: Broward | BV40: 17.02 | BW40: Alachua | BY40: 103.02 | BZ40: DeSoto | CB40: 22.21 | CC40: Alachua | CE40: {=IFERROR(IF($CE$11="Metro",INDEX($BV$13:$BV$4972,SMALL(IF((County=$BW$13:$BW$4972),MATCH(ROW($BW$13:$BW$4972),ROW($BW$13:$BW$4972)),""),ROWS($A$13:$A40))),INDEX($BY$13:$BY$212,SMALL(IF((County=$BZ$13:$BZ$212),MATCH(ROW($BZ$13:$BZ$212),ROW($BZ$13:$BZ$212)),""),ROWS($A$13:$A40)))),"")} | CG40: {=IFERROR(IF($CG$11="Yes",INDEX($CB$13:$CB$2950,SMALL(IF((County=$CC$13:$CC$2950),MATCH(ROW($CC$13:$CC$2950),ROW($CC$13:$CC$2950)),""),ROWS($A$13:$A40))),""),"")} | CI40: 32444 | CJ40: Bay | CL40: 1.23 | CM40: Miami-Dade | CO40: 103.02 | CP40: DeSoto | CR40: 1.4 | CS40: Miami-Dade | CU40: 33076 | CV40: Broward | CZ40: 623.02 | DA40: Brevard | DC40: 9502.02 | DD40: Putnam | DF40: 22.19 | DG40: Alachua | DI40: {=IFERROR(IF($DI$11="Metro",INDEX($CZ$13:$CZ$929,SMALL(IF((County=$DA$13:$DA$929),MATCH(ROW($DA$13:$DA$929),ROW($DA$13:$DA$929)),""),ROWS($A$13:$A40))),INDEX($DC$13:$DC$212,SMALL(IF((County=$DD$13:$DD$212),MATCH(ROW($DD$13:$DD$212),ROW($DD$13:$DD$212)),""),ROWS($A$13:$A40)))),"")} | DK40: {=IFERROR(IF($DK$11="Yes",INDEX($DF$13:$DF$2838,SMALL(IF((County=$DG$13:$DG$2838),MATCH(ROW($DG$13:$DG$2838),ROW($DG$13:$DG$2838)),""),ROWS($A$13:$A40))),""),"")} | DM40: 32312 | DN40: Leon | DP40: 3 | DQ40: Duval | DS40: 9701.02 | DT40: Hardee | DV40: 1.34 | DW40: Miami-Dade | EB40: Hernando | EC40: =VLOOKUP(EB40,Data1!$A$405:$H$471,8) -> Medium | ED40: 2025-271BSA | EE40: Summit Villas - Site 1 | EF40: 28.545802 | EG40: -82.392971 | EH40: E | EI40: N | EJ40: =EB40&" - "&EE40 -> Hernando - Summit Villas - Site 1 | EK40: =IF(EH40="F","Family",IF(EH40="E","Elderly Non-ALF",IF(EH40="ALF","Elderly ALF",IF(EH40="W","Workforce",IF(EH40="F,F","Farm/Fishing Worker",""))))) -> Elderly Non-ALF | EL40: ="("&EF40&", "&EG40&")" -> (28.545802, -82.392971) | EM40: =IF(EI40="N",">30",IF(EI40="Y","<31","")) -> >30 | EN40: =IF(AND($EV$11="Yes",_xlfn.MINIFS($EP$13:$EP$76,$EO$13:$EO$76,$EO40)=EP40,IFERROR(FIND("- Site",EJ40),0)>0),1,"") -> 1 | EO40: =IF(IFERROR(FIND("- site",EJ40),0)=0,EJ40,LEFT(EJ40,IFERROR(FIND("- site",EJ40),0)-2)) -> Hernando - Summit Villas - Site 1 | EP40: =IF($EF40=0,0,2*ATAN2(SQRT(1-SIN(ABS($EF40-$EO$5)*PI()/180/2)^2+COS($EO$5*PI()/180)*COS($EF40*PI()/180)*SIN(ABS($EG40-$EO$6)*PI()/180/2)^2),SQRT(SIN(ABS($EF40-$EO$5)*PI()/180/2)^2+COS($EO$5*PI()/180)*COS($EF40*PI()/180)*SIN(ABS($EG40-$EO$6)*PI()/180/2)^2))*SQRT((($EK$5^2*COS($EO$5))^2+($EK$6^2*SIN($EO$5))^2)/(($EK$5*COS($EO$5))^2+($EK$6*SIN($EO$5))^2))/$EK$7) -> 4157.0954 | EQ40: =IF($EO$7=EK40,"Yes","No") -> No | ER40: =VLOOKUP(EB40,Data1!$G$405:$H$471,2) -> Medium | ET40: =IF(EU40>0,SUM(EU$13:EU40),"") | EU40: =IF(AND(ER40="Large",OR($ER$5="NA",$ER$6="NA",$ER$7="NA")),0,IF(AND(EP40<IF(LDA_Notice="LDA",IF(ER40="Small",N($EP$5)+N($EP$8),IF(ER40="Medium",N($EQ$5)+N($EQ$8),N($ER$5)+N($ER$8))),IF(EM40=">30",IF(ER40="Small",N($EP$6)+N($EP$8),IF(ER40="Medium",N($EQ$6)+N($EQ$8),N($ER$6)+N($ER$8))),IF(ER40="Small",N($EP$7)+N($EP$8),IF(ER40="Medium",N($EQ$7)+N($EQ$8),N($ER$7)+N($ER$8))))),EQ40="Yes",OR(IFERROR(FIND("- site",EJ40),0)=0,$EV$11="No",AND(IFERROR(FIND("- site",EJ40),0)>0,EN40=1)),OR(Proximity_list_related<>"Yes",AND(Proximity_list_related="Yes",EJ40<>Prox_List_Related_Disregard_1,EJ40<>Prox_List_Related_Disregard_2,EJ40<>Prox_List_Related_Disregard_3,EJ40<>Prox_List_Related_Disregard_4,EJ40<>Prox_List_Related_Disregard_5))),1,0)) -> 0 | EV40: =IF(AND($EV$11="Yes",IFERROR(FIND("- Site",EJ40),0)>0,EN40=1)=FALSE,EJ40,LEFT(EJ40,LEN(EJ40)-(LEN(EJ40)-FIND("- Site",EJ40)+1))) -> Hernando - Summit Villas
A41: 33065 | B41: Broward | F41: 649.02 | G41: Brevard | I41: 9512 | J41: Putnam | L41: 22.19 | M41: Alachua | R41: {=IFERROR(IF($R$11="Metro",INDEX($F$13:$F$829,SMALL(IF((County=$G$13:$G$829),MATCH(ROW($G$13:$G$829),ROW($G$13:$G$829)),""),ROWS($A$13:A41))),INDEX($I$13:$I$44,SMALL(IF((County=$J$13:$J$44),MATCH(ROW($J$13:$J$44),ROW($J$13:$J$44)),""),ROWS($A$13:A41)))),"")} | T41: {=IFERROR(IF($T$11="Yes",INDEX($L$13:$L$2813,SMALL(IF((County=$M$13:$M$2813),MATCH(ROW($M$13:$M$2813),ROW($M$13:$M$2813)),""),ROWS($A$13:A41))),""),"")} | V41: {=IFERROR(IF($T$11="Yes",INDEX($O$14:$O$2811,SMALL(IF((County=$P$14:$P$2811),MATCH(ROW($P$14:$P$2811),ROW($P$14:$P$2811)),""),ROWS($A$13:A41))),""),"")} | X41: 32224 | Y41: Duval | AA41: 3 | AB41: Sarasota | AD41: 9604.03 | AE41: Holmes | AG41: 1.41 | AH41: Miami-Dade | AM41: 33308 | AN41: Broward | AR41: 625 | AS41: Brevard | AU41: 1200 | AV41: Putnam | AX41: 22.21 | AY41: Alachua | BA41: {=IFERROR(IF($BA$11="Metro",INDEX($AR$13:$AR$814,SMALL(IF((County=$AS$13:$AS$814),MATCH(ROW($AS$13:$AS$814),ROW($AS$13:$AS$814)),""),ROWS($A$13:$A41))),INDEX($AU$13:$AU$48,SMALL(IF((County=$AV$13:$AV$48),MATCH(ROW($AV$13:$AV$48),ROW($AV$13:$AV$48)),""),ROWS($A$13:$A41)))),"")} | BC41: {=IFERROR(IF($BC$11="Yes",INDEX($AX$13:$AX$2950,SMALL(IF((County=$AY$13:$AY$2950),MATCH(ROW($AY$13:$AY$2950),ROW($AY$13:$AY$2950)),""),ROWS($A$13:$A41))),""),"")} | BE41: 32403 | BF41: Bay | BH41: 2.22 | BI41: Miami-Dade | BK41: 600 | BL41: Jackson | BN41: 1.4 | BO41: Miami-Dade | BQ41: 33068 | BR41: Broward | BV41: 18.02 | BW41: Alachua | BY41: 104.03 | BZ41: DeSoto | CB41: 22.22 | CC41: Alachua | CE41: {=IFERROR(IF($CE$11="Metro",INDEX($BV$13:$BV$4972,SMALL(IF((County=$BW$13:$BW$4972),MATCH(ROW($BW$13:$BW$4972),ROW($BW$13:$BW$4972)),""),ROWS($A$13:$A41))),INDEX($BY$13:$BY$212,SMALL(IF((County=$BZ$13:$BZ$212),MATCH(ROW($BZ$13:$BZ$212),ROW($BZ$13:$BZ$212)),""),ROWS($A$13:$A41)))),"")} | CG41: {=IFERROR(IF($CG$11="Yes",INDEX($CB$13:$CB$2950,SMALL(IF((County=$CC$13:$CC$2950),MATCH(ROW($CC$13:$CC$2950),ROW($CC$13:$CC$2950)),""),ROWS($A$13:$A41))),""),"")} | CI41: 32456 | CJ41: Gulf | CL41: 1.24 | CM41: Miami-Dade | CO41: 104.03 | CP41: DeSoto | CR41: 1.41 | CS41: Miami-Dade | CU41: 33301 | CV41: Broward | CZ41: 624.01 | DA41: Brevard | DC41: 9507 | DD41: Putnam | DF41: 22.21 | DG41: Alachua | DI41: {=IFERROR(IF($DI$11="Metro",INDEX($CZ$13:$CZ$929,SMALL(IF((County=$DA$13:$DA$929),MATCH(ROW($DA$13:$DA$929),ROW($DA$13:$DA$929)),""),ROWS($A$13:$A41))),INDEX($DC$13:$DC$212,SMALL(IF((County=$DD$13:$DD$212),MATCH(ROW($DD$13:$DD$212),ROW($DD$13:$DD$212)),""),ROWS($A$13:$A41)))),"")} | DK41: {=IFERROR(IF($DK$11="Yes",INDEX($DF$13:$DF$2838,SMALL(IF((County=$DG$13:$DG$2838),MATCH(ROW($DG$13:$DG$2838),ROW($DG$13:$DG$2838)),""),ROWS($A$13:$A41))),""),"")} | DM41: 32346 | DN41: Wakulla | DP41: 3 | DQ41: Hendry | DS41: 9701.04 | DT41: Washington | DV41: 1.4 | DW41: Miami-Dade | EB41: Hernando | EC41: =VLOOKUP(EB41,Data1!$A$405:$H$471,8) -> Medium | ED41: 2025-271BSA | EE41: Summit Villas - Site 2 | EF41: 28.546556 | EG41: -82.392735 | EH41: E | EI41: N | EJ41: =EB41&" - "&EE41 -> Hernando - Summit Villas - Site 2 | EK41: =IF(EH41="F","Family",IF(EH41="E","Elderly Non-ALF",IF(EH41="ALF","Elderly ALF",IF(EH41="W","Workforce",IF(EH41="F,F","Farm/Fishing Worker",""))))) -> Elderly Non-ALF | EL41: ="("&EF41&", "&EG41&")" -> (28.546556, -82.392735) | EM41: =IF(EI41="N",">30",IF(EI41="Y","<31","")) -> >30 | EN41: =IF(AND($EV$11="Yes",_xlfn.MINIFS($EP$13:$EP$76,$EO$13:$EO$76,$EO41)=EP41,IFERROR(FIND("- Site",EJ41),0)>0),1,"") -> 1 | EO41: =IF(IFERROR(FIND("- site",EJ41),0)=0,EJ41,LEFT(EJ41,IFERROR(FIND("- site",EJ41),0)-2)) -> Hernando - Summit Villas - Site 2 | EP41: =IF($EF41=0,0,2*ATAN2(SQRT(1-SIN(ABS($EF41-$EO$5)*PI()/180/2)^2+COS($EO$5*PI()/180)*COS($EF41*PI()/180)*SIN(ABS($EG41-$EO$6)*PI()/180/2)^2),SQRT(SIN(ABS($EF41-$EO$5)*PI()/180/2)^2+COS($EO$5*PI()/180)*COS($EF41*PI()/180)*SIN(ABS($EG41-$EO$6)*PI()/180/2)^2))*SQRT((($EK$5^2*COS($EO$5))^2+($EK$6^2*SIN($EO$5))^2)/(($EK$5*COS($EO$5))^2+($EK$6*SIN($EO$5))^2))/$EK$7) -> 4157.1 | EQ41: =IF($EO$7=EK41,"Yes","No") -> No | ER41: =VLOOKUP(EB41,Data1!$G$405:$H$471,2) -> Medium | ET41: =IF(EU41>0,SUM(EU$13:EU41),"") | EU41: =IF(AND(ER41="Large",OR($ER$5="NA",$ER$6="NA",$ER$7="NA")),0,IF(AND(EP41<IF(LDA_Notice="LDA",IF(ER41="Small",N($EP$5)+N($EP$8),IF(ER41="Medium",N($EQ$5)+N($EQ$8),N($ER$5)+N($ER$8))),IF(EM41=">30",IF(ER41="Small",N($EP$6)+N($EP$8),IF(ER41="Medium",N($EQ$6)+N($EQ$8),N($ER$6)+N($ER$8))),IF(ER41="Small",N($EP$7)+N($EP$8),IF(ER41="Medium",N($EQ$7)+N($EQ$8),N($ER$7)+N($ER$8))))),EQ41="Yes",OR(IFERROR(FIND("- site",EJ41),0)=0,$EV$11="No",AND(IFERROR(FIND("- site",EJ41),0)>0,EN41=1)),OR(Proximity_list_related<>"Yes",AND(Proximity_list_related="Yes",EJ41<>Prox_List_Related_Disregard_1,EJ41<>Prox_List_Related_Disregard_2,EJ41<>Prox_List_Related_Disregard_3,EJ41<>Prox_List_Related_Disregard_4,EJ41<>Prox_List_Related_Disregard_5))),1,0)) -> 0 | EV41: =IF(AND($EV$11="Yes",IFERROR(FIND("- Site",EJ41),0)>0,EN41=1)=FALSE,EJ41,LEFT(EJ41,LEN(EJ41)-(LEN(EJ41)-FIND("- Site",EJ41)+1))) -> Hernando - Summit Villas
A42: 33066 | B42: Broward | F42: 651.24 | G42: Brevard | I42: 9513 | J42: Putnam | L42: 22.21 | M42: Alachua | R42: {=IFERROR(IF($R$11="Metro",INDEX($F$13:$F$829,SMALL(IF((County=$G$13:$G$829),MATCH(ROW($G$13:$G$829),ROW($G$13:$G$829)),""),ROWS($A$13:A42))),INDEX($I$13:$I$44,SMALL(IF((County=$J$13:$J$44),MATCH(ROW($J$13:$J$44),ROW($J$13:$J$44)),""),ROWS($A$13:A42)))),"")} | T42: {=IFERROR(IF($T$11="Yes",INDEX($L$13:$L$2813,SMALL(IF((County=$M$13:$M$2813),MATCH(ROW($M$13:$M$2813),ROW($M$13:$M$2813)),""),ROWS($A$13:A42))),""),"")} | V42: {=IFERROR(IF($T$11="Yes",INDEX($O$14:$O$2811,SMALL(IF((County=$P$14:$P$2811),MATCH(ROW($P$14:$P$2811),ROW($P$14:$P$2811)),""),ROWS($A$13:A42))),""),"")} | X42: 32225 | Y42: Duval | AA42: 3.01 | AB42: Hillsborough | AD42: 9702 | AE42: Franklin | AG42: 1.42 | AH42: Miami-Dade | AM42: 33315 | AN42: Broward | AR42: 626 | AS42: Brevard | AU42: 1401 | AV42: Putnam | AX42: 22.22 | AY42: Alachua | BA42: {=IFERROR(IF($BA$11="Metro",INDEX($AR$13:$AR$814,SMALL(IF((County=$AS$13:$AS$814),MATCH(ROW($AS$13:$AS$814),ROW($AS$13:$AS$814)),""),ROWS($A$13:$A48))),INDEX($AU$13:$AU$48,SMALL(IF((County=$AV$13:$AV$48),MATCH(ROW($AV$13:$AV$48),ROW($AV$13:$AV$48)),""),ROWS($A$13:$A48)))),"")} | BC42: {=IFERROR(IF($BC$11="Yes",INDEX($AX$13:$AX$2950,SMALL(IF((County=$AY$13:$AY$2950),MATCH(ROW($AY$13:$AY$2950),ROW($AY$13:$AY$2950)),""),ROWS($A$13:$A42))),""),"")} | BE42: 32407 | BF42: Bay | BH42: 2.23 | BI42: Miami-Dade | BK42: 601 | BL42: Hendry | BN42: 1.41 | BO42: Miami-Dade | BQ42: 33069 | BR42: Broward | BV42: 18.03 | BW42: Alachua | BY42: 104.04 | BZ42: DeSoto | CB42: 1108 | CC42: Alachua | CE42: {=IFERROR(IF($CE$11="Metro",INDEX($BV$13:$BV$4972,SMALL(IF((County=$BW$13:$BW$4972),MATCH(ROW($BW$13:$BW$4972),ROW($BW$13:$BW$4972)),""),ROWS($A$13:$A42))),INDEX($BY$13:$BY$212,SMALL(IF((County=$BZ$13:$BZ$212),MATCH(ROW($BZ$13:$BZ$212),ROW($BZ$13:$BZ$212)),""),ROWS($A$13:$A42)))),"")} | CG42: {=IFERROR(IF($CG$11="Yes",INDEX($CB$13:$CB$2950,SMALL(IF((County=$CC$13:$CC$2950),MATCH(ROW($CC$13:$CC$2950),ROW($CC$13:$CC$2950)),""),ROWS($A$13:$A42))),""),"")} | CI42: 32459 | CJ42: Walton | CL42: 1.25 | CM42: Miami-Dade | CO42: 104.04 | CP42: DeSoto | CR42: 1.42 | CS42: Miami-Dade | CU42: 33304 | CV42: Broward | CZ42: 624.02 | DA42: Brevard | DC42: 9508 | DD42: Putnam | DF42: 22.22 | DG42: Alachua | DI42: {=IFERROR(IF($DI$11="Metro",INDEX($CZ$13:$CZ$929,SMALL(IF((County=$DA$13:$DA$929),MATCH(ROW($DA$13:$DA$929),ROW($DA$13:$DA$929)),""),ROWS($A$13:$A42))),INDEX($DC$13:$DC$212,SMALL(IF((County=$DD$13:$DD$212),MATCH(ROW($DD$13:$DD$212),ROW($DD$13:$DD$212)),""),ROWS($A$13:$A42)))),"")} | DK42: {=IFERROR(IF($DK$11="Yes",INDEX($DF$13:$DF$2838,SMALL(IF((County=$DG$13:$DG$2838),MATCH(ROW($DG$13:$DG$2838),ROW($DG$13:$DG$2838)),""),ROWS($A$13:$A42))),""),"")} | DM42: 32403 | DN42: Bay | DP42: 3 | DQ42: Sarasota | DS42: 9702 | DT42: Washington | DV42: 1.41 | DW42: Miami-Dade | EB42: Highlands | EC42: =VLOOKUP(EB42,Data1!$A$405:$H$471,8) -> Medium | ED42: 2024-077CN | EE42: Addison Grove | EF42: 27.588829 | EG42: -81.512071 | EH42: F | EI42: N | EJ42: =EB42&" - "&EE42 -> Highlands - Addison Grove | EK42: =IF(EH42="F","Family",IF(EH42="E","Elderly Non-ALF",IF(EH42="ALF","Elderly ALF",IF(EH42="W","Workforce",IF(EH42="F,F","Farm/Fishing Worker",""))))) -> Family | EL42: ="("&EF42&", "&EG42&")" -> (27.588829, -81.512071) | EM42: =IF(EI42="N",">30",IF(EI42="Y","<31","")) -> >30 | EN42: =IF(AND($EV$11="Yes",_xlfn.MINIFS($EP$13:$EP$76,$EO$13:$EO$76,$EO42)=EP42,IFERROR(FIND("- Site",EJ42),0)>0),1,"") | EO42: =IF(IFERROR(FIND("- site",EJ42),0)=0,EJ42,LEFT(EJ42,IFERROR(FIND("- site",EJ42),0)-2)) -> Highlands - Addison Grove | EP42: =IF($EF42=0,0,2*ATAN2(SQRT(1-SIN(ABS($EF42-$EO$5)*PI()/180/2)^2+COS($EO$5*PI()/180)*COS($EF42*PI()/180)*SIN(ABS($EG42-$EO$6)*PI()/180/2)^2),SQRT(SIN(ABS($EF42-$EO$5)*PI()/180/2)^2+COS($EO$5*PI()/180)*COS($EF42*PI()/180)*SIN(ABS($EG42-$EO$6)*PI()/180/2)^2))*SQRT((($EK$5^2*COS($EO$5))^2+($EK$6^2*SIN($EO$5))^2)/(($EK$5*COS($EO$5))^2+($EK$6*SIN($EO$5))^2))/$EK$7) -> 4127.9033 | EQ42: =IF($EO$7=EK42,"Yes","No") -> No | ER42: =VLOOKUP(EB42,Data1!$G$405:$H$471,2) -> Medium | ET42: =IF(EU42>0,SUM(EU$13:EU42),"") | EU42: =IF(AND(ER42="Large",OR($ER$5="NA",$ER$6="NA",$ER$7="NA")),0,IF(AND(EP42<IF(LDA_Notice="LDA",IF(ER42="Small",N($EP$5)+N($EP$8),IF(ER42="Medium",N($EQ$5)+N($EQ$8),N($ER$5)+N($ER$8))),IF(EM42=">30",IF(ER42="Small",N($EP$6)+N($EP$8),IF(ER42="Medium",N($EQ$6)+N($EQ$8),N($ER$6)+N($ER$8))),IF(ER42="Small",N($EP$7)+N($EP$8),IF(ER42="Medium",N($EQ$7)+N($EQ$8),N($ER$7)+N($ER$8))))),EQ42="Yes",OR(IFERROR(FIND("- site",EJ42),0)=0,$EV$11="No",AND(IFERROR(FIND("- site",EJ42),0)>0,EN42=1)),OR(Proximity_list_related<>"Yes",AND(Proximity_list_related="Yes",EJ42<>Prox_List_Related_Disregard_1,EJ42<>Prox_List_Related_Disregard_2,EJ42<>Prox_List_Related_Disregard_3,EJ42<>Prox_List_Related_Disregard_4,EJ42<>Prox_List_Related_Disregard_5))),1,0)) -> 0 | EV42: =IF(AND($EV$11="Yes",IFERROR(FIND("- Site",EJ42),0)>0,EN42=1)=FALSE,EJ42,LEFT(EJ42,LEN(EJ42)-(LEN(EJ42)-FIND("- Site",EJ42)+1))) -> Highlands - Addison Grove
A43: 33067 | B43: Broward | F43: 651.28 | G43: Brevard | I43: 9514.01 | J43: Putnam | L43: 22.22 | M43: Alachua | R43: {=IFERROR(IF($R$11="Metro",INDEX($F$13:$F$829,SMALL(IF((County=$G$13:$G$829),MATCH(ROW($G$13:$G$829),ROW($G$13:$G$829)),""),ROWS($A$13:A43))),INDEX($I$13:$I$44,SMALL(IF((County=$J$13:$J$44),MATCH(ROW($J$13:$J$44),ROW($J$13:$J$44)),""),ROWS($A$13:A43)))),"")} | T43: {=IFERROR(IF($T$11="Yes",INDEX($L$13:$L$2813,SMALL(IF((County=$M$13:$M$2813),MATCH(ROW($M$13:$M$2813),ROW($M$13:$M$2813)),""),ROWS($A$13:A43))),""),"")} | V43: {=IFERROR(IF($T$11="Yes",INDEX($O$14:$O$2811,SMALL(IF((County=$P$14:$P$2811),MATCH(ROW($P$14:$P$2811),ROW($P$14:$P$2811)),""),ROWS($A$13:A43))),""),"")} | X43: 32226 | Y43: Duval | AA43: 3.02 | AB43: Hillsborough | AD43: 9713 | AE43: Monroe | AG43: 1.43 | AH43: Miami-Dade | AM43: 33321 | AN43: Broward | AR43: 642.02 | AS43: Brevard | AU43: 301 | AV43: Taylor | AX43: 1108 | AY43: Alachua | BA43: {=IFERROR(IF($BA$11="Metro",INDEX($AR$13:$AR$814,SMALL(IF((County=$AS$13:$AS$814),MATCH(ROW($AS$13:$AS$814),ROW($AS$13:$AS$814)),""),ROWS($A$13:$A43))),INDEX($AU$13:$AU$48,SMALL(IF((County=$AV$13:$AV$48),MATCH(ROW($AV$13:$AV$48),ROW($AV$13:$AV$48)),""),ROWS($A$13:$A43)))),"")} | BC43: {=IFERROR(IF($BC$11="Yes",INDEX($AX$13:$AX$2950,SMALL(IF((County=$AY$13:$AY$2950),MATCH(ROW($AY$13:$AY$2950),ROW($AY$13:$AY$2950)),""),ROWS($A$13:$A43))),""),"")} | BE43: 32410 | BF43: Bay | BH43: 2.24 | BI43: Miami-Dade | BK43: 602 | BL43: Hendry | BN43: 1.43 | BO43: Miami-Dade | BQ43: 33071 | BR43: Broward | BV43: 18.11 | BW43: Alachua | BY43: 104.05 | BZ43: DeSoto | CB43: 401.01 | CC43: Baker | CE43: {=IFERROR(IF($CE$11="Metro",INDEX($BV$13:$BV$4972,SMALL(IF((County=$BW$13:$BW$4972),MATCH(ROW($BW$13:$BW$4972),ROW($BW$13:$BW$4972)),""),ROWS($A$13:$A43))),INDEX($BY$13:$BY$212,SMALL(IF((County=$BZ$13:$BZ$212),MATCH(ROW($BZ$13:$BZ$212),ROW($BZ$13:$BZ$212)),""),ROWS($A$13:$A43)))),"")} | CG43: {=IFERROR(IF($CG$11="Yes",INDEX($CB$13:$CB$2950,SMALL(IF((County=$CC$13:$CC$2950),MATCH(ROW($CC$13:$CC$2950),ROW($CC$13:$CC$2950)),""),ROWS($A$13:$A43))),""),"")} | CI43: 32508 | CJ43: Escambia | CL43: 1.26 | CM43: Miami-Dade | CO43: 104.05 | CP43: DeSoto | CR43: 1.43 | CS43: Miami-Dade | CU43: 33305 | CV43: Broward | CZ43: 625 | DA43: Brevard | DC43: 9509 | DD43: Putnam | DF43: 1108 | DG43: Alachua | DI43: {=IFERROR(IF($DI$11="Metro",INDEX($CZ$13:$CZ$929,SMALL(IF((County=$DA$13:$DA$929),MATCH(ROW($DA$13:$DA$929),ROW($DA$13:$DA$929)),""),ROWS($A$13:$A43))),INDEX($DC$13:$DC$212,SMALL(IF((County=$DD$13:$DD$212),MATCH(ROW($DD$13:$DD$212),ROW($DD$13:$DD$212)),""),ROWS($A$13:$A43)))),"")} | DK43: {=IFERROR(IF($DK$11="Yes",INDEX($DF$13:$DF$2838,SMALL(IF((County=$DG$13:$DG$2838),MATCH(ROW($DG$13:$DG$2838),ROW($DG$13:$DG$2838)),""),ROWS($A$13:$A43))),""),"")} | DM43: 32407 | DN43: Bay | DP43: 3.01 | DQ43: Hillsborough | DS43: 9702.01 | DT43: Dixie | DV43: 1.42 | DW43: Miami-Dade | EB43: Lafayette | EC43: =VLOOKUP(EB43,Data1!$A$405:$H$471,8) -> Small | ED43: 2026-337SH | EE43: Serenity at Holly Park | EF43: 30.055483 | EG43: -83.181774 | EH43: E | EI43: N | EJ43: =EB43&" - "&EE43 -> Lafayette - Serenity at Holly Park | EK43: =IF(EH43="F","Family",IF(EH43="E","Elderly Non-ALF",IF(EH43="ALF","Elderly ALF",IF(EH43="W","Workforce",IF(EH43="F,F","Farm/Fishing Worker",""))))) -> Elderly Non-ALF | EL43: ="("&EF43&", "&EG43&")" -> (30.055483, -83.181774) | EM43: =IF(EI43="N",">30",IF(EI43="Y","<31","")) -> >30 | EN43: =IF(AND($EV$11="Yes",_xlfn.MINIFS($EP$13:$EP$76,$EO$13:$EO$76,$EO43)=EP43,IFERROR(FIND("- Site",EJ43),0)>0),1,"") | EO43: =IF(IFERROR(FIND("- site",EJ43),0)=0,EJ43,LEFT(EJ43,IFERROR(FIND("- site",EJ43),0)-2)) -> Lafayette - Serenity at Holly Park | EP43: =IF($EF43=0,0,2*ATAN2(SQRT(1-SIN(ABS($EF43-$EO$5)*PI()/180/2)^2+COS($EO$5*PI()/180)*COS($EF43*PI()/180)*SIN(ABS($EG43-$EO$6)*PI()/180/2)^2),SQRT(SIN(ABS($EF43-$EO$5)*PI()/180/2)^2+COS($EO$5*PI()/180)*COS($EF43*PI()/180)*SIN(ABS($EG43-$EO$6)*PI()/180/2)^2))*SQRT((($EK$5^2*COS($EO$5))^2+($EK$6^2*SIN($EO$5))^2)/(($EK$5*COS($EO$5))^2+($EK$6*SIN($EO$5))^2))/$EK$7) -> 4191.2727 | EQ43: =IF($EO$7=EK43,"Yes","No") -> No | ER43: =VLOOKUP(EB43,Data1!$G$405:$H$471,2) -> Small | ET43: =IF(EU43>0,SUM(EU$13:EU43),"") | EU43: =IF(AND(ER43="Large",OR($ER$5="NA",$ER$6="NA",$ER$7="NA")),0,IF(AND(EP43<IF(LDA_Notice="LDA",IF(ER43="Small",N($EP$5)+N($EP$8),IF(ER43="Medium",N($EQ$5)+N($EQ$8),N($ER$5)+N($ER$8))),IF(EM43=">30",IF(ER43="Small",N($EP$6)+N($EP$8),IF(ER43="Medium",N($EQ$6)+N($EQ$8),N($ER$6)+N($ER$8))),IF(ER43="Small",N($EP$7)+N($EP$8),IF(ER43="Medium",N($EQ$7)+N($EQ$8),N($ER$7)+N($ER$8))))),EQ43="Yes",OR(IFERROR(FIND("- site",EJ43),0)=0,$EV$11="No",AND(IFERROR(FIND("- site",EJ43),0)>0,EN43=1)),OR(Proximity_list_related<>"Yes",AND(Proximity_list_related="Yes",EJ43<>Prox_List_Related_Disregard_1,EJ43<>Prox_List_Related_Disregard_2,EJ43<>Prox_List_Related_Disregard_3,EJ43<>Prox_List_Related_Disregard_4,EJ43<>Prox_List_Related_Disregard_5))),1,0)) -> 0 | EV43: =IF(AND($EV$11="Yes",IFERROR(FIND("- Site",EJ43),0)>0,EN43=1)=FALSE,EJ43,LEFT(EJ43,LEN(EJ43)-(LEN(EJ43)-FIND("- Site",EJ43)+1))) -> Lafayette - Serenity at Holly Park
A44: 33068 | B44: Broward | F44: 699.06 | G44: Brevard | I44: 9514.02 | J44: Putnam | L44: 1108 | M44: Alachua | R44: {=IFERROR(IF($R$11="Metro",INDEX($F$13:$F$829,SMALL(IF((County=$G$13:$G$829),MATCH(ROW($G$13:$G$829),ROW($G$13:$G$829)),""),ROWS($A$13:A44))),INDEX($I$13:$I$44,SMALL(IF((County=$J$13:$J$44),MATCH(ROW($J$13:$J$44),ROW($J$13:$J$44)),""),ROWS($A$13:A44)))),"")} | T44: {=IFERROR(IF($T$11="Yes",INDEX($L$13:$L$2813,SMALL(IF((County=$M$13:$M$2813),MATCH(ROW($M$13:$M$2813),ROW($M$13:$M$2813)),""),ROWS($A$13:A44))),""),"")} | V44: {=IFERROR(IF($T$11="Yes",INDEX($O$14:$O$2811,SMALL(IF((County=$P$14:$P$2811),MATCH(ROW($P$14:$P$2811),ROW($P$14:$P$2811)),""),ROWS($A$13:A44))),""),"")} | X44: 32227 | Y44: Duval | AA44: 3.02 | AB44: Marion | AD44: 9724 | AE44: Monroe | AG44: 1.44 | AH44: Miami-Dade | AM44: 33322 | AN44: Broward | AR44: 645 | AS44: Brevard | AU44: 302 | AV44: Taylor | AX44: 401.01 | AY44: Baker | BA44: {=IFERROR(IF($BA$11="Metro",INDEX($AR$13:$AR$814,SMALL(IF((County=$AS$13:$AS$814),MATCH(ROW($AS$13:$AS$814),ROW($AS$13:$AS$814)),""),ROWS($A$13:$A44))),INDEX($AU$13:$AU$48,SMALL(IF((County=$AV$13:$AV$48),MATCH(ROW($AV$13:$AV$48),ROW($AV$13:$AV$48)),""),ROWS($A$13:$A44)))),"")} | BC44: {=IFERROR(IF($BC$11="Yes",INDEX($AX$13:$AX$2950,SMALL(IF((County=$AY$13:$AY$2950),MATCH(ROW($AY$13:$AY$2950),ROW($AY$13:$AY$2950)),""),ROWS($A$13:$A44))),""),"")} | BE44: 32456 | BF44: Gulf | BH44: 2.27 | BI44: Miami-Dade | BK44: 700 | BL44: Putnam | BN44: 1.44 | BO44: Miami-Dade | BQ44: 33073 | BR44: Broward | BV44: 18.13 | BW44: Alachua | BY44: 104.06 | BZ44: DeSoto | CB44: 401.02 | CC44: Baker | CE44: {=IFERROR(IF($CE$11="Metro",INDEX($BV$13:$BV$4972,SMALL(IF((County=$BW$13:$BW$4972),MATCH(ROW($BW$13:$BW$4972),ROW($BW$13:$BW$4972)),""),ROWS($A$13:$A44))),INDEX($BY$13:$BY$212,SMALL(IF((County=$BZ$13:$BZ$212),MATCH(ROW($BZ$13:$BZ$212),ROW($BZ$13:$BZ$212)),""),ROWS($A$13:$A44)))),"")} | CG44: {=IFERROR(IF($CG$11="Yes",INDEX($CB$13:$CB$2950,SMALL(IF((County=$CC$13:$CC$2950),MATCH(ROW($CC$13:$CC$2950),ROW($CC$13:$CC$2950)),""),ROWS($A$13:$A44))),""),"")} | CI44: 32541 | CJ44: Okaloosa | CL44: 1.27 | CM44: Miami-Dade | CO44: 104.06 | CP44: DeSoto | CR44: 1.44 | CS44: Miami-Dade | CU44: 33308 | CV44: Broward | CZ44: 626 | DA44: Brevard | DC44: 9512 | DD44: Putnam | DF44: 401.01 | DG44: Baker | DI44: {=IFERROR(IF($DI$11="Metro",INDEX($CZ$13:$CZ$929,SMALL(IF((County=$DA$13:$DA$929),MATCH(ROW($DA$13:$DA$929),ROW($DA$13:$DA$929)),""),ROWS($A$13:$A44))),INDEX($DC$13:$DC$212,SMALL(IF((County=$DD$13:$DD$212),MATCH(ROW($DD$13:$DD$212),ROW($DD$13:$DD$212)),""),ROWS($A$13:$A44)))),"")} | DK44: {=IFERROR(IF($DK$11="Yes",INDEX($DF$13:$DF$2838,SMALL(IF((County=$DG$13:$DG$2838),MATCH(ROW($DG$13:$DG$2838),ROW($DG$13:$DG$2838)),""),ROWS($A$13:$A44))),""),"")} | DM44: 32410 | DN44: Bay | DP44: 3.02 | DQ44: Hillsborough | DS44: 9702.01 | DT44: Hardee | DV44: 1.43 | DW44: Miami-Dade | EB44: Lake | EC44: =VLOOKUP(EB44,Data1!$A$405:$H$471,8) -> Medium | ED44: 2025-035C | EE44: Lake Saunders Apartments | EF44: 28.813424 | EG44: -81.687234 | EH44: F | EI44: N | EJ44: =EB44&" - "&EE44 -> Lake - Lake Saunders Apartments | EK44: =IF(EH44="F","Family",IF(EH44="E","Elderly Non-ALF",IF(EH44="ALF","Elderly ALF",IF(EH44="W","Workforce",IF(EH44="F,F","Farm/Fishing Worker",""))))) -> Family | EL44: ="("&EF44&", "&EG44&")" -> (28.813424, -81.687234) | EM44: =IF(EI44="N",">30",IF(EI44="Y","<31","")) -> >30 | EN44: =IF(AND($EV$11="Yes",_xlfn.MINIFS($EP$13:$EP$76,$EO$13:$EO$76,$EO44)=EP44,IFERROR(FIND("- Site",EJ44),0)>0),1,"") | EO44: =IF(IFERROR(FIND("- site",EJ44),0)=0,EJ44,LEFT(EJ44,IFERROR(FIND("- site",EJ44),0)-2)) -> Lake - Lake Saunders Apartments | EP44: =IF($EF44=0,0,2*ATAN2(SQRT(1-SIN(ABS($EF44-$EO$5)*PI()/180/2)^2+COS($EO$5*PI()/180)*COS($EF44*PI()/180)*SIN(ABS($EG44-$EO$6)*PI()/180/2)^2),SQRT(SIN(ABS($EF44-$EO$5)*PI()/180/2)^2+COS($EO$5*PI()/180)*COS($EF44*PI()/180)*SIN(ABS($EG44-$EO$6)*PI()/180/2)^2))*SQRT((($EK$5^2*COS($EO$5))^2+($EK$6^2*SIN($EO$5))^2)/(($EK$5*COS($EO$5))^2+($EK$6*SIN($EO$5))^2))/$EK$7) -> 4146.488 | EQ44: =IF($EO$7=EK44,"Yes","No") -> No | ER44: =VLOOKUP(EB44,Data1!$G$405:$H$471,2) -> Medium | ET44: =IF(EU44>0,SUM(EU$13:EU44),"") | EU44: =IF(AND(ER44="Large",OR($ER$5="NA",$ER$6="NA",$ER$7="NA")),0,IF(AND(EP44<IF(LDA_Notice="LDA",IF(ER44="Small",N($EP$5)+N($EP$8),IF(ER44="Medium",N($EQ$5)+N($EQ$8),N($ER$5)+N($ER$8))),IF(EM44=">30",IF(ER44="Small",N($EP$6)+N($EP$8),IF(ER44="Medium",N($EQ$6)+N($EQ$8),N($ER$6)+N($ER$8))),IF(ER44="Small",N($EP$7)+N($EP$8),IF(ER44="Medium",N($EQ$7)+N($EQ$8),N($ER$7)+N($ER$8))))),EQ44="Yes",OR(IFERROR(FIND("- site",EJ44),0)=0,$EV$11="No",AND(IFERROR(FIND("- site",EJ44),0)>0,EN44=1)),OR(Proximity_list_related<>"Yes",AND(Proximity_list_related="Yes",EJ44<>Prox_List_Related_Disregard_1,EJ44<>Prox_List_Related_Disregard_2,EJ44<>Prox_List_Related_Disregard_3,EJ44<>Prox_List_Related_Disregard_4,EJ44<>Prox_List_Related_Disregard_5))),1,0)) -> 0 | EV44: =IF(AND($EV$11="Yes",IFERROR(FIND("- Site",EJ44),0)>0,EN44=1)=FALSE,EJ44,LEFT(EJ44,LEN(EJ44)-(LEN(EJ44)-FIND("- Site",EJ44)+1))) -> Lake - Lake Saunders Apartments
